Workbook
Name codigo2: #REF!
Name codigo2: #REF!
Name codigo2: #REF!
Name codigo2: #REF!
Name PEDESTAL_PARA_CERQUITE: #REF!
Name PEDESTAL_PARA_CERQUITE: #REF!
Name PEDESTAL_PARA_CERQUITE: #REF!
Name PEDESTAL_PARA_CERQUITE: #REF!

Sheet SÍNTESE
B3: SÍNTESE
B4: SERVIÇO* | C4: QUANTIDADE | D4: UNIDADE | E4: PREÇO UNITÁRIO | F4: PREÇO MENSAL | G4: PREÇO ANUAL (12 MESES)
B5: ='1.VARRICAO_MAN'!B2 -> 1) VARRIÇÃO MANUAL DE VIAS E LOGRADOUROS PÚBLICOS | C5: ='1.VARRICAO_MAN'!E212 -> 1104.03 | D5: km/mês | E5: ='1.VARRICAO_MAN'!E213 -> 214.37 | F5: ='1.VARRICAO_MAN'!E208 -> 236681.59 | G5: =F5*12 -> 2840179.1
B6: 2) ROÇADA MECANIZADA, CAPINA MANUAL E RASPAGEM | C6: ='2.ROC_MEC_CAP_RASP'!F618 -> 508028.48 | D6: m²/mês | E6: ='2.ROC_MEC_CAP_RASP'!F619 -> 0.38 | F6: ='2.ROC_MEC_CAP_RASP'!F617 -> 197642.2 | G6: =F6*12 -> 2371706.4
B7: 3) PINTURA DE MEIO-FIO | C7: ='3.PINTURA_MEIO-FIO'!F240 -> 59405 | D7: m/mês | E7: ='3.PINTURA_MEIO-FIO'!F241 -> 1.29 | F7: ='3.PINTURA_MEIO-FIO'!F236 -> 77044.93 | G7: =F7*12 -> 924539.16
B8: 4) LIMPEZA DE FEIRAS, EVENTOS, PARQUES E PRAÇAS | C8: ='4.LIMP_EVENTOS'!F192 -> 327515.38 | D8: m²/mês | E8: ='4.LIMP_EVENTOS'!F193 -> 0.11 | F8: ='4.LIMP_EVENTOS'!F188 -> 38560.67 | G8: =F8*12 -> 462728.04
B9: 5) COLETA DOS RESÍDUOS GERADOS | C9: 1 | D9: R$/equipe.mês | E9: =F9 -> 176935.37 | F9: =ANEXO_IIIa_COLETA_TRANSP_SEDE!F295 -> 176935.37 | G9: =F9*12 -> 2123224.4
B10: 6) ADMINISTRATIVO LOCAL | C10: 0 | D10: 0 | E10: 0 | F10: =E10*C10 -> 0 | G10: =F10*12 -> 0
E11: TOTAL | F11: =SUM(F5:F10) -> 726864.76 | G11: =SUM(G5:G10) -> 8722377.2
B12: *Os custos com o administrativo local está rateado nos demais serviços contratados

Sheet TR
C2: Mês | D2: Ano | F2: FERRAMENTAS | G2: Quant. | M2: EPI'S | N2: Quant. | P2: VEÍCULOS | S2: VEÍCULOS | T2: Quant. | Z2: EPC's | AA2: Quant.
B3: Vassourão | C3: ='1.VARRICAO_MAN'!H52 -> 40 | D3: =C3*12 -> 480 | F3: Balde | G3: =ROUNDUP(SUMIF($B$3:$B$38,F3,$D$3:$D$38),0) -> 8 | I3: Jaqueta com reflexivo | J3: 3.58 | K3: =J3*12 -> 42.96 | M3: Boné de brim | N3: =ROUNDUP(SUMIF($I$3:$I$73,M3,$K$3:$K$73),0) -> 200 | P3: Lutocar | Q3: ='1.VARRICAO_MAN'!H60 -> 20 | S3: Caminhão truck | T3: =ANEXO_IIIa_COLETA_TRANSP_SEDE!H53 -> 2 | V3: Recipiente térmico para água (5L) | W3: ='1.VARRICAO_MAN'!H78 -> 0.6 | X3: =W3*12 -> 7.2 | Z3: Bandeirola | AA3: =ROUNDUP(SUMIF($V$3:$V$22,Z3,$X$3:$X$22),0) -> 13
B4: Vassoura de aço | C4: ='1.VARRICAO_MAN'!H53 -> 0 | D4: =C4*12 -> 0 | F4: Cal (saco - 8kg) | G4: =ROUNDUP(SUMIF($B$3:$B$38,F4,$D$3:$D$38),0) -> 22812 | I4: Calça de brim | J4: 10.75 | K4: =J4*12 -> 129 | M4: Boné Roçador C/ Protetor Facial | N4: =ROUNDUP(SUMIF($I$3:$I$73,M4,$K$3:$K$73),0) -> 10 | P4: Roçadeira costal | Q4: ='2.ROC_MEC_CAP_RASP'!H47 -> 8 | S4: Lutocar | T4: =SUMIF($P$3:$P$9,S4,$Q$3:$Q$9) -> 23 | V4: Cone de sinalização | W4: ='1.VARRICAO_MAN'!H79 -> 1.78 | X4: =W4*12 -> 21.36 | Z4: Cavalete de sinalização | AA4: =ROUNDUP(SUMIF($V$3:$V$22,Z4,$X$3:$X$22),0) -> 1
B5: Pá | C5: ='1.VARRICAO_MAN'!H54 -> 0.08 | D5: =C5*12 -> 0.96 | F5: carrinho de mão | G5: =ROUNDUP(SUMIF($B$3:$B$38,F5,$D$3:$D$38),0) -> 14 | I5: Camiseta manga longa com faixa reflexiva | J5: 10.75 | K5: =J5*12 -> 129 | M5: Botina De segurança c/ ponta E biqueira com sola antiderrapante | N5: =ROUNDUP(SUMIF($I$3:$I$73,M5,$K$3:$K$73),0) -> 300 | P5: ='2.ROC_MEC_CAP_RASP'!B244 -> Roçadeira costal | Q5: ='2.ROC_MEC_CAP_RASP'!H244 -> 2 | S5: Mini trator | T5: =SUMIF($P$3:$P$9,S5,$Q$3:$Q$9) -> 1 | V5: Recipiente térmico para água (5L) | W5: ='2.ROC_MEC_CAP_RASP'!H68 -> 0.24 | X5: =W5*12 -> 2.88 | Z5: Cone de sinalização | AA5: =ROUNDUP(SUMIF($V$3:$V$22,Z5,$X$3:$X$22),0) -> 48
B6: Sacos plásticos | C6: ='1.VARRICAO_MAN'!H55 -> 10132 | D6: =C6*12 -> 121584 | F6: enxada | G6: =ROUNDUP(SUMIF($B$3:$B$38,F6,$D$3:$D$38),0) -> 28 | I6: Boné de brim | J6: 7.16 | K6: =J6*12 -> 85.92 | M6: Calça de brim | N6: =ROUNDUP(SUMIF($I$3:$I$73,M6,$K$3:$K$73),0) -> 300 | P6: ='2.ROC_MEC_CAP_RASP'!B245 -> Mini trator | Q6: ='2.ROC_MEC_CAP_RASP'!H245 -> 1 | S6: Motos | T6: ='6.ADM'!H57 -> 1 | V6: Tela de proteção | W6: ='2.ROC_MEC_CAP_RASP'!H69 -> 0.66 | X6: =W6*12 -> 7.92 | Z6: Recipiente térmico para água (5L) | AA6: =ROUNDUP(SUMIF($V$3:$V$22,Z6,$X$3:$X$22),0) -> 26
B7: carrinho de mão | C7: ='2.ROC_MEC_CAP_RASP'!H35 -> 0.67 | D7: =C7*12 -> 8.04 | F7: foice | G7: =ROUNDUP(SUMIF($B$3:$B$38,F7,$D$3:$D$38),0) -> 1 | I7: Botina De segurança c/ ponta E biqueira com sola antiderrapante | J7: 10.75 | K7: =J7*12 -> 129 | M7: Camiseta manga longa com faixa reflexiva | N7: =ROUNDUP(SUMIF($I$3:$I$73,M7,$K$3:$K$73),0) -> 300 | P7: Trator | Q7: ='3.PINTURA_MEIO-FIO'!H37 -> 1 | S7: Ônibus | T7: ='6.ADM'!H55 -> 1 | V7: Cone de sinalização | W7: ='2.ROC_MEC_CAP_RASP'!H70 -> 0.35 | X7: =W7*12 -> 4.2 | Z7: Tela de proteção | AA7: =ROUNDUP(SUMIF($V$3:$V$22,Z7,$X$3:$X$22),0) -> 10
B8: enxada | C8: ='2.ROC_MEC_CAP_RASP'!H36 -> 0 | D8: =C8*12 -> 0 | F8: Pá | G8: =ROUNDUP(SUMIF($B$3:$B$38,F8,$D$3:$D$38),0) -> 23 | I8: Capa de chuva amarela com reflexivo | J8: 7.16 | K8: =J8*12 -> 85.92 | M8: Capa de chuva amarela com reflexivo | N8: =ROUNDUP(SUMIF($I$3:$I$73,M8,$K$3:$K$73),0) -> 200 | P8: Reboque | Q8: ='3.PINTURA_MEIO-FIO'!H38 -> 1 | S8: Reboque | T8: =SUMIF($P$3:$P$9,S8,$Q$3:$Q$9) -> 1 | V8: Bandeirola | W8: ='2.ROC_MEC_CAP_RASP'!H71 -> 0.04 | X8: =W8*12 -> 0.48
B9: foice | C9: ='2.ROC_MEC_CAP_RASP'!H37 -> 0 | D9: =C9*12 -> 0 | F9: pás | G9: =ROUNDUP(SUMIF($B$3:$B$38,F9,$D$3:$D$38),0) -> 10 | I9: Colete reflexivo | J9: 7.16 | K9: =J9*12 -> 85.92 | M9: Colete reflexivo | N9: =ROUNDUP(SUMIF($I$3:$I$73,M9,$K$3:$K$73),0) -> 200 | P9: Lutocar | Q9: ='4.LIMP_EVENTOS'!H39 -> 3 | S9: Roçadeira costal | T9: =SUMIF($P$3:$P$9,S9,$Q$3:$Q$9) -> 10 | V9: Cavalete de sinalização | W9: ='2.ROC_MEC_CAP_RASP'!H72 -> 0.04 | X9: =W9*12 -> 0.48
B10: pás | C10: ='2.ROC_MEC_CAP_RASP'!H38 -> 0.67 | D10: =C10*12 -> 8.04 | F10: Recipiente para Gasolina com bico 20L | G10: =ROUNDUP(SUMIF($B$3:$B$38,F10,$D$3:$D$38),0) -> 4 | I10: Luva Tricotada com revestimento nitrílico | J10: 28.66 | K10: =J10*12 -> 343.92 | M10: Jaqueta com reflexivo | N10: =ROUNDUP(SUMIF($I$3:$I$73,M10,$K$3:$K$73),0) -> 83 | S10: Trator | T10: =SUMIF($P$3:$P$9,S10,$Q$3:$Q$9) -> 1 | V10: Recipiente térmico para água (5L) | W10: ='2.ROC_MEC_CAP_RASP'!H267 -> 0.12 | X10: =W10*12 -> 1.44
B11: vassourão | C11: ='2.ROC_MEC_CAP_RASP'!H39 -> 0.67 | D11: =C11*12 -> 8.04 | F11: Sacos plásticos | G11: =ROUNDUP(SUMIF($B$3:$B$38,F11,$D$3:$D$38),0) -> 209733 | I11: Protetor solar FPS 30 | J11: 43 | K11: =J11*12 -> 516 | M11: Jaqueta com reflexivo | N11: =ROUNDUP(SUMIF($I$3:$I$73,M11,$K$3:$K$73),0) -> 17 | S11: Vans | T11: ='6.ADM'!H56 -> 1 | V11: Tela de proteção | W11: ='2.ROC_MEC_CAP_RASP'!H268 -> 0.17 | X11: =W11*12 -> 2.04
B12: vassoura de aço | C12: ='2.ROC_MEC_CAP_RASP'!H40 -> 2 | D12: =C12*12 -> 24 | F12: Trincha | G12: =ROUNDUP(SUMIF($B$3:$B$38,F12,$D$3:$D$38),0) -> 8 | I12: Jaqueta com reflexivo | J12: 1.41 | K12: =J12*12 -> 16.92 | M12: Luva Tricotada com revestimento nitrílico | N12: =ROUNDUP(SUMIF($I$3:$I$73,M12,$K$3:$K$73),0) -> 800 | V12: Cone de sinalização | W12: ='2.ROC_MEC_CAP_RASP'!H269 -> 0.09 | X12: =W12*12 -> 1.08
B13: Sacos plásticos | C13: ='2.ROC_MEC_CAP_RASP'!H41 -> 4052.8 | D13: =C13*12 -> 48633.6 | F13: vassoura | G13: =ROUNDUP(SUMIF($B$3:$B$38,F13,$D$3:$D$38),0) -> 4 | I13: Calça de Brim | J13: 4.25 | K13: =J13*12 -> 51 | M13: Máscara tripla | N13: =ROUNDUP(SUMIF($I$3:$I$73,M13,$K$3:$K$73),0) -> 2 | V13: Cavalete de sinalização | W13: ='2.ROC_MEC_CAP_RASP'!H270 -> 0.01 | X13: =W13*12 -> 0.12
B14: Recipiente para Gasolina com bico 20L | C14: ='2.ROC_MEC_CAP_RASP'!H42 -> 0.24 | D14: =C14*12 -> 2.88 | F14: Vassoura de aço | G14: =ROUNDUP(SUMIF($B$3:$B$38,F14,$D$3:$D$38),0) -> 53 | I14: Camiseta manga longa com faixa reflexiva | J14: 4.25 | K14: =J14*12 -> 51 | M14: Óculos de Proteção | N14: =ROUNDUP(SUMIF($I$3:$I$73,M14,$K$3:$K$73),0) -> 11 | V14: Recipiente térmico para água (5L) | W14: ='2.ROC_MEC_CAP_RASP'!H496 -> 0.13 | X14: =W14*12 -> 1.56
B15: Balde | C15: ='3.PINTURA_MEIO-FIO'!H29 -> 0.66 | D15: =C15*12 -> 7.92 | F15: Vassourão | G15: =ROUNDUP(SUMIF($B$3:$B$38,F15,$D$3:$D$38),0) -> 613 | I15: Boné de Brim | J15: 2.83 | K15: =J15*12 -> 33.96 | M15: Protetor auricular | N15: =ROUNDUP(SUMIF($I$3:$I$73,M15,$K$3:$K$73),0) -> 11 | V15: Recipiente térmico para água (5L) | W15: ='3.PINTURA_MEIO-FIO'!H57 -> 0.13 | X15: =W15*12 -> 1.56
B16: Trincha | C16: ='3.PINTURA_MEIO-FIO'!H30 -> 0.66 | D16: =C16*12 -> 7.92 | I16: Botina De Segurança C/ Ponta E Biqueira Com Sola Antiderrapante | J16: 4.25 | K16: =J16*12 -> 51 | M16: Protetor solar FPS 30 | N16: =ROUNDUP(SUMIF($I$3:$I$73,M16,$K$3:$K$73),0) -> 1200 | V16: Cone de sinalização | W16: ='3.PINTURA_MEIO-FIO'!H58 -> 0.35 | X16: =W16*12 -> 4.2
B17: vassoura | C17: ='3.PINTURA_MEIO-FIO'!H31 -> 0.33 | D17: =C17*12 -> 3.96 | I17: Capa de chuva amarela com reflexivo | J17: 2.83 | K17: =J17*12 -> 33.96 | V17: Recipiente térmico para água (5L) | W17: ='4.LIMP_EVENTOS'!H57 -> 0.09 | X17: =W17*12 -> 1.08
B18: Cal (saco - 8kg) | C18: ='3.PINTURA_MEIO-FIO'!H32 -> 1900.96 | D18: =C18*12 -> 22811.52 | I18: Colete reflexivo | J18: 2.83 | K18: =J18*12 -> 33.96 | V18: Cone de sinalização | W18: ='4.LIMP_EVENTOS'!H58 -> 0.26 | X18: =W18*12 -> 3.12
B19: vassourão | C19: ='4.LIMP_EVENTOS'!H31 -> 6 | D19: =C19*12 -> 72 | I19: Luva Tricotada com revestimento Nitrílico | J19: 11.33 | K19: =J19*12 -> 135.96 | V19: Recipiente térmico para água (5L) | W19: =ANEXO_IIIa_COLETA_TRANSP_SEDE!H46 -> 0.83 | X19: =W19*12 -> 9.96
B20: vassoura de aço | C20: ='4.LIMP_EVENTOS'!H32 -> 0 | D20: =C20*12 -> 0 | I20: Protetor solar FPS 30 | J20: 17 | K20: =J20*12 -> 204 | V20: Cone de sinalização | W20: =ANEXO_IIIa_COLETA_TRANSP_SEDE!H47 -> 1 | X20: =W20*12 -> 12
B21: pá | C21: ='4.LIMP_EVENTOS'!H33 -> 0.08 | D21: =C21*12 -> 0.96 | I21: Óculos de Proteção | J21: 0.66 | K21: =J21*12 -> 7.92 | V21: Bandeirola | W21: =ANEXO_IIIa_COLETA_TRANSP_SEDE!H48 -> 1 | X21: =W21*12 -> 12
B22: sacos plásticos | C22: ='4.LIMP_EVENTOS'!H34 -> 1519.8 | D22: =C22*12 -> 18237.6 | I22: Protetor auricular | J22: 0.66 | K22: =J22*12 -> 7.92 | V22: Cone de sinalização | W22: ='6.ADM'!H50 -> 0.16666667 | X22: =W22*12 -> 2
B23: vassourão | C23: =ANEXO_IIIa_COLETA_TRANSP_SEDE!H32 -> 2 | D23: =C23*12 -> 24 | I23: Boné Roçador C/ Protetor Facial | J23: 0.66 | K23: =J23*12 -> 7.92
B24: pá | C24: =ANEXO_IIIa_COLETA_TRANSP_SEDE!H33 -> 1 | D24: =C24*12 -> 12 | I24: Jaqueta com reflexivo | J24: 0.75 | K24: =J24*12 -> 9
B25: carrinho de mão | C25: 0.08 | D25: =C25*12 -> 0.96 | I25: Calça de Brim | J25: 2.25 | K25: =J25*12 -> 27
B26: enxada | C26: 0.04 | D26: =C26*12 -> 0.48 | I26: Camiseta manga longa com faixa reflexiva | J26: 2.25 | K26: =J26*12 -> 27
B27: foice | C27: 0.02 | D27: =C27*12 -> 0.24 | I27: Boné de Brim | J27: 1.5 | K27: =J27*12 -> 18
B28: pás | C28: 0.12 | D28: =C28*12 -> 1.44 | I28: Botina De Segurança C/ Ponta E Biqueira Com Sola Antiderrapante | J28: 2.25 | K28: =J28*12 -> 27
B29: vassourão | C29: 0.15 | D29: =C29*12 -> 1.8 | I29: Capa de chuva amarela com reflexivo | J29: 1.5 | K29: =J29*12 -> 18
B30: vassoura de aço | C30: 0.15 | D30: =C30*12 -> 1.8 | I30: Colete reflexivo | J30: 1.5 | K30: =J30*12 -> 18
B31: Sacos plásticos | C31: 1773.1 | D31: =C31*12 -> 21277.2 | I31: Luva Tricotada com revestimento Nitrílico | J31: 6 | K31: =J31*12 -> 72
B32: Recipiente para Gasolina com bico 20L | C32: 0.03 | D32: =C32*12 -> 0.36 | I32: Protetor solar FPS 30 | J32: 9 | K32: =J32*12 -> 108
B33: carrinho de mão | C33: 0.38 | D33: =C33*12 -> 4.56 | I33: Óculos de Proteção | J33: 0.25 | K33: =J33*12 -> 3
B34: enxada | C34: 2.25 | D34: =C34*12 -> 27 | I34: Boné Roçador C/ Protetor Facial | J34: 0.16 | K34: =J34*12 -> 1.92
B35: enxadão | C35: 0.75 | D35: =C35*12 -> 9 | I35: Máscara tripla | J35: 0.08 | K35: =J35*12 -> 0.96
B36: pá | C36: 0.75 | D36: =C36*12 -> 9 | I36: Protetor auricular | J36: 0.25 | K36: =J36*12 -> 3
... B38: vassoura de aço | C38: 2.25 | D38: =C38*12 -> 27 | I38: Calça de Brim | J38: 2.5 | K38: =J38*12 -> 30
I39: Camiseta manga longa com faixa reflexiva | J39: 2.5 | K39: =J39*12 -> 30
I40: Boné de Brim | J40: 1.66 | K40: =J40*12 -> 19.92
I41: Botina De Segurança C/ Ponta E Biqueira Com Sola Antiderrapante | J41: 2.5 | K41: =J41*12 -> 30
I42: Capa de chuva amarela com reflexivo | J42: 1.66 | K42: =J42*12 -> 19.92
I43: Colete reflexivo | J43: 1.66 | K43: =J43*12 -> 19.92
I44: Luva Tricotada com revestimento Nitrílico | J44: 6.66 | K44: =J44*12 -> 79.92
I45: Protetor solar FPS 30 | J45: 10 | K45: =J45*12 -> 120
I46: Jaqueta com reflexivo | J46: 0.83 | K46: =J46*12 -> 9.96
I47: Calça de Brim | J47: 2.5 | K47: =J47*12 -> 30
I48: Camiseta manga longa com faixa reflexiva | J48: 2.5 | K48: =J48*12 -> 30
I49: Boné de Brim | J49: 1.66 | K49: =J49*12 -> 19.92
I50: Botina De Segurança C/ Ponta E Biqueira Com Sola Antiderrapante | J50: 2.5 | K50: =J50*12 -> 30
... I73: Protetor solar FPS 30 | J73: 8 | K73: =J73*12 -> 96

Sheet 1.VARRICAO_MAN
B2: 1) VARRIÇÃO MANUAL DE VIAS E LOGRADOUROS PÚBLICOS | L2: REFERÊNCIAS
B3: 1.1) Demanda | G3: Dias úteis p/ mês | H3: 25.33
B4: Tabela 1.1 - Extensão de vias por dia da semana
B5: Setores | C5: Segunda | D5: Terça | E5: Quarta | F5: Quinta | G5: Sexta | H5: Sábado
B6: 1 | C6: 0 | D6: 0 | E6: 0 | F6: 0 | G6: 0 | H6: 1.751597
B7: 2 | C7: 0 | D7: 6.3358067 | E7: 0 | F7: 0 | G7: 6.3358067 | H7: 0
B8: 3 | C8: 0 | D8: 13.189644 | E8: 0 | F8: 13.189644 | G8: 0 | H8: 13.189644
B9: 4 | C9: 0 | D9: 8.9587878 | E9: 0 | F9: 0 | G9: 8.9587878 | H9: 0
B10: 5 | C10: 0 | D10: 13.142653 | E10: 0 | F10: 0 | G10: 13.142653 | H10: 0
B11: 6 | C11: 0 | D11: 8.8687875 | E11: 0 | F11: 8.8687875 | G11: 0 | H11: 0
B12: 7 | C12: 22.003444 | D12: 0 | E12: 22.003444 | F12: 0 | G12: 22.003444 | H12: 22.003444
B13: 8 | C13: 16.471624 | D13: 0 | E13: 0 | F13: 16.471624 | G13: 0 | H13: 0
B14: 9 | C14: 13.203929 | D14: 0 | E14: 0 | F14: 13.203929 | G14: 0 | H14: 0
B15: 10 | C15: 0 | D15: 0 | E15: 7.5960664 | F15: 0 | G15: 0 | H15: 7.5960664
B16: 11 | C16: 0 | D16: 0 | E16: 7.0025138 | F16: 0 | G16: 0 | H16: 7.0025138
B17: 12 | C17: 0 | D17: 0 | E17: 6.551905 | F17: 0 | G17: 0 | H17: 0
... B19: 14 | C19: 0 | D19: 0 | E19: 2.8017818 | F19: 0 | G19: 0 | H19: 0
B20: TOTAL (VIAS) | C20: 51.678998 | D20: 50.495678 | E20: 49.982017 | F20: 51.733984 | G20: 50.440692 | H20: 49.77
G22: Extensão média de vias a serem varridas (m/dia) (d) = | H22: =AVERAGE(C20:H20,1)*1000 -> 43585.91
B24: Geração média de resíduos por quilômetros | D24: 60 | E24: kg/km | L24: *Fonte:
G26: Geração média de resíduos (t/ano) = | H26: =ROUND(SUM(C20:H20)*52*D24/1000,2) -> 948.8
B28: 1.1.1) Equipe
B29: Tabela 1.2 - Extensão a ser varrida por dia
B30: Classificação | C30: =C5 -> Segunda | D30: =D5 -> Terça | E30: =E5 -> Quarta | F30: =F5 -> Quinta | G30: =G5 -> Sexta | H30: =H5 -> Sábado
B31: Baixa | C31: =C12 -> 22.003444 | D31: =D12 -> 0 | E31: =E12 -> 22.003444 | F31: =F12 -> 0 | G31: =G12 -> 22.003444 | H31: =H12 -> 22.003444
B32: Média | C32: =C20-C31 -> 29.675553 | D32: =D20-D31 -> 50.495678 | E32: =E20-E31 -> 27.978573 | F32: =F20-F31 -> 51.733984 | G32: =G20-G31 -> 28.437247 | H32: =H20-H31 -> 27.766556
B34: Tabela 1.3 - Dimensionamento do n° de Agentes por dia
C35: Segunda | D35: Terça | E35: Quarta | F35: Quinta | G35: Sexta | H35: Sábado
B36: N° de Duplas | C36: =ROUNDUP(((C$31*1000)/$E$40)+((C$32*1000)/$E$39),0) -> 20 | D36: =ROUNDUP(((D$31*1000)/$E$40)+((D$32*1000)/$E$39),0) -> 17 | E36: =ROUNDUP(((E$31*1000)/$E$40)+((E$32*1000)/$E$39),0) -> 20 | F36: =ROUNDUP(((F$31*1000)/$E$40)+((F$32*1000)/$E$39),0) -> 18 | G36: =ROUNDUP(((G$31*1000)/$E$40)+((G$32*1000)/$E$39),0) -> 20 | H36: =ROUNDUP(((H$31*1000)/$E$40)+((H$32*1000)/$E$39),0) -> 20
B37: N° de Agentes | C37: =C36*2 -> 40 | D37: =D36*2 -> 34 | E37: =E36*2 -> 40 | F37: =F36*2 -> 36 | G37: =G36*2 -> 40 | H37: =H36*2 -> 40
B39: Rendimento médio do agente de limpeza pública | E39: 3000 | F39: m/dia (sarjeta) | L39: *Fonte: IBRAOP - PROC - IBR -RSU 012/2018
B40: Rendimento baixo do agente de limpeza pública | E40: 2250 | F40: m/dia | L40: *Fonte: IBRAOP - PROC - IBR -RSU 012/2018
B41: Número de encarregados de equipe por dupla | E41: =1/14 -> 0.071428571 | F41: unid./agente | L41: *Fonte: Paramétrica
B42: Reserva técnica | E42: 0
B44: N° de Agente de limpeza pública e serviços sociais | D44: =LARGE(C37:H37,1) -> 40
B45: N° de Encarregado de equipe | D45: =ROUNDUP(D44*E41,0) -> 3
B46: Reserva Técnica | D46: 0
B47: N° total de funcionários | D47: =SUM(D44:D46) -> 43
B49: 1.1.2) Ferramentas, equipamentos e EPI's
B50: Ferramentas
B51: Item | E51: Parâmetros | H51: Quant. Mês
B52: Vassourão | E52: 12 | F52: unid./agente.ano | H52: =TRUNC(E52*D44/12,2) -> 40 | L52: *Fonte: IBRAOP - PROC - IBR -RSU 012/2018
B53: Vassoura de aço | E53: 0 | F53: unid./agente | H53: =TRUNC(E53*D44/12,2) -> 0 | L53: *Fonte: IBRAOP - PROC - IBR -RSU 012/2018
B54: Pá | E54: 1 | F54: unid./lutocar.ano | H54: =TRUNC(E54*E60/12,2) -> 0.08 | L54: *Fonte: IBRAOP - PROC - IBR -RSU 012/2018
B55: Sacos plásticos | E55: 10 | F55: unid./agente.dia | H55: =TRUNC(E55*D44*H3,2) -> 10132 | L55: *Fonte: IBRAOP - PROC - IBR -RSU 012/2018
B56: Utilizou-se o truncar com duas casas decimais
B58: Equipamentos
B59: Item | E59: Parâmetros | G59: Vida útil (meses) | H59: Quantidade
B60: Lutocar | E60: 1 | F60: unid./dupla | G60: 30 | H60: =TRUNC(E60*(D44/2),2) -> 20 | L60: *Fonte: IBRAOP - PROC - IBR -RSU 012/2018
B61: Utilizou-se o truncar com duas casas decimais
B63: EPI's
B64: Item | E64: Parâmetros | H64: Quant.mês
B65: Jaqueta com reflexivo | E65: 1 | F65: unid./funcionário/ano | H65: =TRUNC(E65*$D$47/12,2) -> 3.58 | L65: *Fonte: NBR 15.292
B66: Calça de brim | E66: 3 | F66: unid./funcionário/ano | H66: =TRUNC(E66*$D$47/12,2) -> 10.75 | L66: *Fonte: IBRAOP - PROC - IBR -RSU 012/2018
B67: Camiseta manga longa com faixa reflexiva | E67: 3 | F67: unid./funcionário/ano | H67: =TRUNC(E67*$D$47/12,2) -> 10.75 | L67: *Fonte: IBRAOP - PROC - IBR -RSU 012/2018
B68: Boné de brim | E68: 2 | F68: unid./funcionário/ano | H68: =TRUNC(E68*$D$47/12,2) -> 7.16 | L68: *Fonte: IBRAOP - PROC - IBR -RSU 012/2018
B69: Botina De segurança c/ ponta E biqueira com sola antiderrapante | E69: 3 | F69: par./funcionário/ano | H69: =TRUNC(E69*$D$47/12,2) -> 10.75 | L69: *Fonte: IBRAOP - PROC - IBR -RSU 012/2018
B70: Capa de chuva amarela com reflexivo | E70: 2 | F70: unid./funcionário/ano | H70: =TRUNC(E70*$D$47/12,2) -> 7.16 | L70: *Fonte: IBRAOP - PROC - IBR -RSU 012/2018
B71: Colete reflexivo | E71: 2 | F71: unid./funcionário/ano | H71: =TRUNC(E71*$D$47/12,2) -> 7.16 | L71: *Fonte:
B72: Luva Tricotada com revestimento nitrílico | E72: 8 | F72: par./funcionário/ano | H72: =TRUNC(E72*$D$47/12,2) -> 28.66 | L72: *Fonte: IBRAOP - PROC - IBR -RSU 012/2018 | Q72: Obs: ele cita luva de raspa
B73: Protetor solar FPS 30 | E73: 12 | F73: unid./funcionário/ano | H73: =TRUNC(E73*$D$47/12,2) -> 43 | L73: *Fonte:
B74: Utilizou-se o truncar com duas casas decimais
B76: EPC's
B77: Item | E77: Parâmetros | H77: Quant.mês
B78: Recipiente térmico para água (5L) | E78: 0.17 | F78: unid./funcionário/ano | H78: =TRUNC(E78*D47/12,2) -> 0.6 | L78: *Fonte: Paramétrica
B79: Cone de sinalização | E79: 0.536 | F79: unid./agente/ano | H79: =TRUNC(E79*$D$44/12,2) -> 1.78 | L79: *Fonte: PMI - Três lagoas
B80: Utilizou-se o truncar com duas casas decimais
B82: 1.2) CUSTO UNITÁRIO
B83: 1.2.1) Mão-de-obra
B84: 1.2.1.1) Agente de limpeza pública e serviços gerais
B85: Agente de limpeza pública e serviços gerais | H85: =H101+H103+H107+H109 -> 3271.46
B86: =CONCATENATE("Salário - ",B85) -> Salário - Agente de limpeza pública e serviços gerais | E86: mês | F86: 1 | G86: =VLOOKUP(B86,Tabela3[[#All],[descrição]:[fonte]],4,FALSE) -> 1115.69 | H86: =TRUNC(F86*G86,2) -> 1115.69
B87: Salário mínimo nacional | E87: mês | F87: 1 | G87: =VLOOKUP(B87,Tabela3[[#All],[descrição]:[fonte]],4,FALSE) -> 1045
B88: Adicional Noturno | E88: horas trabalhadas
E89: hora contabilizada | F89: =F88*8/7 -> 0 | G89: =G86/220*0.2 -> 1.0142636 | H89: =TRUNC(F89*G89,2) -> 0
B90: Horas Extras (100%) | E90: hora | G90: =G86/220*2 -> 10.142636 | H90: =TRUNC(F90*G90,2) -> 0
B91: Horas Extras Noturnas (100%) | E91: horas trabalhadas
E92: hora contabilizada | F92: =F91*8/7 -> 0 | G92: =G86/220*2*1.2 -> 12.171164 | H92: =TRUNC(F92*G92,2) -> 0
B93: Horas Extras (50%) | E93: hora | G93: =G86/220*1.5 -> 7.6069773 | H93: =TRUNC(F93*G93,2) -> 0
B94: Horas Extras Noturnas (50%) | E94: horas trabalhadas
E95: hora contabilizada | F95: =F94*8/7 -> 0 | G95: =G86/220*1.5*1.2 -> 9.1283727 | H95: =TRUNC(F95*G95,2) -> 0
B96: Descanso Semanal Remunerado (DSR) - hora extra | E96: R$ | G96: =TRUNC(((52+9)/304)*(SUM(H90:H95)),2) -> 0 | H96: =G96 -> 0
B97: Base de cálculo da Insalubridade | F97: 1
B98: Adicional de Insalubridade | E98: % | F98: =VLOOKUP(B86,Tabela3[[#All],[descrição]:[fonte]],3,FALSE) -> 40 | G98: =IF(F97=2,SUM(H86:H96),IF(F97=1,SUM(H86:H96)*G87/G86,0)) -> 1045 | H98: =TRUNC(F98*G98/100,2) -> 418
B99: Soma | H99: =SUM(H86:H98) -> 1533.69
B100: Encargos Sociais | E100: % | F100: =VLOOKUP(B100,Tabela3[[#All],[descrição]:[fonte]],4,FALSE) -> 70.49 | G100: =H99 -> 1533.69 | H100: =TRUNC(G100*F100/100,2) -> 1081.09
B101: Salário total | H101: =TRUNC(H99+H100,2) -> 2614.78
B102: Complementares
B103: Vale transporte | E103: mês/func. | F103: 1 | G103: =H106 -> 132.72 | H103: =TRUNC(G103*F103,2) -> 132.72
B104: Vale Transporte | E104: R$ | F104: 1 | G104: =VLOOKUP(B104,Tabela3[[#All],[descrição]:[fonte]],4,FALSE) -> 3.95
B105: Dias Trabalhados por mês | E105: dia | F105: =$H$3 -> 25.33
B106: =CONCATENATE("Vale Transporte - ",B85) -> Vale Transporte - Agente de limpeza pública e serviços gerais | E106: vale | F106: =F105*2*1 -> 50.66 | G106: =IF(TRUNC(IFERROR(((G104)-((G86*0.06)/(F105*2))),"-"),2)<=0,0,TRUNC(IFERROR(((G104)-((G86*0.06)/(F105*2))),"-"),2)) -> 2.62 | H106: =TRUNC(IFERROR(F106*G106,"-"),2) -> 132.72
B107: Alimentação | E107: mês/func. | F107: 1 | G107: =H108 -> 303.96 | H107: =G107*F107 -> 303.96
B108: Alimentação (Café da manhã/Almoço) | E108: unidade | F108: =F105 -> 25.33 | G108: =VLOOKUP(B108,Tabela3[[#All],[descrição]:[fonte]],4,FALSE) -> 12 | H108: =TRUNC(F108*G108,2) -> 303.96
B109: Auxilio Alimentação | E109: mês/func. | F109: 1 | G109: =VLOOKUP(B109,Tabela3[[#All],[descrição]:[fonte]],4,FALSE) -> 220 | H109: =G109*F109 -> 220
B110: Quantidade | H110: =D44 -> 40
B111: Custo total mensal (R$/mês) | H111: =H110*H85 -> 130858.4
B113: 1.2.1.2) Encarregado de equipe
B114: Encarregado de equipe | H114: =H130+H132+H136+H138 -> 3490.15
B115: =CONCATENATE("Salário - ",B114) -> Salário - Encarregado de equipe | E115: mês | F115: 1 | G115: =VLOOKUP(B115,Tabela3[[#All],[descrição]:[fonte]],4,FALSE) -> 1465.14 | H115: =TRUNC(F115*G115,2) -> 1465.14
...

Sheet 2.ROC_MEC_CAP_RASP
B2: 2) ROÇADA MECANIZADA, CAPINA MANUAL E RASPAGEM
B4: 2.1) ROÇADA COM ROÇADEIRA COSTAL
B5: 2.1.1) Demanda | G5: Dias úteis p/ mês | H5: 25.33
B7: Área anual total | E7: 1878347.4 | F7: m²
B8: Área média por mês | E8: =E7/12 -> 156528.95 | F8: m²/mês
B10: Produção | E10: 800 | F10: m²/d. roçadeira | K10: *Fonte: Paramétrica
B12: N° de Roçadeiras costais | E12: =ROUND(E8/H5/E10,0) -> 8
B14: Densidade do grama solta | E14: 250 | F14: kg/m³
B15: Volume | E15: 0.006 | F15: m³/m².ano
B16: Massa de resíduos grama | E16: =E15*E14 -> 1.5 | F16: kg/m²
B17: Área total atendida | E17: 46.20209 | F17: ha.
B19: Geração média de resíduos (t/ano) | E19: =E17*E16*10000/1000 -> 693.03135
B21: 2.1.1.1) Equipe
B23: Número de agentes de limpeza pública e serviços sociais | E23: 2 | F23: unid./roçadeira | K23: *Fonte: Paramétrica | N23: Obs: 1 roçador e 1 servente
B24: Número de encarregados de equipe | E24: 0.0625 | F24: unid./agente | K24: *Fonte: Paramétrica
B25: Reserva técnica | E25: 0
B27: N° de Agentes de limpeza pública e serviços gerais | E27: =E12*E23 -> 16
B28: N° de Encarregados de equipe | E28: =ROUND(E27*E24,0) -> 1
B29: Reserva Técnica | E29: =E25 -> 0
B30: N° total de funcionários | E30: =SUM(E26:E29) -> 17
B32: 2.1.1.2) Ferramentas, equipamentos e EPI's
B33: Ferramentas
B34: Item | E34: Parâmetro | H34: Quant.mês
B35: carrinho de mão | E35: 0.5 | F35: unid./agente.ano | H35: =ROUND($E$27*E35/12,2) -> 0.67 | K35: *Fonte: Paramétrica
B36: enxada | E36: 0 | F36: unid./agente.ano | H36: =ROUND($E$27*E36/12,2) -> 0 | K36: *Fonte: Paramétrica
B37: foice | E37: 0 | F37: unid./agente.ano | H37: =ROUND($E$27*E37/12,2) -> 0 | K37: *Fonte: Paramétrica
B38: pás | E38: 0.5 | F38: unid./agente.ano | H38: =ROUND($E$27*E38/12,2) -> 0.67 | K38: *Fonte: Paramétrica
B39: vassourão | E39: 0.5 | F39: unid./agente.ano | H39: =ROUND($E$27*E39/12,2) -> 0.67 | K39: *Fonte: Paramétrica
B40: vassoura de aço | E40: 1.5 | F40: unid./agente.ano | H40: =ROUND($E$27*E40/12,2) -> 2 | K40: *Fonte: Paramétrica
B41: Sacos plásticos | E41: 10 | F41: unid./agente.dia | H41: =ROUND($E$27*E41*H5,2) -> 4052.8 | K41: *Fonte: Paramétrica
B42: Recipiente para Gasolina com bico 20L | E42: 0.17 | F42: unid./funcionário.ano | H42: =ROUND($E$30*E42/12,2) -> 0.24 | K42: *Fonte: Paramétrica
B43: Utilizou-se o truncar com duas casas decimais
B45: Equipamentos
B46: Item | E46: Parâmetro | G46: Vida útil (meses) | H46: Quantidade
B47: Roçadeira costal | E47: 1 | F47: unid./roçador | G47: 36 | H47: =TRUNC(E47*E12,2) -> 8
B48: Utilizou-se o truncar com duas casas decimais
B50: EPI's
B51: Item | E51: Parâmetro | H51: Quant.mês
B52: Jaqueta com reflexivo | E52: 1 | F52: unid./funcionário.ano | H52: =TRUNC(E52*$E$30/12,2) -> 1.41 | K52: *Fonte: NBR 15.292
B53: Calça de Brim | E53: 3 | F53: unid./funcionário.ano | H53: =TRUNC(E53*$E$30/12,2) -> 4.25 | K53: *Fonte: IBRAOP - PROC - IBR -RSU 012/2018
B54: Camiseta manga longa com faixa reflexiva | E54: 3 | F54: unid./funcionário.ano | H54: =TRUNC(E54*$E$30/12,2) -> 4.25 | K54: *Fonte: IBRAOP - PROC - IBR -RSU 012/2018
B55: Boné de Brim | E55: 2 | F55: unid./funcionário.ano | H55: =TRUNC(E55*$E$30/12,2) -> 2.83 | K55: *Fonte: IBRAOP - PROC - IBR -RSU 012/2018
B56: Botina De Segurança C/ Ponta E Biqueira Com Sola Antiderrapante | E56: 3 | F56: par/funcionário.ano | H56: =TRUNC(E56*$E$30/12,2) -> 4.25 | K56: *Fonte: IBRAOP - PROC - IBR -RSU 012/2018
B57: Capa de chuva amarela com reflexivo | E57: 2 | F57: unid./funcionário.ano | H57: =TRUNC(E57*$E$30/12,2) -> 2.83 | K57: *Fonte: IBRAOP - PROC - IBR -RSU 012/2018
B58: Colete reflexivo | E58: 2 | F58: unid./funcionário.ano | H58: =TRUNC(E58*$E$30/12,2) -> 2.83 | K58: *Fonte:
B59: Luva Tricotada com revestimento Nitrílico | E59: 8 | F59: par/funcionário.ano | H59: =TRUNC(E59*$E$30/12,2) -> 11.33 | K59: *Fonte: IBRAOP - PROC - IBR -RSU 012/2018
B60: Protetor solar FPS 30 | E60: 12 | F60: unid./funcionário.ano | H60: =TRUNC(E60*$E$30/12,2) -> 17 | K60: *Fonte:
B61: Óculos de Proteção | E61: 1 | F61: unid./roçadeira costal | H61: =TRUNC(E61*$E$12/12,2) -> 0.66 | K61: *Fonte:
B62: Protetor auricular | E62: 1 | F62: unid./roçadeira costal | H62: =TRUNC(E62*$E$12/12,2) -> 0.66 | K62: *Fonte:
B63: Boné Roçador C/ Protetor Facial | E63: 1 | F63: unid./roçadeira costal | H63: =TRUNC(E63*$E$12/12,2) -> 0.66
B64: Utilizou-se o truncar com duas casas decimais
B66: EPC's
B67: Item | E67: Parâmetro | H67: Quant.mês
B68: Recipiente térmico para água (5L) | E68: 0.17 | F68: unid./funcionário/ano | H68: =TRUNC(E68*E30/12,2) -> 0.24 | K68: *Fonte: Paramétrica
B69: Tela de proteção | E69: 1 | F69: unid./roçadeira/ano | H69: =TRUNC(E69*$E$12/12,2) -> 0.66 | K69: *Fonte: PMI - Três lagoas | O69: OBS: O PMI- Três lagoas é apenas para serviço de varrição manual, devo considerar para outros serviços
B70: Cone de sinalização | E70: 0.536 | F70: unid./roçadeira/ano | H70: =TRUNC(E70*$E$12/12,2) -> 0.35 | K70: *Fonte: PMI - Três lagoas
B71: Bandeirola | E71: 0.071 | F71: unid./roçadeira/ano | H71: =TRUNC(E71*$E$12/12,2) -> 0.04 | K71: *Fonte: PMI - Três lagoas
B72: Cavalete de sinalização | E72: 0.071 | F72: unid./roçadeira/ano | H72: =TRUNC(E72*$E$12/12,2) -> 0.04 | K72: *Fonte: PMI - Três lagoas
B74: 2.1.2) CUSTO UNITÁRIO
B76: 2.1.2.1) Mão-de-obra
B78: 2.1.2.1.1) Agente de limpeza pública e serviços gerais
B79: Agente de limpeza pública e serviços gerais | H79: =H95+H97+H101+H103 -> 3271.46
B80: =CONCATENATE("Salário - ",B79) -> Salário - Agente de limpeza pública e serviços gerais | E80: mês | F80: 1 | G80: =VLOOKUP(B80,Tabela3[[#All],[descrição]:[fonte]],4,FALSE) -> 1115.69 | H80: =TRUNC(F80*G80,2) -> 1115.69
B81: Salário mínimo nacional | E81: mês | F81: 1 | G81: =VLOOKUP(B81,Tabela3[[#All],[descrição]:[fonte]],4,FALSE) -> 1045
B82: Adicional Noturno | E82: horas trabalhadas
E83: hora contabilizada | F83: =F82*8/7 -> 0 | G83: =G80/220*0.2 -> 1.0142636 | H83: =TRUNC(F83*G83,2) -> 0
B84: Horas Extras (100%) | E84: hora | G84: =G80/220*2 -> 10.142636 | H84: =TRUNC(F84*G84,2) -> 0
B85: Horas Extras Noturnas (100%) | E85: horas trabalhadas
E86: hora contabilizada | F86: =F85*8/7 -> 0 | G86: =G80/220*2*1.2 -> 12.171164 | H86: =TRUNC(F86*G86,2) -> 0
B87: Horas Extras (50%) | E87: hora | G87: =G80/220*1.5 -> 7.6069773 | H87: =TRUNC(F87*G87,2) -> 0
B88: Horas Extras Noturnas (50%) | E88: horas trabalhadas
E89: hora contabilizada | F89: =F88*8/7 -> 0 | G89: =G80/220*1.5*1.2 -> 9.1283727 | H89: =TRUNC(F89*G89,2) -> 0
B90: Descanso Semanal Remunerado (DSR) - hora extra | E90: R$ | G90: =TRUNC(((52+9)/304)*(SUM(H84:H89)),2) -> 0 | H90: =G90 -> 0
B91: Base de cálculo da Insalubridade | F91: 1
B92: Adicional de Insalubridade | E92: % | F92: =VLOOKUP(B80,Tabela3[[#All],[descrição]:[fonte]],3,FALSE) -> 40 | G92: =IF(F91=2,SUM(H80:H90),IF(F91=1,SUM(H80:H90)*G81/G80,0)) -> 1045 | H92: =TRUNC(F92*G92/100,2) -> 418
B93: Soma | H93: =SUM(H80:H92) -> 1533.69
B94: Encargos Sociais | E94: % | F94: =VLOOKUP(B94,Tabela3[[#All],[descrição]:[fonte]],4,FALSE) -> 70.49 | G94: =H93 -> 1533.69 | H94: =TRUNC(G94*F94/100,2) -> 1081.09
B95: Salário total | H95: =TRUNC(H93+H94,2) -> 2614.78
B96: Complementares
B97: Vale transporte | E97: mês/func. | F97: 1 | G97: =H100 -> 132.72 | H97: =TRUNC(G97*F97,2) -> 132.72
B98: Vale Transporte | E98: R$ | F98: 1 | G98: =VLOOKUP(B98,Tabela3[[#All],[descrição]:[fonte]],4,FALSE) -> 3.95
B99: Dias Trabalhados por mês | E99: dia | F99: =$H$5 -> 25.33
B100: =CONCATENATE("Vale Transporte - ",B79) -> Vale Transporte - Agente de limpeza pública e serviços gerais | E100: vale | F100: =F99*2*1 -> 50.66 | G100: =IF(TRUNC(IFERROR(((G98)-((G80*0.06)/(F99*2))),"-"),2)<=0,0,TRUNC(IFERROR(((G98)-((G80*0.06)/(F99*2))),"-"),2)) -> 2.62 | H100: =TRUNC(IFERROR(F100*G100,"-"),2) -> 132.72
B101: Alimentação | E101: mês/func. | F101: 1 | G101: =H102 -> 303.96 | H101: =G101*F101 -> 303.96
B102: Alimentação (Café da manhã/Almoço) | E102: unidade | F102: =F99 -> 25.33 | G102: =VLOOKUP(B102,Tabela3[[#All],[descrição]:[fonte]],4,FALSE) -> 12 | H102: =TRUNC(F102*G102,2) -> 303.96
B103: Auxilio Alimentação | E103: mês/func. | F103: 1 | G103: =VLOOKUP(B103,Tabela3[[#All],[descrição]:[fonte]],4,FALSE) -> 220 | H103: =G103*F103 -> 220
B104: Quantidade | H104: =E27 -> 16
B105: Custo total mensal (R$/mês) | H105: =H104*H79 -> 52343.36
B107: 2.1.2.1.2) Encarregado de equipe
B108: Encarregado de equipe | H108: =H124+H126+H130+H132 -> 3490.15
B109: =CONCATENATE("Salário - ",B108) -> Salário - Encarregado de equipe | E109: mês | F109: 1 | G109: =VLOOKUP(B109,Tabela3[[#All],[descrição]:[fonte]],4,FALSE) -> 1465.14 | H109: =TRUNC(F109*G109,2) -> 1465.14
B110: Salário mínimo nacional | E110: mês | F110: 1 | G110: =VLOOKUP(B110,Tabela3[[#All],[descrição]:[fonte]],4,FALSE) -> 1045
B111: Adicional Noturno | E111: horas trabalhadas
E112: hora contabilizada | F112: =F111*8/7 -> 0 | G112: =G109/220*0.2 -> 1.3319455 | H112: =TRUNC(F112*G112,2) -> 0
B113: Horas Extras (100%) | E113: hora | G113: =G109/220*2 -> 13.319455 | H113: =TRUNC(F113*G113,2) -> 0
B114: Horas Extras Noturnas (100%) | E114: horas trabalhadas
E115: hora contabilizada | F115: =F114*8/7 -> 0 | G115: =G109/220*2*1.2 -> 15.983345 | H115: =TRUNC(F115*G115,2) -> 0
B116: Horas Extras (50%) | E116: hora | G116: =G109/220*1.5 -> 9.9895909 | H116: =TRUNC(F116*G116,2) -> 0
B117: Horas Extras Noturnas (50%) | E117: horas trabalhadas
E118: hora contabilizada | F118: =F117*8/7 -> 0 | G118: =G109/220*1.5*1.2 -> 11.987509 | H118: =TRUNC(F118*G118,2) -> 0
...

Sheet 3.PINTURA_MEIO-FIO
B2: 3) PINTURA DE MEIO-FIO
B3: 3.1) Demanda | G3: Dias úteis p/ mês | H3: 25.33
B5: Comprimento anual total | E5: 712.86 | F5: km/ano
B6: Comprimento médio por mês | E6: =E5*1000/12 -> 59405 | F6: m/mês
B7: Aréa de caiação por mês | E7: =E6*2*E10 -> 47524 | F7: m²/mês
B9: Produção | E9: 300 | F9: m/dia.agente | L9: *Fonte: Paramétrica
B10: largura para caiação | E10: 0.4 | F10: m/m | L10: *Fonte: Paramétrica
B12: N° de Agentes de limpeza pública | E12: =ROUND(E6/(E9*H3),0) -> 8
B14: 3.1.1) Equipe
B16: Número de encarregado de equipe | E16: =1/16 -> 0.0625 | F16: unid./agente | L16: *Fonte: Paramétrica
B17: Reserva técnica | E17: 0
B19: N° de Agentes de limpeza pública e serviços gerais | E19: =E12 -> 8
B20: N° de Encarregado de equipe | E20: =ROUNDUP(E12*E16,0) -> 1
B21: N° de motorista | E21: =ROUNDUP(E12/14,0) -> 1
B22: Reserva Técnica | E22: =E17 -> 0
B23: N° total de funcionários | E23: =SUM(E19:E22) -> 10
B25: 3.1.2) Ferramentas, equipamentos e EPI's
B27: Ferramentas
B28: Item | E28: Parâmetro | H28: Quant.mês
B29: Balde | E29: 1 | F29: unid./agente | H29: =TRUNC((E29*E19)/12,2) -> 0.66 | L29: *Fonte: Paramétrica
B30: Trincha | E30: 1 | F30: unid./agente | H30: =TRUNC((E30*E19)/12,2) -> 0.66 | L30: *Fonte: Paramétrica
B31: vassoura | E31: 0.5 | F31: unid./agente | H31: =TRUNC((E31*E19)/12,2) -> 0.33 | L31: *Fonte: Paramétrica
B32: Cal (saco - 8kg) | E32: 0.04 | F32: unid./m² | H32: =E32*E7 -> 1900.96 | L32: *Fonte: Paramétrica
B33: Utilizou-se o truncar com duas casas decimais
B35: Equipamentos
B36: Item | E36: Parâmetro | G36: Vida útil (meses) | H36: Quantidade
B37: Trator | E37: 0.07 | F37: unid./funcionário | G37: 120 | H37: =ROUNDUP(TRUNC(E37*E23,2),0) -> 1
B38: Reboque | E38: 0.07 | F38: unid./funcionário | G38: 120 | H38: =H37 -> 1
B39: Utilizou-se o truncar com duas casas decimais
B41: EPI's
B42: Item | E42: Parâmetro | H42: Quant.mês
B43: Jaqueta com reflexivo | E43: 1 | F43: unid./funcionário.ano | H43: =TRUNC(E43*$E$23/12,2) -> 0.83 | L43: *Fonte: NBR 15.292
B44: Calça de Brim | E44: 3 | F44: unid./funcionário.ano | H44: =TRUNC(E44*$E$23/12,2) -> 2.5 | L44: *Fonte: IBRAOP - PROC - IBR -RSU 012/2018
B45: Camiseta manga longa com faixa reflexiva | E45: 3 | F45: unid./funcionário.ano | H45: =TRUNC(E45*$E$23/12,2) -> 2.5 | L45: *Fonte: IBRAOP - PROC - IBR -RSU 012/2018
B46: Boné de Brim | E46: 2 | F46: unid./funcionário.ano | H46: =TRUNC(E46*$E$23/12,2) -> 1.66 | L46: *Fonte: IBRAOP - PROC - IBR -RSU 012/2018
B47: Botina De Segurança C/ Ponta E Biqueira Com Sola Antiderrapante | E47: 3 | F47: par./funcionário.ano | H47: =TRUNC(E47*$E$23/12,2) -> 2.5 | L47: *Fonte: IBRAOP - PROC - IBR -RSU 012/2018
B48: Capa de chuva amarela com reflexivo | E48: 2 | F48: unid./funcionário.ano | H48: =TRUNC(E48*$E$23/12,2) -> 1.66 | L48: *Fonte: IBRAOP - PROC - IBR -RSU 012/2018
B49: Colete reflexivo | E49: 2 | F49: unid./funcionário.ano | H49: =TRUNC(E49*$E$23/12,2) -> 1.66 | L49: *Fonte:
B50: Luva Tricotada com revestimento Nitrílico | E50: 8 | F50: par./funcionário.ano | H50: =TRUNC(E50*$E$23/12,2) -> 6.66 | L50: *Fonte: IBRAOP - PROC - IBR -RSU 012/2018
B51: Protetor solar FPS 30 | E51: 12 | F51: unid./funcionário.ano | H51: =TRUNC(E51*$E$23/12,2) -> 10
B52: Máscara tripla | E52: 1 | F52: unid./encarregado.ano | H52: =TRUNC((E52*E20)/12,2) -> 0.08 | L52: *Fonte:
B53: Utilizou-se o truncar com duas casas decimais
B55: EPC's
B56: Item | E56: Parâmetro | H56: Quant.mês
B57: Recipiente térmico para água (5L) | E57: 0.167 | F57: unid./funcionário.ano | H57: =TRUNC(E57*$E$23/12,2) -> 0.13 | L57: *Fonte: Paramétrica
B58: Cone de sinalização | E58: 0.536 | F58: unid./agente/ano | H58: =TRUNC(E58*$E$12/12,2) -> 0.35 | L58: *Fonte: PMI - TL
B59: Utilizou-se o truncar com duas casas decimais
B61: 3.2) CUSTO UNITÁRIO
B62: 3.2.1) Mão-de-obra
B63: 3.2.1.1) Agente de limpeza pública e serviços gerais
B64: Agente de limpeza pública e serviços gerais | H64: =H80+H82+H86+H88 -> 3271.46
B65: =CONCATENATE("Salário - ",B64) -> Salário - Agente de limpeza pública e serviços gerais | E65: mês | F65: 1 | G65: =VLOOKUP(B65,Tabela3[[#All],[descrição]:[fonte]],4,FALSE) -> 1115.69 | H65: =TRUNC(F65*G65,2) -> 1115.69
B66: Salário mínimo nacional | E66: mês | F66: 1 | G66: =VLOOKUP(B66,Tabela3[[#All],[descrição]:[fonte]],4,FALSE) -> 1045
B67: Adicional Noturno | E67: horas trabalhadas
E68: hora contabilizada | F68: =F67*8/7 -> 0 | G68: =G65/220*0.2 -> 1.0142636 | H68: =TRUNC(F68*G68,2) -> 0
B69: Horas Extras (100%) | E69: hora | G69: =G65/220*2 -> 10.142636 | H69: =TRUNC(F69*G69,2) -> 0
B70: Horas Extras Noturnas (100%) | E70: horas trabalhadas
E71: hora contabilizada | F71: =F70*8/7 -> 0 | G71: =G65/220*2*1.2 -> 12.171164 | H71: =TRUNC(F71*G71,2) -> 0
B72: Horas Extras (50%) | E72: hora | G72: =G65/220*1.5 -> 7.6069773 | H72: =TRUNC(F72*G72,2) -> 0
B73: Horas Extras Noturnas (50%) | E73: horas trabalhadas
E74: hora contabilizada | F74: =F73*8/7 -> 0 | G74: =G65/220*1.5*1.2 -> 9.1283727 | H74: =TRUNC(F74*G74,2) -> 0
B75: Descanso Semanal Remunerado (DSR) - hora extra | E75: R$ | G75: =TRUNC(((52+9)/304)*(SUM(H69:H74)),2) -> 0 | H75: =G75 -> 0
B76: Base de cálculo da Insalubridade | F76: 1
B77: Adicional de Insalubridade | E77: % | F77: =VLOOKUP(B65,Tabela3[[#All],[descrição]:[fonte]],3,FALSE) -> 40 | G77: =IF(F76=2,SUM(H65:H75),IF(F76=1,SUM(H65:H75)*G66/G65,0)) -> 1045 | H77: =TRUNC(F77*G77/100,2) -> 418
B78: Soma | H78: =SUM(H65:H77) -> 1533.69
B79: Encargos Sociais | E79: % | F79: =VLOOKUP(B79,Tabela3[[#All],[descrição]:[fonte]],4,FALSE) -> 70.49 | G79: =H78 -> 1533.69 | H79: =TRUNC(G79*F79/100,2) -> 1081.09
B80: Salário total | H80: =TRUNC(H78+H79,2) -> 2614.78
B81: Complementares
B82: Vale transporte | E82: mês/func. | F82: 1 | G82: =H85 -> 132.72 | H82: =TRUNC(G82*F82,2) -> 132.72
B83: Vale Transporte | E83: R$ | F83: 1 | G83: =VLOOKUP(B83,Tabela3[[#All],[descrição]:[fonte]],4,FALSE) -> 3.95
B84: Dias Trabalhados por mês | E84: dia | F84: =$H$3 -> 25.33
B85: =CONCATENATE("Vale Transporte - ",B64) -> Vale Transporte - Agente de limpeza pública e serviços gerais | E85: vale | F85: =F84*2*1 -> 50.66 | G85: =IF(TRUNC(IFERROR(((G83)-((G65*0.06)/(F84*2))),"-"),2)<=0,0,TRUNC(IFERROR(((G83)-((G65*0.06)/(F84*2))),"-"),2)) -> 2.62 | H85: =TRUNC(IFERROR(F85*G85,"-"),2) -> 132.72
B86: Alimentação | E86: mês/func. | F86: 1 | G86: =H87 -> 303.96 | H86: =G86*F86 -> 303.96
B87: Alimentação (Café da manhã/Almoço) | E87: unidade | F87: =F84 -> 25.33 | G87: =VLOOKUP(B87,Tabela3[[#All],[descrição]:[fonte]],4,FALSE) -> 12 | H87: =TRUNC(F87*G87,2) -> 303.96
B88: Auxilio Alimentação | E88: mês/func. | F88: 1 | G88: =VLOOKUP(B88,Tabela3[[#All],[descrição]:[fonte]],4,FALSE) -> 220 | H88: =G88*F88 -> 220
B89: Quantidade | H89: =E19 -> 8
B90: Custo total mensal (R$/mês) | H90: =H89*H64 -> 26171.68
B92: 3.2.1.2) Encarregado de equipe
B93: Encarregado de equipe | H93: =H109+H111+H115+H117 -> 3490.15
B94: =CONCATENATE("Salário - ",B93) -> Salário - Encarregado de equipe | E94: mês | F94: 1 | G94: =VLOOKUP(B94,Tabela3[[#All],[descrição]:[fonte]],4,FALSE) -> 1465.14 | H94: =TRUNC(F94*G94,2) -> 1465.14
B95: Salário mínimo nacional | E95: mês | F95: 1 | G95: =VLOOKUP(B95,Tabela3[[#All],[descrição]:[fonte]],4,FALSE) -> 1045
B96: Adicional Noturno | E96: horas trabalhadas
E97: hora contabilizada | F97: =F96*8/7 -> 0 | G97: =G94/220*0.2 -> 1.3319455 | H97: =TRUNC(F97*G97,2) -> 0
B98: Horas Extras (100%) | E98: hora | G98: =G94/220*2 -> 13.319455 | H98: =TRUNC(F98*G98,2) -> 0
B99: Horas Extras Noturnas (100%) | E99: horas trabalhadas
E100: hora contabilizada | F100: =F99*8/7 -> 0 | G100: =G94/220*2*1.2 -> 15.983345 | H100: =TRUNC(F100*G100,2) -> 0
B101: Horas Extras (50%) | E101: hora | G101: =G94/220*1.5 -> 9.9895909 | H101: =TRUNC(F101*G101,2) -> 0
B102: Horas Extras Noturnas (50%) | E102: horas trabalhadas
E103: hora contabilizada | F103: =F102*8/7 -> 0 | G103: =G94/220*1.5*1.2 -> 11.987509 | H103: =TRUNC(F103*G103,2) -> 0
B104: Descanso Semanal Remunerado (DSR) - hora extra | E104: R$ | G104: =TRUNC(((52+9)/304)*(SUM(H98:H103)),2) -> 0 | H104: =G104 -> 0
B105: Base de cálculo da Insalubridade | F105: 1
B106: Adicional de Insalubridade | E106: % | F106: =VLOOKUP(B94,Tabela3[[#All],[descrição]:[fonte]],3,FALSE) -> 20 | G106: =IF(F105=2,SUM(H94:H104),IF(F105=1,SUM(H94:H104)*G95/G94,0)) -> 1045 | H106: =TRUNC(F106*G106/100,2) -> 209
B107: Soma | H107: =SUM(H94:H106) -> 1674.14
B108: Encargos Sociais | E108: % | F108: =VLOOKUP(B108,Tabela3[[#All],[descrição]:[fonte]],4,FALSE) -> 70.49 | G108: =H107 -> 1674.14 | H108: =TRUNC(G108*F108/100,2) -> 1180.1
B109: Salário total | H109: =TRUNC(H107+H108,2) -> 2854.24
B110: Complementares
B111: Vale transporte | E111: mês/func. | F111: 1 | G111: =H114 -> 111.95 | H111: =TRUNC(G111*F111,2) -> 111.95
B112: Vale Transporte | E112: R$ | F112: 1 | G112: =VLOOKUP(B112,Tabela3[[#All],[descrição]:[fonte]],4,FALSE) -> 3.95
B113: Dias Trabalhados por mês | E113: dia | F113: =$H$3 -> 25.33
B114: =CONCATENATE("Vale Transporte - ",B93) -> Vale Transporte - Encarregado de equipe | E114: vale | F114: =F113*2*1 -> 50.66 | G114: =IF(TRUNC(IFERROR(((G112)-((G94*0.06)/(F113*2))),"-"),2)<=0,0,TRUNC(IFERROR(((G112)-((G94*0.06)/(F113*2))),"-"),2)) -> 2.21 | H114: =TRUNC(IFERROR(F114*G114,"-"),2) -> 111.95
...

Sheet 6.DISP. DRENAGEM
B1: 6) LIMPEZA E DESOBSTRUÇÃO DOS DISPOSITIVOS DE DRENAGEM
B3: 6.1) Demanda | G3: Dias úteis p/ mês | H3: 25.33
B5: N° de bueiros | F5: 1310
B6: Frequência de execução do serviço | F6: 2 | G6: vezes/ano
B7: Demanda | F7: =F5*F6 -> 2620 | G7: n° de bueiros/ano
B8: demanda média por mês | F8: =ROUND(F7/12,2) -> 218.33 | G8: n° de bueiros/mês
B9: Produção | F9: =730*2 -> 1460 | G9: unid./ano.equipe (buerista e ajudante)
B11: N° de Equipes | G11: =ROUND(F7/F9,0) -> 2
B13: 6.1.1) Equipe
B15: Número de fiscais | F15: =1/20 -> 0.05 | G15: unid./servente
B16: Reserva técnica | F16: 0
B18: N° de Bueristas | D18: =G11 -> 2
B19: N° de Ajudante | D19: =G11 -> 2
B20: N° de Fiscais | D20: =ROUNDUP(D19*F15,0) -> 1
B21: N° de Motorista | D21: =ROUNDUP(D18/14,0) -> 1
B22: Reserva Técnica | D22: =F16 -> 0 | G22: n° de funcionários | H22: =SUM(D18:D22) -> 6
B24: 6.1.2) Ferramentas, equipamentos e EPI's
B26: Ferramentas
B27: item | E27: parâmetro | H27: Quant.mês
B28: Carrinho de Mão | E28: 2 | F28: unid./ano | H28: =TRUNC(E28/12,2) -> 0.16
B29: Pá | E29: 6 | F29: unid./ano | H29: =TRUNC(E29/12,2) -> 0.5
B30: Enxada | E30: 12 | F30: unid./ano | H30: =TRUNC(E30/12,2) -> 1
B31: Picareta | E31: 6 | F31: unid./ano | H31: =TRUNC(E31/12,2) -> 0.5
B32: Cavadeira | E32: 6 | F32: unid./ano | H32: =TRUNC(E32/12,2) -> 0.5
B33: Vassourão | E33: 12 | F33: unid./ano | H33: =TRUNC(E33/12,2) -> 1
B34: Vassoura de aço | E34: 6 | F34: unid./ano | H34: =TRUNC(E34/12,2) -> 0.5
B35: Alavancas | E35: 3 | F35: unid./ano | H35: =TRUNC(E35/12,2) -> 0.25
B36: Cone reflexivo | E36: 20 | F36: unid./ano | H36: =TRUNC(E36/12,2) -> 1.66
B37: Cavalete tipo CET | E37: 2 | F37: unid./ano | H37: =TRUNC(E37/12,2) -> 0.16
B38: Bandeirola | E38: 2 | F38: unid./ano | H38: =TRUNC(E38/12,2) -> 0.16
B39: Faixa zebrada | E39: 2400 | F39: unid./ano | H39: =TRUNC(E39/12,2) -> 200
B40: Sinalizador visual | E40: 1 | F40: unid./ano | H40: =TRUNC(E40/12,2) -> 0.08
B41: Utilizou-se o truncar com duas casas decimais
B43: Equipamentos
B44: item | E44: parâmetro | G44: vida útil | H44: Quantidade
B45: Bobcat | E45: 1 | F45: unid. | G45: 60 | H45: =TRUNC(E45,2) -> 1
B46: Soprador de folhas | E46: 1 | F46: unid. | G46: 36 | H46: =TRUNC(E46,2) -> 1
B47: Utilizou-se o truncar com duas casas decimais
B49: EPI's
B50: item | E50: parâmetro | H50: Quant.mês
B51: Jaqueta com reflexivo | E51: 1 | F51: unid./funcionário/ano | H51: =TRUNC(E51*$H$22/12,2) -> 0.5
B52: Calça de Brim | E52: 3 | F52: unid./funcionário/ano | H52: =TRUNC(E52*$H$22/12,2) -> 1.5
B53: Camiseta manga longa com faixa reflexiva | E53: 3 | F53: unid./funcionário/ano | H53: =TRUNC(E53*$H$22/12,2) -> 1.5
B54: Boné de Brim | E54: 2 | F54: unid./funcionário/ano | H54: =TRUNC(E54*$H$22/12,2) -> 1
B55: Botina De Segurança C/ Ponta E Biqueira Com Sola Antiderrapante | E55: 3 | F55: par./funcionário/ano | H55: =TRUNC(E55*$H$22/12,2) -> 1.5
B56: Capa de chuva amarela com reflexivo | E56: 2 | F56: unid./funcionário/ano | H56: =TRUNC(E56*$H$22/12,2) -> 1
B57: Colete reflexivo | E57: 2 | F57: unid./funcionário/ano | H57: =TRUNC(E57*$H$22/12,2) -> 1
B58: Luva Tricotada com revestimento Nitrílico | E58: 8 | F58: par./funcionário/ano | H58: =TRUNC(E58*$H$22/12,2) -> 4
B59: Recipiente térmico para água (5L) | E59: 0.167 | F59: unid./funcionário/ano | H59: =TRUNC(E59*$H$22/12,2) -> 0.08
B60: Protetor solar FPS 30 | E60: 12 | F60: unid./funcionário/ano | H60: =TRUNC(E60*$H$22/12,2) -> 6
B61: Utilizou-se o truncar com duas casas decimais
B63: N° de veículos
B64: Veículo | D64: parâmetro | G64: vida útil | H64: quantidade
B65: caminhão toco | D65: =D21 -> 1 | E65: unid./motorista | G65: 72 | H65: =TRUNC(D65*D21,2) -> 1
B66: Veículo | D66: parâmetro | G66: vida útil | H66: quantidade
B67: caçamba 5m³ | D67: =D65 -> 1 | E67: unid./caminhão | G67: 72 | H67: =TRUNC(H65,2) -> 1
B70: 6.2) CUSTO UNITÁRIO
B72: 6.2.1) Mão-de-obra
B74: 6.2.1.1) Buerista
B75: Buerista | H75: =H91+H93+H97+H99 -> 2879.31
B76: =CONCATENATE("Salário - ",B75) -> Salário - Buerista | E76: mês | F76: 1 | G76: =VLOOKUP(B76,Tabela3[[#All],[descrição]:[fonte]],4,FALSE) -> 1084.64 | H76: =TRUNC(F76*G76,2) -> 1084.64
B77: Salário mínimo nacional | E77: mês | F77: 1 | G77: =VLOOKUP(B77,Tabela3[[#All],[descrição]:[fonte]],4,FALSE) -> 1045
B78: Adicional Noturno | E78: horas trabalhadas
E79: hora contabilizada | F79: =F78*8/7 -> 0 | G79: =G76/220*0.2 -> 0.98603636 | H79: =TRUNC(F79*G79,2) -> 0
B80: Horas Extras (100%) | E80: hora | G80: =G76/220*2 -> 9.8603636 | H80: =TRUNC(F80*G80,2) -> 0
B81: Horas Extras Noturnas (100%) | E81: horas trabalhadas
E82: hora contabilizada | F82: =F81*8/7 -> 0 | G82: =G76/220*2*1.2 -> 11.832436 | H82: =TRUNC(F82*G82,2) -> 0
B83: Horas Extras (50%) | E83: hora | G83: =G76/220*1.5 -> 7.3952727 | H83: =TRUNC(F83*G83,2) -> 0
B84: Horas Extras Noturnas (50%) | E84: horas trabalhadas
E85: hora contabilizada | F85: =F84*8/7 -> 0 | G85: =G76/220*1.5*1.2 -> 8.8743273 | H85: =TRUNC(F85*G85,2) -> 0
B86: Descanso Semanal Remunerado (DSR) - hora extra | E86: R$ | G86: =TRUNC(((52+9)/304)*(SUM(H80:H85)),2) -> 0 | H86: =G86 -> 0
B87: Base de cálculo da Insalubridade | F87: 1
B88: Adicional de Insalubridade | E88: % | F88: =VLOOKUP(B76,Tabela3[[#All],[descrição]:[fonte]],3,FALSE) -> 20 | G88: =IF(F87=2,SUM(H76:H86),IF(F87=1,SUM(H76:H86)*G77/G76,0)) -> 1045 | H88: =TRUNC(F88*G88/100,2) -> 209
B89: Soma | H89: =SUM(H76:H88) -> 1293.64
B90: Encargos Sociais | E90: % | F90: =VLOOKUP(B90,Tabela3[[#All],[descrição]:[fonte]],4,FALSE) -> 70.49 | G90: =H89 -> 1293.64 | H90: =TRUNC(G90*F90/100,2) -> 911.88
B91: Salário total | H91: =TRUNC(H89+H90,2) -> 2205.52
B92: Complementares
B93: Vale transporte | E93: mês/func. | F93: 1 | G93: =H96 -> 140.83 | H93: =TRUNC(G93*F93,2) -> 140.83
B94: Vale Transporte | E94: R$ | F94: 1 | G94: =VLOOKUP(B94,Tabela3[[#All],[descrição]:[fonte]],4,FALSE) -> 3.95
B95: Dias Trabalhados por mês | E95: dia | F95: =ROUND((9+304)/12,2) -> 26.08
B96: =CONCATENATE("Vale Transporte - ",B75) -> Vale Transporte - Buerista | E96: vale | F96: =F95*2*1 -> 52.16 | G96: =IF(TRUNC(IFERROR(((G94)-((G76*0.06)/(F95*2))),"-"),2)<=0,0,TRUNC(IFERROR(((G94)-((G76*0.06)/(F95*2))),"-"),2)) -> 2.7 | H96: =TRUNC(IFERROR(F96*G96,"-"),2) -> 140.83
B97: Alimentação | E97: mês/func. | F97: 1 | G97: =H98 -> 312.96 | H97: =G97*F97 -> 312.96
B98: Alimentação (Café da manhã/Almoço) | E98: unidade | F98: =F95 -> 26.08 | G98: =VLOOKUP(B98,Tabela3[[#All],[descrição]:[fonte]],4,FALSE) -> 12 | H98: =TRUNC(F98*G98,2) -> 312.96
B99: Auxilio Alimentação | E99: mês/func. | F99: 1 | G99: =VLOOKUP(B99,Tabela3[[#All],[descrição]:[fonte]],4,FALSE) -> 220 | H99: =G99*F99 -> 220
B100: Quantidade | H100: =D18 -> 2
B101: Custo total mensal (R$/mês) | H101: =H100*H75 -> 5758.62
B103: 6.2.1.2) Ajudante de Buerista
B104: Ajudante de Buerista | H104: =H120+H122+H126+H128 -> 2879.31
B105: =CONCATENATE("Salário - ",B104) -> Salário - Ajudante de Buerista | E105: mês | F105: 1 | G105: =VLOOKUP(B105,Tabela3[[#All],[descrição]:[fonte]],4,FALSE) -> 1084.64 | H105: =TRUNC(F105*G105,2) -> 1084.64
B106: Salário mínimo nacional | E106: mês | F106: 1 | G106: =VLOOKUP(B106,Tabela3[[#All],[descrição]:[fonte]],4,FALSE) -> 1045
B107: Adicional Noturno | E107: horas trabalhadas
E108: hora contabilizada | F108: =F107*8/7 -> 0 | G108: =G105/220*0.2 -> 0.98603636 | H108: =TRUNC(F108*G108,2) -> 0
B109: Horas Extras (100%) | E109: hora | G109: =G105/220*2 -> 9.8603636 | H109: =TRUNC(F109*G109,2) -> 0
B110: Horas Extras Noturnas (100%) | E110: horas trabalhadas
E111: hora contabilizada | F111: =F110*8/7 -> 0 | G111: =G105/220*2*1.2 -> 11.832436 | H111: =TRUNC(F111*G111,2) -> 0
B112: Horas Extras (50%) | E112: hora | G112: =G105/220*1.5 -> 7.3952727 | H112: =TRUNC(F112*G112,2) -> 0
B113: Horas Extras Noturnas (50%) | E113: horas trabalhadas
E114: hora contabilizada | F114: =F113*8/7 -> 0 | G114: =G105/220*1.5*1.2 -> 8.8743273 | H114: =TRUNC(F114*G114,2) -> 0
B115: Descanso Semanal Remunerado (DSR) - hora extra | E115: R$ | G115: =TRUNC(((52+9)/304)*(SUM(H109:H114)),2) -> 0 | H115: =G115 -> 0
B116: Base de cálculo da Insalubridade | F116: 1
...

Sheet 7.PODA
B1: 7) PODA
B3: 7.1) Demanda | G3: Dias úteis p/ mês | H3: 25.33
B5: Volume anual total | F5: 2256.303 | G5: m³/ano
B6: Volume médio mensal | F6: =F5/12 -> 188.02525 | G6: m³/mês
B8: Produção | F8: 14.85 | G8: m³/dia.útil.jardineiro
B10: N° de jardineiros | G10: =ROUNDUP(F6/(F8*H3),0) -> 1
B12: 7.1.2) Equipe
B14: Número de fiscais | F14: =1/20 -> 0.05 | G14: unid./servente
B15: Reserva técnica | F15: 0
B17: N° de Jardineiros | D17: =G10 -> 1
B18: N° de Serventes | D18: =G10 -> 1
B19: N° de Fiscais | D19: =ROUNDUP(D18*F14,0) -> 1
B20: N° de Motorista | D20: =ROUNDUP(D17/14,0) -> 1
B21: Reserva Técnica | D21: =F15 -> 0 | G21: n° de funcionários | H21: =SUM(D17:D21) -> 4
B23: 7.1.3) Ferramentas, equipamentos e EPI's
B25: Ferramentas
B26: item | E26: parâmetro | H26: Quant.mês
B28: Utilizou-se o truncar com duas casas decimais
B30: Equipamentos
B31: item | E31: parâmetro | G31: vida útil | H31: Quantidade
B32: Motosserra | E32: =D17 -> 1 | F32: unid./jardineiro | G32: 36 | H32: =TRUNC(E32*D17,2) -> 1
B33: Motopoda | E33: =D17 -> 1 | F33: unid./jardineiro | G33: 36 | H33: =TRUNC(E33*D18,2) -> 1
B34: Utilizou-se o truncar com duas casas decimais
B36: EPI's
B37: item | E37: parâmetro | H37: Quant.mês
B38: Jaqueta com reflexivo | E38: 1 | F38: unid./funcionário.ano | H38: =TRUNC(E38*$H$21/12,2) -> 0.33
B39: Calça de Brim | E39: 3 | F39: unid./funcionário.ano | H39: =TRUNC(E39*$H$21/12,2) -> 1
B40: Camiseta manga longa com faixa reflexiva | E40: 3 | F40: unid./funcionário.ano | H40: =TRUNC(E40*$H$21/12,2) -> 1
B41: Boné de Brim | E41: 2 | F41: unid./funcionário.ano | H41: =TRUNC(E41*$H$21/12,2) -> 0.66
B42: Botina De Segurança C/ Ponta E Biqueira Com Sola Antiderrapante | E42: 3 | F42: par./funcionário.ano | H42: =TRUNC(E42*$H$21/12,2) -> 1
B43: Capa de chuva amarela com reflexivo | E43: 2 | F43: unid./funcionário.ano | H43: =TRUNC(E43*$H$21/12,2) -> 0.66
B44: Colete reflexivo | E44: 2 | F44: unid./funcionário.ano | H44: =TRUNC(E44*$H$21/12,2) -> 0.66
B45: Luva Tricotada com revestimento Nitrílico | E45: 8 | F45: par./funcionário.ano | H45: =TRUNC(E45*$H$21/12,2) -> 2.66
B46: Recipiente térmico para água (5L) | E46: 0.167 | F46: unid./funcionário.ano | H46: =TRUNC(E46*$H$21/12,2) -> 0.05
B47: Protetor solar FPS 30 | E47: 12 | F47: unid./funcionário.ano | H47: =TRUNC(E47*$H$21/12,2) -> 4
B48: Óculos de Proteção | E48: 1 | F48: unid./jardineiro | H48: =TRUNC(E48*$H$21/12,2) -> 0.33
B49: Máscara tripla | E49: 1 | F49: unid./jardineiro | H49: =TRUNC(E49*$H$21/12,2) -> 0.33
B50: Protetor auricular | E50: 1 | F50: unid./jardineiro | H50: =TRUNC(E50*$H$21/12,2) -> 0.33
B51: Utilizou-se o truncar com duas casas decimais
B53: N° de veículos
B54: Veículo | D54: especificações | G54: vida útil | H54: quantidade
B55: caminhão munck | D55: =D20 -> 1 | E55: unid./motorista | G55: 84 | H55: =TRUNC(D55*D20,2) -> 1
B57: 7.2) CUSTO UNITÁRIO
B59: 7.2.1) Mão-de-obra
B61: 7.2.1.1) Jardineiro
B62: Jardineiro | H62: =H78+H80+H84+H86 -> 2879.31
B63: =CONCATENATE("Salário - ",B62) -> Salário - Jardineiro | E63: mês | F63: 1 | G63: =VLOOKUP(B63,Tabela3[[#All],[descrição]:[fonte]],4,FALSE) -> 1084.64 | H63: =TRUNC(F63*G63,2) -> 1084.64
B64: Salário mínimo nacional | E64: mês | F64: 1 | G64: =VLOOKUP(B64,Tabela3[[#All],[descrição]:[fonte]],4,FALSE) -> 1045
B65: Adicional Noturno | E65: horas trabalhadas
E66: hora contabilizada | F66: =F65*8/7 -> 0 | G66: =G63/220*0.2 -> 0.98603636 | H66: =TRUNC(F66*G66,2) -> 0
B67: Horas Extras (100%) | E67: hora | G67: =G63/220*2 -> 9.8603636 | H67: =TRUNC(F67*G67,2) -> 0
B68: Horas Extras Noturnas (100%) | E68: horas trabalhadas
E69: hora contabilizada | F69: =F68*8/7 -> 0 | G69: =G63/220*2*1.2 -> 11.832436 | H69: =TRUNC(F69*G69,2) -> 0
B70: Horas Extras (50%) | E70: hora | G70: =G63/220*1.5 -> 7.3952727 | H70: =TRUNC(F70*G70,2) -> 0
B71: Horas Extras Noturnas (50%) | E71: horas trabalhadas
E72: hora contabilizada | F72: =F71*8/7 -> 0 | G72: =G63/220*1.5*1.2 -> 8.8743273 | H72: =TRUNC(F72*G72,2) -> 0
B73: Descanso Semanal Remunerado (DSR) - hora extra | E73: R$ | G73: =TRUNC(((52+9)/304)*(SUM(H67:H72)),2) -> 0 | H73: =G73 -> 0
B74: Base de cálculo da Insalubridade | F74: 1
B75: Adicional de Insalubridade | E75: % | F75: =VLOOKUP(B63,Tabela3[[#All],[descrição]:[fonte]],3,FALSE) -> 20 | G75: =IF(F74=2,SUM(H63:H73),IF(F74=1,SUM(H63:H73)*G64/G63,0)) -> 1045 | H75: =TRUNC(F75*G75/100,2) -> 209
B76: Soma | H76: =SUM(H63:H75) -> 1293.64
B77: Encargos Sociais | E77: % | F77: =VLOOKUP(B77,Tabela3[[#All],[descrição]:[fonte]],4,FALSE) -> 70.49 | G77: =H76 -> 1293.64 | H77: =TRUNC(G77*F77/100,2) -> 911.88
B78: Salário total | H78: =TRUNC(H76+H77,2) -> 2205.52
B79: Complementares
B80: Vale transporte | E80: mês/func. | F80: 1 | G80: =H83 -> 140.83 | H80: =TRUNC(G80*F80,2) -> 140.83
B81: Vale Transporte | E81: R$ | F81: 1 | G81: =VLOOKUP(B81,Tabela3[[#All],[descrição]:[fonte]],4,FALSE) -> 3.95
B82: Dias Trabalhados por mês | E82: dia | F82: =ROUND((9+304)/12,2) -> 26.08
B83: =CONCATENATE("Vale Transporte - ",B62) -> Vale Transporte - Jardineiro | E83: vale | F83: =F82*2*1 -> 52.16 | G83: =IF(TRUNC(IFERROR(((G81)-((G63*0.06)/(F82*2))),"-"),2)<=0,0,TRUNC(IFERROR(((G81)-((G63*0.06)/(F82*2))),"-"),2)) -> 2.7 | H83: =TRUNC(IFERROR(F83*G83,"-"),2) -> 140.83
B84: Alimentação | E84: mês/func. | F84: 1 | G84: =H85 -> 312.96 | H84: =G84*F84 -> 312.96
B85: Alimentação (Café da manhã/Almoço) | E85: unidade | F85: =F82 -> 26.08 | G85: =VLOOKUP(B85,Tabela3[[#All],[descrição]:[fonte]],4,FALSE) -> 12 | H85: =TRUNC(F85*G85,2) -> 312.96
B86: Auxilio Alimentação | E86: mês/func. | F86: 1 | G86: =VLOOKUP(B86,Tabela3[[#All],[descrição]:[fonte]],4,FALSE) -> 220 | H86: =G86*F86 -> 220
B87: Quantidade | H87: =D17 -> 1
B88: Custo total mensal (R$/mês) | H88: =H87*H62 -> 2879.31
B90: 7.2.1.2) Servente
B91: Servente | H91: =H107+H109+H113+H115 -> 2879.31
B92: =CONCATENATE("Salário - ",B91) -> Salário - Servente | E92: mês | F92: 1 | G92: =VLOOKUP(B92,Tabela3[[#All],[descrição]:[fonte]],4,FALSE) -> 1084.64 | H92: =TRUNC(F92*G92,2) -> 1084.64
B93: Salário mínimo nacional | E93: mês | F93: 1 | G93: =VLOOKUP(B93,Tabela3[[#All],[descrição]:[fonte]],4,FALSE) -> 1045
B94: Adicional Noturno | E94: horas trabalhadas
E95: hora contabilizada | F95: =F94*8/7 -> 0 | G95: =G92/220*0.2 -> 0.98603636 | H95: =TRUNC(F95*G95,2) -> 0
B96: Horas Extras (100%) | E96: hora | G96: =G92/220*2 -> 9.8603636 | H96: =TRUNC(F96*G96,2) -> 0
B97: Horas Extras Noturnas (100%) | E97: horas trabalhadas
E98: hora contabilizada | F98: =F97*8/7 -> 0 | G98: =G92/220*2*1.2 -> 11.832436 | H98: =TRUNC(F98*G98,2) -> 0
B99: Horas Extras (50%) | E99: hora | G99: =G92/220*1.5 -> 7.3952727 | H99: =TRUNC(F99*G99,2) -> 0
B100: Horas Extras Noturnas (50%) | E100: horas trabalhadas
E101: hora contabilizada | F101: =F100*8/7 -> 0 | G101: =G92/220*1.5*1.2 -> 8.8743273 | H101: =TRUNC(F101*G101,2) -> 0
B102: Descanso Semanal Remunerado (DSR) - hora extra | E102: R$ | G102: =TRUNC(((52+9)/304)*(SUM(H96:H101)),2) -> 0 | H102: =G102 -> 0
B103: Base de cálculo da Insalubridade | F103: 1
B104: Adicional de Insalubridade | E104: % | F104: =VLOOKUP(B92,Tabela3[[#All],[descrição]:[fonte]],3,FALSE) -> 20 | G104: =IF(F103=2,SUM(H92:H102),IF(F103=1,SUM(H92:H102)*G93/G92,0)) -> 1045 | H104: =TRUNC(F104*G104/100,2) -> 209
B105: Soma | H105: =SUM(H92:H104) -> 1293.64
B106: Encargos Sociais | E106: % | F106: =VLOOKUP(B106,Tabela3[[#All],[descrição]:[fonte]],4,FALSE) -> 70.49 | G106: =H105 -> 1293.64 | H106: =TRUNC(G106*F106/100,2) -> 911.88
B107: Salário total | H107: =TRUNC(H105+H106,2) -> 2205.52
B108: Complementares
B109: Vale transporte | E109: mês/func. | F109: 1 | G109: =H112 -> 140.83 | H109: =TRUNC(G109*F109,2) -> 140.83
B110: Vale Transporte | E110: R$ | F110: 1 | G110: =VLOOKUP(B110,Tabela3[[#All],[descrição]:[fonte]],4,FALSE) -> 3.95
B111: Dias Trabalhados por mês | E111: dia | F111: =ROUND((9+304)/12,2) -> 26.08
B112: =CONCATENATE("Vale Transporte - ",B91) -> Vale Transporte - Servente | E112: vale | F112: =F111*2*1 -> 52.16 | G112: =IF(TRUNC(IFERROR(((G110)-((G92*0.06)/(F111*2))),"-"),2)<=0,0,TRUNC(IFERROR(((G110)-((G92*0.06)/(F111*2))),"-"),2)) -> 2.7 | H112: =TRUNC(IFERROR(F112*G112,"-"),2) -> 140.83
B113: Alimentação | E113: mês/func. | F113: 1 | G113: =H114 -> 312.96 | H113: =G113*F113 -> 312.96
B114: Alimentação (Café da manhã/Almoço) | E114: unidade | F114: =F111 -> 26.08 | G114: =VLOOKUP(B114,Tabela3[[#All],[descrição]:[fonte]],4,FALSE) -> 12 | H114: =TRUNC(F114*G114,2) -> 312.96
B115: Auxilio Alimentação | E115: mês/func. | F115: 1 | G115: =VLOOKUP(B115,Tabela3[[#All],[descrição]:[fonte]],4,FALSE) -> 220 | H115: =G115*F115 -> 220
B116: Quantidade | H116: =D18 -> 1
B117: Custo total mensal (R$/mês) | H117: =H116*H91 -> 2879.31
...

Sheet 8.LIMP. RCC E RVOL
B1: 8) LIMPEZA CORRETIRA DE RCC E RVOL
B3: 8.1) Demanda | G3: Dias úteis p/ mês | H3: 25.33
B5: Demanda RCC e Rvol | F5: 40.56 | G5: m³/dia.útil
B6: Demanda RCC e Rvol por mês | F6: =F5*H3 -> 1027.3848 | G6: m³/mês
B7: Distância média por viagem | F7: 20 | G7: Km
B9: Quantidade de caminhões | F9: 1
B11: Caminhão caçamba | F11: 10 | G11: m³
B12: N° de viagens necessárias | F12: =ROUNDUP(F5/(F11*F9),0) -> 5
B13: Distância anual a ser percorrida | F13: =F12*F7*H3*12 -> 30396 | G13: km/ano
B14: Distância total Mensal | F14: =F13/12 -> 2533 | G14: Km/mês
B16: 8.1.1) Equipe
B18: Número de fiscais | F18: =1/20 -> 0.05 | G18: unid.trabalhadores
B19: Reserva técnica | F19: 0
B21: N° de Motoristas | D21: =F9 -> 1
B22: N° de Operadores | D22: =D21 -> 1
B23: N° de Ajudantes | D23: =D22*2 -> 2
B24: N° de Fiscais | D24: =ROUNDUP((SUM(D21:D23)*F18),0) -> 1
B25: Reserva Técnica | D25: =F19 -> 0 | F25: n° de funcionários | H25: =SUM(D21:D25) -> 5
B27: 8.1.1) Ferramentas, equipamentos e EPI's
B29: Ferramentas
B30: item | E30: parâmetro | H30: Quant.mês
B33: Equipamentos
B34: item | E34: parâmetro | G34: vida útil | H34: Quantidade
B35: Pá carregadeira | E35: 1 | F35: unid./operador | G35: 60 | H35: =TRUNC(E35*D22,2) -> 1
B36: Utilizou-se o truncar com duas casas decimais
B38: EPI's
B39: item | E39: parâmetro | H39: Quant.mês
B40: Jaqueta com reflexivo | E40: 1 | F40: unid./funcionário.ano | H40: =TRUNC(E40*$H$25/12,2) -> 0.41
B41: Calça de Brim | E41: 3 | F41: unid./funcionário.ano | H41: =TRUNC(E41*$H$25/12,2) -> 1.25
B42: Camiseta manga longa com faixa reflexiva | E42: 3 | F42: unid./funcionário.ano | H42: =TRUNC(E42*$H$25/12,2) -> 1.25
B43: Boné de Brim | E43: 2 | F43: unid./funcionário.ano | H43: =TRUNC(E43*$H$25/12,2) -> 0.83
B44: Botina De Segurança C/ Ponta E Biqueira Com Sola Antiderrapante | E44: 3 | F44: par./funcionário.ano | H44: =TRUNC(E44*$H$25/12,2) -> 1.25
B45: Capa de chuva amarela com reflexivo | E45: 2 | F45: unid./funcionário.ano | H45: =TRUNC(E45*$H$25/12,2) -> 0.83
B46: Colete reflexivo | E46: 2 | F46: unid./funcionário.ano | H46: =TRUNC(E46*$H$25/12,2) -> 0.83
B47: Luva Tricotada com revestimento Nitrílico | E47: 8 | F47: par./funcionário.ano | H47: =TRUNC(E47*$H$25/12,2) -> 3.33
B48: Recipiente térmico para água (5L) | E48: 0.167 | F48: unid./funcionário.ano | H48: =TRUNC(E48*$H$25/12,2) -> 0.06
B49: Protetor solar FPS 30 | E49: 12 | F49: unid./funcionário.ano | H49: =TRUNC(E49*$H$25/12,2) -> 5
B50: Óculos de Proteção | E50: 1 | F50: unid./operador | H50: =TRUNC(E50*$D$22/12,2) -> 0.08
B51: Máscara tripla | E51: 1 | F51: unid./operador | H51: =TRUNC(E51*$D$22/12,2) -> 0.08
B52: Protetor auricular | E52: 1 | F52: unid./operador | H52: =TRUNC(E52*$D$22/12,2) -> 0.08
B53: Utilizou-se o truncar com duas casas decimais
B55: N° de veículos
B56: Veículo | D56: Parâmetros | G56: Vida útil | H56: Quantidade
B57: Caminhão truck | D57: 1 | E57: unid./motorista | G57: 72 | H57: =TRUNC(F9,2) -> 1
B58: Veículo | D58: Parâmetros | G58: Vida útil | H58: Quantidade
B59: Caçamba | D59: 1 | E59: unid./caminhão | G59: 72 | H59: =H57 -> 1
B60: Utilizou-se o truncar com duas casas decimais
B62: 8.2) CUSTO UNITÁRIO
B64: 8.2.1) Mão-de-obra
B66: 8.2.1.1) Motorista
B67: Motorista | H67: =H83+H85+H89+H91 -> 3960.47
B68: =CONCATENATE("Salário - ",B67) -> Salário - Motorista | E68: mês | F68: 1 | G68: =VLOOKUP(B68,Tabela3[[#All],[descrição]:[fonte]],4,FALSE) -> 1742.04 | H68: =TRUNC(F68*G68,2) -> 1742.04
B69: Salário mínimo nacional | E69: mês | F69: 1 | G69: =VLOOKUP(B69,Tabela3[[#All],[descrição]:[fonte]],4,FALSE) -> 1045
B70: Adicional Noturno | E70: horas trabalhadas
E71: hora contabilizada | F71: =F70*8/7 -> 0 | G71: =G68/220*0.2 -> 1.5836727 | H71: =TRUNC(F71*G71,2) -> 0
B72: Horas Extras (100%) | E72: hora | G72: =G68/220*2 -> 15.836727 | H72: =TRUNC(F72*G72,2) -> 0
B73: Horas Extras Noturnas (100%) | E73: horas trabalhadas
E74: hora contabilizada | F74: =F73*8/7 -> 0 | G74: =G68/220*2*1.2 -> 19.004073 | H74: =TRUNC(F74*G74,2) -> 0
B75: Horas Extras (50%) | E75: hora | G75: =G68/220*1.5 -> 11.877545 | H75: =TRUNC(F75*G75,2) -> 0
B76: Horas Extras Noturnas (50%) | E76: horas trabalhadas
E77: hora contabilizada | F77: =F76*8/7 -> 0 | G77: =G68/220*1.5*1.2 -> 14.253055 | H77: =TRUNC(F77*G77,2) -> 0
B78: Descanso Semanal Remunerado (DSR) - hora extra | E78: R$ | G78: =TRUNC(((52+9)/304)*(SUM(H72:H77)),2) -> 0 | H78: =G78 -> 0
B79: Base de cálculo da Insalubridade | F79: 1
B80: Adicional de Insalubridade | E80: % | F80: =VLOOKUP(B68,Tabela3[[#All],[descrição]:[fonte]],3,FALSE) -> 20 | G80: =IF(F79=2,SUM(H68:H78),IF(F79=1,SUM(H68:H78)*G69/G68,0)) -> 1045 | H80: =TRUNC(F80*G80/100,2) -> 209
B81: Soma | H81: =SUM(H68:H80) -> 1951.04
B82: Encargos Sociais | E82: % | F82: =VLOOKUP(B82,Tabela3[[#All],[descrição]:[fonte]],4,FALSE) -> 70.49 | G82: =H81 -> 1951.04 | H82: =TRUNC(G82*F82/100,2) -> 1375.28
B83: Salário total | H83: =TRUNC(H81+H82,2) -> 3326.32
B84: Complementares
B85: Vale transporte | E85: mês/func. | F85: 1 | G85: =H88 -> 101.19 | H85: =TRUNC(G85*F85,2) -> 101.19
B86: Vale Transporte | E86: R$ | F86: 1 | G86: =VLOOKUP(B86,Tabela3[[#All],[descrição]:[fonte]],4,FALSE) -> 3.95
B87: Dias Trabalhados por mês | E87: dia | F87: =ROUND((9+304)/12,2) -> 26.08
B88: =CONCATENATE("Vale Transporte - ",B67) -> Vale Transporte - Motorista | E88: vale | F88: =F87*2*1 -> 52.16 | G88: =IF(TRUNC(IFERROR(((G86)-((G68*0.06)/(F87*2))),"-"),2)<=0,0,TRUNC(IFERROR(((G86)-((G68*0.06)/(F87*2))),"-"),2)) -> 1.94 | H88: =TRUNC(IFERROR(F88*G88,"-"),2) -> 101.19
B89: Alimentação | E89: mês/func. | F89: 1 | G89: =H90 -> 312.96 | H89: =G89*F89 -> 312.96
B90: Alimentação (Café da manhã/Almoço) | E90: unidade | F90: =F87 -> 26.08 | G90: =VLOOKUP(B90,Tabela3[[#All],[descrição]:[fonte]],4,FALSE) -> 12 | H90: =TRUNC(F90*G90,2) -> 312.96
B91: Auxilio Alimentação | E91: mês/func. | F91: 1 | G91: =VLOOKUP(B91,Tabela3[[#All],[descrição]:[fonte]],4,FALSE) -> 220 | H91: =G91*F91 -> 220
B92: Quantidade | H92: =D21 -> 1
B93: Custo total mensal (R$/mês) | H93: =H92*H67 -> 3960.47
B95: 8.2.1.2) Operador
B96: Operador de Pá Carregadeira | H96: =H112+H114+H118+H120 -> 3696.25
B97: =CONCATENATE("Salário - ",B96) -> Salário - Operador de Pá Carregadeira | E97: mês | F97: 1 | G97: =VLOOKUP(B97,Tabela3[[#All],[descrição]:[fonte]],4,FALSE) -> 1581.25 | H97: =TRUNC(F97*G97,2) -> 1581.25
B98: Salário mínimo nacional | E98: mês | F98: 1 | G98: =VLOOKUP(B98,Tabela3[[#All],[descrição]:[fonte]],4,FALSE) -> 1045
B99: Adicional Noturno | E99: horas trabalhadas
E100: hora contabilizada | F100: =F99*8/7 -> 0 | G100: =G97/220*0.2 -> 1.4375 | H100: =TRUNC(F100*G100,2) -> 0
B101: Horas Extras (100%) | E101: hora | G101: =G97/220*2 -> 14.375 | H101: =TRUNC(F101*G101,2) -> 0
B102: Horas Extras Noturnas (100%) | E102: horas trabalhadas
E103: hora contabilizada | F103: =F102*8/7 -> 0 | G103: =G97/220*2*1.2 -> 17.25 | H103: =TRUNC(F103*G103,2) -> 0
B104: Horas Extras (50%) | E104: hora | G104: =G97/220*1.5 -> 10.78125 | H104: =TRUNC(F104*G104,2) -> 0
B105: Horas Extras Noturnas (50%) | E105: horas trabalhadas
E106: hora contabilizada | F106: =F105*8/7 -> 0 | G106: =G97/220*1.5*1.2 -> 12.9375 | H106: =TRUNC(F106*G106,2) -> 0
B107: Descanso Semanal Remunerado (DSR) - hora extra | E107: R$ | G107: =TRUNC(((52+9)/304)*(SUM(H101:H106)),2) -> 0 | H107: =G107 -> 0
B108: Base de cálculo da Insalubridade | F108: 1
B109: Adicional de Insalubridade | E109: % | F109: =VLOOKUP(B97,Tabela3[[#All],[descrição]:[fonte]],3,FALSE) -> 20 | G109: =IF(F108=2,SUM(H97:H107),IF(F108=1,SUM(H97:H107)*G98/G97,0)) -> 1045 | H109: =TRUNC(F109*G109/100,2) -> 209
B110: Soma | H110: =SUM(H97:H109) -> 1790.25
B111: Encargos Sociais | E111: % | F111: =VLOOKUP(B111,Tabela3[[#All],[descrição]:[fonte]],4,FALSE) -> 70.49 | G111: =H110 -> 1790.25 | H111: =TRUNC(G111*F111/100,2) -> 1261.94
B112: Salário total | H112: =TRUNC(H110+H111,2) -> 3052.19
B113: Complementares
B114: Vale transporte | E114: mês/func. | F114: 1 | G114: =H117 -> 111.1 | H114: =TRUNC(G114*F114,2) -> 111.1
B115: Vale Transporte | E115: R$ | F115: 1 | G115: =VLOOKUP(B115,Tabela3[[#All],[descrição]:[fonte]],4,FALSE) -> 3.95
B116: Dias Trabalhados por mês | E116: dia | F116: =ROUND((9+304)/12,2) -> 26.08
B117: =CONCATENATE("Vale Transporte - ",B96) -> Vale Transporte - Operador de Pá Carregadeira | E117: vale | F117: =F116*2*1 -> 52.16 | G117: =IF(TRUNC(IFERROR(((G115)-((G97*0.06)/(F116*2))),"-"),2)<=0,0,TRUNC(IFERROR(((G115)-((G97*0.06)/(F116*2))),"-"),2)) -> 2.13 | H117: =TRUNC(IFERROR(F117*G117,"-"),2) -> 111.1
...

Sheet 4.LIMP_EVENTOS
B2: 4) LIMPEZA DE FEIRAS, EVENTOS, PARQUES E PRAÇAS
B4: 4.1) Demanda | G4: Dias úteis p/ mês | H4: 25.33
B6: Demanda de área de varrição | E6: 12929.94 | F6: m²/dia útil
B8: Produção | E8: 2250 | F8: m²/dia.útil.agente | L8: *Fonte: Paramétrica
B10: N° de Agentes de limpeza pública | E10: =ROUND(E6/E8,0) -> 6
B12: Geração média de resíduos | E12: 60 | F12: kg/km
B13: Faixa de varrição | E13: 0.5 | F13: m/m
B15: Geração média de resíduos (t/ano) | E15: =TRUNC(E6*H4*12/E13/1000*E12/1000,2) -> 471.62
B17: 4.1.1) Equipe
B19: Número de encarregados de equipe | E19: =1/20 -> 0.05 | F19: unid./agente | L19: *Fonte: Paramétrica
B20: Reserva técnica | E20: 0
B22: N° de Agentes de limpeza pública e serviços gerais | E22: =E10 -> 6
B23: N° de Encarregados de equipe | E23: =ROUNDUP(E22*E19,0) -> 1
B24: Reserva Técnica | E24: =E20 -> 0
B25: N° total de funcionários | E25: =SUM(E22:E24) -> 7
B27: 4.1.2) Ferramentas, equipamentos e EPI's
B29: Ferramentas
B30: Item | E30: Parâmetro | H30: Quant.mês
B31: vassourão | E31: 12 | F31: unid./agente.ano | H31: =TRUNC(E31*$E$22/12,2) -> 6 | L31: *Fonte: Paramétrica
B32: vassoura de aço | E32: 0 | F32: unid./agente | H32: =TRUNC(E32*$E$22/12,2) -> 0 | L32: *Fonte: Paramétrica
B33: pá | E33: 1 | F33: unid./lutocar.ano | H33: =TRUNC(E33*$E$39/12,2) -> 0.08 | L33: *Fonte: Paramétrica
B34: sacos plásticos | E34: 10 | F34: unid./agente.dia | H34: =TRUNC(E34*E22*H4,2) -> 1519.8 | L34: *Fonte: Paramétrica
B35: Utilizou-se o truncar com duas casas decimais
B37: Equipamentos
B38: Item | E38: Parâmetro | G38: Vida útil (meses) | H38: Quantidade
B39: lutocar | E39: 1 | F39: unid./dupla | G39: 36 | H39: =TRUNC((E39*(E22/2)),2) -> 3 | L39: *Fonte: IBRAOP - PROC - IBR -RSU 012/2018
B40: Utilizou-se o truncar com duas casas decimais
B42: EPI's
B43: Item | E43: Parâmetro | H43: Quant.mês
B44: Jaqueta com reflexivo | E44: 1 | F44: unid./funcionário.ano | H44: =TRUNC(E44*$E$25/12,2) -> 0.58 | L44: *Fonte: NBR 15.292
B45: Calça de Brim | E45: 3 | F45: unid./funcionário.ano | H45: =TRUNC(E45*$E$25/12,2) -> 1.75 | L45: *Fonte: IBRAOP - PROC - IBR -RSU 012/2018
B46: Camiseta manga longa com faixa reflexiva | E46: 3 | F46: unid./funcionário.ano | H46: =TRUNC(E46*$E$25/12,2) -> 1.75 | L46: *Fonte: IBRAOP - PROC - IBR -RSU 012/2018
B47: Boné de Brim | E47: 2 | F47: unid./funcionário.ano | H47: =TRUNC(E47*$E$25/12,2) -> 1.16 | L47: *Fonte: IBRAOP - PROC - IBR -RSU 012/2018
B48: Botina De Segurança C/ Ponta E Biqueira Com Sola Antiderrapante | E48: 3 | F48: par./funcionário.ano | H48: =TRUNC(E48*$E$25/12,2) -> 1.75 | L48: *Fonte: IBRAOP - PROC - IBR -RSU 012/2018
B49: Capa de chuva amarela com reflexivo | E49: 2 | F49: unid./funcionário.ano | H49: =TRUNC(E49*$E$25/12,2) -> 1.16 | L49: *Fonte: IBRAOP - PROC - IBR -RSU 012/2018
B50: Colete reflexivo | E50: 2 | F50: unid./funcionário.ano | H50: =TRUNC(E50*$E$25/12,2) -> 1.16 | L50: *Fonte:
B51: Luva Tricotada com revestimento Nitrílico | E51: 8 | F51: par./funcionário.ano | H51: =TRUNC(E51*$E$25/12,2) -> 4.66 | L51: *Fonte: IBRAOP - PROC - IBR -RSU 012/2018
B52: Protetor solar FPS 30 | E52: 12 | F52: unid./funcionário.ano | H52: =TRUNC(E52*$E$25/12,2) -> 7 | L52: *Fonte:
B53: Utilizou-se o truncar com duas casas decimais
B55: EPC'S
B56: Item | E56: Parâmetro | H56: Quant.mês
B57: Recipiente térmico para água (5L) | E57: 0.167 | F57: unid./funcionário.ano | H57: =TRUNC(E57*$E$25/12,2) -> 0.09 | L57: *Fonte: Paramétrica
B58: Cone de sinalização | E58: 0.536 | F58: unid./agente/ano | H58: =TRUNC(E58*$E$22/12,2) -> 0.26 | L58: *Fonte: PMI - Três lagoas
B60: 4.2) CUSTO UNITÁRIO
B62: 4.2.1) Mão-de-obra
B64: 4.2.1.1) Agente de limpeza pública e serviços gerais
B65: Agente de limpeza pública e serviços gerais | H65: =H81+H83+H87+H89 -> 3271.46
B66: =CONCATENATE("Salário - ",B65) -> Salário - Agente de limpeza pública e serviços gerais | E66: mês | F66: 1 | G66: =VLOOKUP(B66,Tabela3[[#All],[descrição]:[fonte]],4,FALSE) -> 1115.69 | H66: =TRUNC(F66*G66,2) -> 1115.69
B67: Salário mínimo nacional | E67: mês | F67: 1 | G67: =VLOOKUP(B67,Tabela3[[#All],[descrição]:[fonte]],4,FALSE) -> 1045
B68: Adicional Noturno | E68: horas trabalhadas
E69: hora contabilizada | F69: =F68*8/7 -> 0 | G69: =G66/220*0.2 -> 1.0142636 | H69: =TRUNC(F69*G69,2) -> 0
B70: Horas Extras (100%) | E70: hora | G70: =G66/220*2 -> 10.142636 | H70: =TRUNC(F70*G70,2) -> 0
B71: Horas Extras Noturnas (100%) | E71: horas trabalhadas
E72: hora contabilizada | F72: =F71*8/7 -> 0 | G72: =G66/220*2*1.2 -> 12.171164 | H72: =TRUNC(F72*G72,2) -> 0
B73: Horas Extras (50%) | E73: hora | G73: =G66/220*1.5 -> 7.6069773 | H73: =TRUNC(F73*G73,2) -> 0
B74: Horas Extras Noturnas (50%) | E74: horas trabalhadas
E75: hora contabilizada | F75: =F74*8/7 -> 0 | G75: =G66/220*1.5*1.2 -> 9.1283727 | H75: =TRUNC(F75*G75,2) -> 0
B76: Descanso Semanal Remunerado (DSR) - hora extra | E76: R$ | G76: =TRUNC(((52+9)/304)*(SUM(H70:H75)),2) -> 0 | H76: =G76 -> 0
B77: Base de cálculo da Insalubridade | F77: 1
B78: Adicional de Insalubridade | E78: % | F78: =VLOOKUP(B66,Tabela3[[#All],[descrição]:[fonte]],3,FALSE) -> 40 | G78: =IF(F77=2,SUM(H66:H76),IF(F77=1,SUM(H66:H76)*G67/G66,0)) -> 1045 | H78: =TRUNC(F78*G78/100,2) -> 418
B79: Soma | H79: =SUM(H66:H78) -> 1533.69
B80: Encargos Sociais | E80: % | F80: =VLOOKUP(B80,Tabela3[[#All],[descrição]:[fonte]],4,FALSE) -> 70.49 | G80: =H79 -> 1533.69 | H80: =TRUNC(G80*F80/100,2) -> 1081.09
B81: Salário total | H81: =TRUNC(H79+H80,2) -> 2614.78
B82: Complementares
B83: Vale transporte | E83: mês/func. | F83: 1 | G83: =H86 -> 132.72 | H83: =TRUNC(G83*F83,2) -> 132.72
B84: Vale Transporte | E84: R$ | F84: 1 | G84: =VLOOKUP(B84,Tabela3[[#All],[descrição]:[fonte]],4,FALSE) -> 3.95
B85: Dias Trabalhados por mês | E85: dia | F85: =$H$4 -> 25.33
B86: =CONCATENATE("Vale Transporte - ",B65) -> Vale Transporte - Agente de limpeza pública e serviços gerais | E86: vale | F86: =F85*2*1 -> 50.66 | G86: =IF(TRUNC(IFERROR(((G84)-((G66*0.06)/(F85*2))),"-"),2)<=0,0,TRUNC(IFERROR(((G84)-((G66*0.06)/(F85*2))),"-"),2)) -> 2.62 | H86: =TRUNC(IFERROR(F86*G86,"-"),2) -> 132.72
B87: Alimentação | E87: mês/func. | F87: 1 | G87: =H88 -> 303.96 | H87: =G87*F87 -> 303.96
B88: Alimentação (Café da manhã/Almoço) | E88: unidade | F88: =F85 -> 25.33 | G88: =VLOOKUP(B88,Tabela3[[#All],[descrição]:[fonte]],4,FALSE) -> 12 | H88: =TRUNC(F88*G88,2) -> 303.96
B89: Auxilio Alimentação | E89: mês/func. | F89: 1 | G89: =VLOOKUP(B89,Tabela3[[#All],[descrição]:[fonte]],4,FALSE) -> 220 | H89: =G89*F89 -> 220
B90: Quantidade | H90: =E22 -> 6
B91: Custo total mensal (R$/mês) | H91: =H90*H65 -> 19628.76
B93: 4.2.1.2) Encarregado de equipe
B94: Encarregado de equipe | H94: =H110+H112+H116+H118 -> 3490.15
B95: =CONCATENATE("Salário - ",B94) -> Salário - Encarregado de equipe | E95: mês | F95: 1 | G95: =VLOOKUP(B95,Tabela3[[#All],[descrição]:[fonte]],4,FALSE) -> 1465.14 | H95: =TRUNC(F95*G95,2) -> 1465.14
B96: Salário mínimo nacional | E96: mês | F96: 1 | G96: =VLOOKUP(B96,Tabela3[[#All],[descrição]:[fonte]],4,FALSE) -> 1045
B97: Adicional Noturno | E97: horas trabalhadas
E98: hora contabilizada | F98: =F97*8/7 -> 0 | G98: =G95/220*0.2 -> 1.3319455 | H98: =TRUNC(F98*G98,2) -> 0
B99: Horas Extras (100%) | E99: hora | G99: =G95/220*2 -> 13.319455 | H99: =TRUNC(F99*G99,2) -> 0
B100: Horas Extras Noturnas (100%) | E100: horas trabalhadas
E101: hora contabilizada | F101: =F100*8/7 -> 0 | G101: =G95/220*2*1.2 -> 15.983345 | H101: =TRUNC(F101*G101,2) -> 0
B102: Horas Extras (50%) | E102: hora | G102: =G95/220*1.5 -> 9.9895909 | H102: =TRUNC(F102*G102,2) -> 0
B103: Horas Extras Noturnas (50%) | E103: horas trabalhadas
E104: hora contabilizada | F104: =F103*8/7 -> 0 | G104: =G95/220*1.5*1.2 -> 11.987509 | H104: =TRUNC(F104*G104,2) -> 0
B105: Descanso Semanal Remunerado (DSR) - hora extra | E105: R$ | G105: =TRUNC(((52+9)/304)*(SUM(H99:H104)),2) -> 0 | H105: =G105 -> 0
B106: Base de cálculo da Insalubridade | F106: 1
B107: Adicional de Insalubridade | E107: % | F107: =VLOOKUP(B95,Tabela3[[#All],[descrição]:[fonte]],3,FALSE) -> 20 | G107: =IF(F106=2,SUM(H95:H105),IF(F106=1,SUM(H95:H105)*G96/G95,0)) -> 1045 | H107: =TRUNC(F107*G107/100,2) -> 209
B108: Soma | H108: =SUM(H95:H107) -> 1674.14
B109: Encargos Sociais | E109: % | F109: =VLOOKUP(B109,Tabela3[[#All],[descrição]:[fonte]],4,FALSE) -> 70.49 | G109: =H108 -> 1674.14 | H109: =TRUNC(G109*F109/100,2) -> 1180.1
B110: Salário total | H110: =TRUNC(H108+H109,2) -> 2854.24
B111: Complementares
B112: Vale transporte | E112: mês/func. | F112: 1 | G112: =H115 -> 111.95 | H112: =TRUNC(G112*F112,2) -> 111.95
B113: Vale Transporte | E113: R$ | F113: 1 | G113: =VLOOKUP(B113,Tabela3[[#All],[descrição]:[fonte]],4,FALSE) -> 3.95
B114: Dias Trabalhados por mês | E114: dia | F114: =$H$4 -> 25.33
B115: =CONCATENATE("Vale Transporte - ",B94) -> Vale Transporte - Encarregado de equipe | E115: vale | F115: =F114*2*1 -> 50.66 | G115: =IF(TRUNC(IFERROR(((G113)-((G95*0.06)/(F114*2))),"-"),2)<=0,0,TRUNC(IFERROR(((G113)-((G95*0.06)/(F114*2))),"-"),2)) -> 2.21 | H115: =TRUNC(IFERROR(F115*G115,"-"),2) -> 111.95
B116: Alimentação | E116: mês/func. | F116: 1 | G116: =H117 -> 303.96 | H116: =G116*F116 -> 303.96
B117: Alimentação (Café da manhã/Almoço) | E117: unidade | F117: =F114 -> 25.33 | G117: =VLOOKUP(B117,Tabela3[[#All],[descrição]:[fonte]],4,FALSE) -> 12 | H117: =TRUNC(F117*G117,2) -> 303.96
B118: Auxilio Alimentação | E118: mês/func. | F118: 1 | G118: =VLOOKUP(B118,Tabela3[[#All],[descrição]:[fonte]],4,FALSE) -> 220 | H118: =G118*F118 -> 220
B119: Quantidade | H119: =E23 -> 1
...

Sheet ANEXO_I_SINTESE_COMPOSICAO_CUST
C3: ANEXO I – SÍNTESE DA COMPOSIÇÃO DE CUSTOS
C5: ITEM | D5: ESPECIFICAÇÕES DO OBJETO | E5: UNID. | F5: Quant. Mensal | G5: Preço Unitário (R$) | H5: Preço Mensal (R$) | I5: Preço Anual (R$)
C6: 1 | D6: Coleta e transporte de resíduos sólidos domiciliares e equiparáveis gerados no Distrito-sede do município de Cassilândia-MS. | E6: Mês | F6: 1 | G6: =ANEXO_IIIa_COLETA_TRANSP_SEDE!F292 -> 176935.37 | H6: =G6*F6 -> 176935.37 | I6: =H6*12 -> 2123224.4
C7: 2 | D7: Fornecimento de contêineres plásticos de 1.200 litros | E7: Unidade/mês | F7: 7 | G7: =ANEXO_IIIb_CONTEINERES!F92 -> 327.02 | H7: =G7*F7 -> 2289.14 | I7: =H7*12 -> 27469.68
C8: 3 | D8: Coleta e transporte de resíduos sólidos domiciliares e equiparáveis nos contêineres instalados no Distrito de Indaiá do Sul e no Bairro Seringal, no município de Cassilândia/MS. | E8: Viagem/mês | F8: =ANEXO_IIIc_COLETA_DISTRITOS!H6 -> 4.33 | G8: =ANEXO_IIIc_COLETA_DISTRITOS!F103 -> 613.21 | H8: =TRUNC(G8*F8,2) -> 2655.19 | I8: =H8*12 -> 31862.28
D9: Total | H9: =SUM(H6:H8) -> 181879.7 | I9: =SUM(I6:I8) -> 2182556.4

Sheet ANEXO_II_CRONOGRAMA_FF
B2: ANEXO II – CRONOGRAMA FÍSICO-FINANCEIRO
B3: PREVISTO
B4: PREVISTO / EXECUTADO
B5: 1 - IDENTIFICAÇÃO
B6: OBRA/SERVIÇO: | D6: SERVIÇO DE COLETA CONVENCIONAL PARA O MUNICÍPIO DE CASSILÂNDIA | G6: MODALIDADE: | I6: SERVIÇO | L6: RESPONSAVEL TÉCNICO: | Q6: Renato Cesar de Freitas
B7: CLIENTE: | D7: PREFEITURA MUNICIPAL DE CASSILÂNDIA | O7: CREA: 228795-D/SP
B8: CONVENENTE: | D8: PREFEITURA MUNICIPAL DE CASSILÂNDIA | L8: DATA: | O8: =+NOW() -> 45845.421
B9: EMPRESA:
B10: LOCALIZAÇÃO: | D10: =+[1]Orçamento_Hab!B9 -> Cassilândia - MS
C14: DESCRIÇÃO DE SERVIÇOS | E14: VALOR DOS SERVIÇOS (R$) | F14: PESO % | G14: Fis / Fin | M14: SERVIÇOS A EXECUTAR
B15: ITEM | H15: EXECUTADO | I15: MÊS - 1 | J15: 1 | K15: MÊS - 2 | L15: 2 | M15: MÊS - 3 | N15: 3 | O15: MÊS - 4 | P15: 4 | Q15: MÊS - 5 | R15: 5 | S15: MÊS - 6 | T15: 6 | U15: MÊS - 7 | V15: 7 | W15: MÊS - 8 | X15: 8 | Y15: MÊS - 9 | Z15: 9 | AA15: MÊS - 10 | AB15: 10 | AC15: MÊS - 11 | AD15: 11 | AE15: MÊS - 12 | AF15: 12
H16: % | I16: SIMPL. ( % / R$ ) | J16: ACUM. (%/R$) | K16: SIMPL. ( % / R$ ) | L16: ACUM. (%/R$) | M16: SIMPL. ( % / R$ ) | N16: ACUM. (%/R$) | O16: SIMPL. ( % / R$ ) | P16: ACUM. (%/R$) | Q16: SIMPL. ( % / R$ ) | R16: ACUM. (%/R$) | S16: SIMPL. ( % / R$ ) | T16: ACUM. (%/R$) | U16: SIMPL. ( % / R$ ) | V16: ACUM. (%/R$) | W16: SIMPL. ( % / R$ ) | X16: ACUM. (%/R$) | Y16: SIMPL. ( % / R$ ) | Z16: ACUM. (%/R$) | AA16: SIMPL. ( % / R$ ) | AB16: ACUM. (%/R$) | AC16: SIMPL. ( % / R$ ) | AD16: ACUM. (%/R$) | AE16: SIMPL. ( % / R$ ) | AF16: ACUM. (%/R$)
B17: 1. | C17: Coleta e transporte de resíduos sólidos domiciliares e equiparáveis gerados no Distrito-sede do município de Cassilândia-MS. | E17: =ANEXO_IIIa_COLETA_TRANSP_SEDE!F295*12 -> 2123224.4 | F17: 100 | H17: 0 | I17: =100/12 -> 8.3333333 | J17: =I17+H17 -> 8.3333333 | K17: =100/12 -> 8.3333333 | L17: =IF(K17=0,0,(J17+K17)) -> 16.666667 | M17: =100/12 -> 8.3333333 | N17: =IF(M17=0,0,(L17+M17)) -> 25 | O17: =100/12 -> 8.3333333 | P17: =IF(O17=0,0,(N17+O17)) -> 33.333333 | Q17: =100/12 -> 8.3333333 | R17: =IF(Q17=0,0,(P17+Q17)) -> 41.666667 | S17: =100/12 -> 8.3333333 | T17: =IF(S17=0,0,(R17+S17)) -> 50 | U17: =100/12 -> 8.3333333 | V17: =IF(U17=0,0,(T17+U17)) -> 58.333333 | W17: =100/12 -> 8.3333333 | X17: =IF(W17=0,0,(V17+W17)) -> 66.666667 | Y17: =100/12 -> 8.3333333 | Z17: =IF(Y17=0,0,(X17+Y17)) -> 75 | AA17: =100/12 -> 8.3333333 | AB17: =IF(AA17=0,0,(Z17+AA17)) -> 83.333333 | AC17: =100/12 -> 8.3333333 | AD17: =IF(AC17=0,0,(AB17+AC17)) -> 91.666667 | AE17: =100/12 -> 8.3333333 | AF17: =IF(AE17=0,0,(AD17+AE17)) -> 100
B18: 2 | C18: Fornecimento de contêineres plásticos de 1.200 litros | E18: =ANEXO_IIIb_CONTEINERES!F95*12 -> 27469.68 | F18: 100 | H18: 0 | I18: =100/12 -> 8.3333333 | J18: =I18+H18 -> 8.3333333 | K18: =100/12 -> 8.3333333 | L18: =IF(K18=0,0,(J18+K18)) -> 16.666667 | M18: =100/12 -> 8.3333333 | N18: =IF(M18=0,0,(L18+M18)) -> 25 | O18: =100/12 -> 8.3333333 | P18: =IF(O18=0,0,(N18+O18)) -> 33.333333 | Q18: =100/12 -> 8.3333333 | R18: =IF(Q18=0,0,(P18+Q18)) -> 41.666667 | S18: =100/12 -> 8.3333333 | T18: =IF(S18=0,0,(R18+S18)) -> 50 | U18: =100/12 -> 8.3333333 | V18: =IF(U18=0,0,(T18+U18)) -> 58.333333 | W18: =100/12 -> 8.3333333 | X18: =IF(W18=0,0,(V18+W18)) -> 66.666667 | Y18: =100/12 -> 8.3333333 | Z18: =IF(Y18=0,0,(X18+Y18)) -> 75 | AA18: =100/12 -> 8.3333333 | AB18: =IF(AA18=0,0,(Z18+AA18)) -> 83.333333 | AC18: =100/12 -> 8.3333333 | AD18: =IF(AC18=0,0,(AB18+AC18)) -> 91.666667 | AE18: =100/12 -> 8.3333333
B19: 3 | C19: Coleta e transporte de resíduos sólidos domiciliares e equiparáveis nos contêineres instalados no Distrito de Indaiá do Sul e no Bairro Seringal, no município de Cassilândia/MS. | E19: =ANEXO_IIIc_COLETA_DISTRITOS!F106*12 -> 31862.28 | F19: 100 | H19: 0 | I19: =100/12 -> 8.3333333 | J19: =I19+H19 -> 8.3333333 | K19: =100/12 -> 8.3333333 | L19: =IF(K19=0,0,(J19+K19)) -> 16.666667 | M19: =100/12 -> 8.3333333 | N19: =IF(M19=0,0,(L19+M19)) -> 25 | O19: =100/12 -> 8.3333333 | P19: =IF(O19=0,0,(N19+O19)) -> 33.333333 | Q19: =100/12 -> 8.3333333 | R19: =IF(Q19=0,0,(P19+Q19)) -> 41.666667 | S19: =100/12 -> 8.3333333 | T19: =IF(S19=0,0,(R19+S19)) -> 50 | U19: =100/12 -> 8.3333333 | V19: =IF(U19=0,0,(T19+U19)) -> 58.333333 | W19: =100/12 -> 8.3333333 | X19: =IF(W19=0,0,(V19+W19)) -> 66.666667 | Y19: =100/12 -> 8.3333333 | Z19: =IF(Y19=0,0,(X19+Y19)) -> 75 | AA19: =100/12 -> 8.3333333 | AB19: =IF(AA19=0,0,(Z19+AA19)) -> 83.333333 | AC19: =100/12 -> 8.3333333 | AD19: =IF(AC19=0,0,(AB19+AC19)) -> 91.666667 | AE19: =100/12 -> 8.3333333
B21: TOTAL (%) - PREVISTO | E21: =SUM(E17:E19) -> 2182556.4 | F21: =SUM(F17:F17) -> 100 | G21: =+IF(F21=0,0,"%") -> % | H21: =SUMPRODUCT(H17,$F$17)/100 -> 0 | I21: =+SUMPRODUCT($F$17:$F$17,I17:I17)/100 -> 8.3333333 | J21: =I21+H21 -> 8.3333333 | K21: =+SUMPRODUCT($F$17:$F$17,K17:K17)/100 -> 8.3333333 | L21: =IF(K21=0,0,J21+K21) -> 16.666667 | M21: =+SUMPRODUCT($F$17:$F$17,M17:M17)/100 -> 8.3333333 | N21: =IF(M21=0,0,L21+M21) -> 25 | O21: =+SUMPRODUCT($F$17:$F$17,O17:O17)/100 -> 8.3333333 | P21: =IF(O21=0,0,N21+O21) -> 33.333333 | Q21: =+SUMPRODUCT($F$17:$F$17,Q17:Q17)/100 -> 8.3333333 | R21: =IF(Q21=0,0,P21+Q21) -> 41.666667 | S21: =+SUMPRODUCT($F$17:$F$17,S17:S17)/100 -> 8.3333333 | T21: =IF(S21=0,0,R21+S21) -> 50 | U21: =+SUMPRODUCT($F$17:$F$17,U17:U17)/100 -> 8.3333333 | V21: =IF(U21=0,0,T21+U21) -> 58.333333 | W21: =+SUMPRODUCT($F$17:$F$17,W17:W17)/100 -> 8.3333333 | X21: =IF(W21=0,0,V21+W21) -> 66.666667 | Y21: =+SUMPRODUCT($F$17:$F$17,Y17:Y17)/100 -> 8.3333333 | Z21: =IF(Y21=0,0,X21+Y21) -> 75 | AA21: =+SUMPRODUCT($F$17:$F$17,AA17:AA17)/100 -> 8.3333333 | AB21: =IF(AA21=0,0,Z21+AA21) -> 83.333333 | AC21: =+SUMPRODUCT($F$17:$F$17,AC17:AC17)/100 -> 8.3333333 | AD21: =IF(AC21=0,0,AB21+AC21) -> 91.666667 | AE21: =+SUMPRODUCT($F$17:$F$17,AE17:AE17)/100 -> 8.3333333 | AF21: =IF(AE21=0,0,AD21+AE21) -> 100
B22: TOTAL (R$) - PREVISTO | E22: =+E21 -> 2182556.4 | F22: =+F21 -> 100 | G22: =+IF(F22=0,0,"R$") -> R$ | H22: =SUMPRODUCT(H17:H17,$F$17:$F$17)/100 -> 0 | I22: =IF(I21=0,0,($E$22*I21)/100) -> 181879.7 | J22: =I22+H22 -> 181879.7 | K22: =IF(K21=0,0,($E$22*K21)/100) -> 181879.7 | L22: =IF(K22=0,0,J22+K22) -> 363759.4 | M22: =IF(M21=0,0,($E$22*M21)/100) -> 181879.7 | N22: =IF(M22=0,0,L22+M22) -> 545639.1 | O22: =IF(O21=0,0,($E$22*O21)/100) -> 181879.7 | P22: =IF(O22=0,0,N22+O22) -> 727518.8 | Q22: =IF(Q21=0,0,($E$22*Q21)/100) -> 181879.7 | R22: =IF(Q22=0,0,P22+Q22) -> 909398.5 | S22: =IF(S21=0,0,($E$22*S21)/100) -> 181879.7 | T22: =IF(S22=0,0,R22+S22) -> 1091278.2 | U22: =IF(U21=0,0,($E$22*U21)/100) -> 181879.7 | V22: =IF(U22=0,0,T22+U22) -> 1273157.9 | W22: =IF(W21=0,0,($E$22*W21)/100) -> 181879.7 | X22: =IF(W22=0,0,V22+W22) -> 1455037.6 | Y22: =IF(Y21=0,0,($E$22*Y21)/100) -> 181879.7 | Z22: =IF(Y22=0,0,X22+Y22) -> 1636917.3 | AA22: =IF(AA21=0,0,($E$22*AA21)/100) -> 181879.7 | AB22: =IF(AA22=0,0,Z22+AA22) -> 1818797 | AC22: =IF(AC21=0,0,($E$22*AC21)/100) -> 181879.7 | AD22: =IF(AC22=0,0,AB22+AC22) -> 2000676.7 | AE22: =IF(AE21=0,0,($E$22*AE21)/100) -> 181879.7 | AF22: =IF(AE22=0,0,AD22+AE22) -> 2182556.4
B24: CONCEDENTE (R$) - PREVISTO | E24: =+E22*1 -> 2182556.4 | F24: =+E24/$E$21*100 -> 100 | G24: =+IF(F24=0,0,"R$") -> R$ | I24: =+I21/100*$E$24 -> 181879.7 | J24: =I24+H24 -> 181879.7 | K24: =+K21/100*$E$24 -> 181879.7 | L24: =IF(K24=0,0,J24+K24) -> 363759.4 | M24: =+M21/100*$E$24 -> 181879.7 | N24: =IF(M24=0,0,L24+M24) -> 545639.1 | O24: =+O21/100*$E$24 -> 181879.7 | P24: =IF(O24=0,0,N24+O24) -> 727518.8 | Q24: =+Q21/100*$E$24 -> 181879.7 | R24: =IF(Q24=0,0,P24+Q24) -> 909398.5 | S24: =+S21/100*$E$24 -> 181879.7 | T24: =IF(S24=0,0,R24+S24) -> 1091278.2 | U24: =+U21/100*$E$24 -> 181879.7 | V24: =IF(U24=0,0,T24+U24) -> 1273157.9 | W24: =+W21/100*$E$24 -> 181879.7 | X24: =IF(W24=0,0,V24+W24) -> 1455037.6 | Y24: =+Y21/100*$E$24 -> 181879.7 | Z24: =IF(Y24=0,0,X24+Y24) -> 1636917.3 | AA24: =+AA21/100*$E$24 -> 181879.7 | AB24: =IF(AA24=0,0,Z24+AA24) -> 1818797 | AC24: =+AC21/100*$E$24 -> 181879.7 | AD24: =IF(AC24=0,0,AB24+AC24) -> 2000676.7 | AE24: =+AE21/100*$E$24 -> 181879.7 | AF24: =IF(AE24=0,0,AD24+AE24) -> 2182556.4
C30: =+NOW() -> 45845.421
C31: DATA | Q31: =_xlfn.CONCAT(Q6," - ",SUBSTITUTE(O7,":","")) -> Renato Cesar de Freitas - CREA 228795-D/SP

Sheet ANEXO_IIIa_COLETA_TRANSP_SEDE
B2: ANEXO III – PLANILHAS ORÇAMENTÁRIAS E CUSTOS UNITÁRIOS COMPOSIÇÃO DE CUSTOS DO SERVIÇO DE COLETA E TRANSPORTE DE RESÍDUOS SÓLIDOS DOMICILIARES E EQUIPARÁVEIS NO DISTRITO SEDE
B4: 1) COLETA E TRANSPORTE DE RESÍDUOS DISTRITO SEDE
B6: 1.1) Demanda da coleta convencional | G6: Dias úteis por mês | H6: 25.25
B8: Estimativa da população atendida | E8: hab. | F8: 22778
B9: Estimativa do número de domicílios | E9: unid. | F9: 7937
B10: Geração total de resíduos sólidos domiciliares | E10: t/ano | F10: 6817.2448
B12: Massa específica média dos Resíduos Sólidos Domiciliares | E12: 153.54 | F12: Kg/m³
B14: Demanda de coleta dos resíduos | E14: =F10/(H6*12) -> 22.499158 | F14: t/dia.útil
B15: Demanda de coleta dos resíduos | E15: =E14*1000/E12 -> 146.53613 | F15: m³/dia.útil
B17: N° de veículos coletores | F17: 2
B19: 1.1.1) Equipe
B21: Reserva técnica | E21: 0
B23: N° de Motorista de coleta | E23: 2
B24: N° de Coletores de lixo | E24: 4
B25: Nº de Encarregado Geral | E25: 1
B26: Reserva Técnica | E26: =E21 -> 0
B27: N° total de funcionários | E27: =SUM(E23:E26) -> 7
B29: 1.1.2) Ferramentas, equipamentos e EPC's
B30: Ferramentas
B31: Item | E31: Parâmetro | H31: Quant.mês
B32: vassourão | E32: 12 | F32: unid./veículo.ano | H32: =TRUNC($F$17*E32/12,2) -> 2
B33: pá quadrada | E33: 6 | F33: unid./veículo.ano | H33: =TRUNC($F$17*E33/12,2) -> 1
B34: saco plástico de lixo | E34: 1000 | F34: unid./veículo.ano | H34: =TRUNC($F$17*E34/12,2) -> 166.66
B35: cedência de sacolas reutilizáveis | E35: 0 | F35: unid./domicílio.ano | H35: =TRUNC($F$9*E35/12,2) -> 0
B36: material orientativo (Panfletos) | E36: 0 | F36: unid./domicílio.ano | H36: =TRUNC($F$9*E36/12,2) -> 0
B37: Utilizou-se o truncar com duas casas decimais
B39: Equipamentos
B40: Item | E40: Parâmetro | G40: Vida útil (meses) | H40: Quantidade
B42: Utilizou-se o truncar com duas casas decimais
B44: EPC's
B45: Item | E45: Parâmetro | H45: Quant.mês
B46: Recipiente térmico para água (5L) | E46: 5 | F46: unid./veículo.ano | H46: =TRUNC(E46*$F$17/12,2) -> 0.83
B47: Cone de sinalização | E47: 6 | F47: unid./veículo.ano | H47: =TRUNC(E47*$F$17/12,2) -> 1
B48: Bandeirola | E48: 6 | F48: unid./veículo.ano | H48: =TRUNC(E48*$F$17/12,2) -> 1
B49: Utilizou-se o truncar com duas casas decimais
B51: N° de veículos
B52: Veículo | D52: Parâmetros | G52: Vida útil (meses) | H52: Quantidade
B53: Caminhão médio (toco) | G53: =5*12 -> 60 | H53: =TRUNC(F17,2) -> 2
B54: Implementos | D54: Parâmetros | G54: Vida útil (meses) | H54: Quantidade
B55: Compactador de 15 m³ | D55: 1 | E55: unid./caminhão | G55: =G53 -> 60 | H55: =H53 -> 2
B56: Utilizou-se o truncar com duas casas decimais
B58: 1.2.1) Mão-de-obra
B59: 1.2.1.1) Motorista
B60: Motorista | H60: =H76+H78+H82+H84+H104 -> 6668.98
B61: Salário - Motorista | E61: mês | F61: 1 | G61: 2346.04 | H61: =TRUNC(F61*G61,2) -> 2346.04
B62: Salário mínimo nacional | E62: mês | F62: 1 | G62: 1518
B63: Adicional Noturno | E63: horas trabalhadas
E64: hora contabilizada | F64: 0 | G64: =G61/220*0.2 -> 2.1327636 | H64: =TRUNC(F64*G64,2) -> 0
B65: Horas Extras (100%) | E65: hora | G65: =G61/220*2 -> 21.327636 | H65: =TRUNC(F65*G65,2) -> 0
B66: Horas Extras Noturnas (100%) | E66: horas trabalhadas
E67: hora contabilizada | F67: 0 | G67: =G61/220*2*1.2 -> 25.593164 | H67: =TRUNC(F67*G67,2) -> 0
B68: Horas Extras (50%) | E68: hora | G68: =G61/220*1.5 -> 15.995727 | H68: =TRUNC(F68*G68,2) -> 0
B69: Horas Extras Noturnas (50%) | E69: horas trabalhadas
B70: PPR | E70: mês | F70: 1 | G70: =750/12 -> 62.5 | H70: =TRUNC(F70*G70,2) -> 62.5
B71: Descanso Semanal Remunerado (DSR) - hora extra | E71: R$ | G71: =TRUNC(((52+9)/304)*(SUM(H65:H70)),2) -> 12.54 | H71: =G71 -> 12.54
B72: Prêmio assiduidade | E72: mês | F72: 1 | G72: 300 | H72: =G72*F72 -> 300
B73: Adicional de Insalubridade | E73: % | F73: 40 | G73: =IF(F72=2,SUM(H61:H71),IF(F72=1,SUM(H61:H71)*G62/G61,0)) -> 1566.5545 | H73: =TRUNC(F73*G73/100,2) -> 626.62
B74: Soma | H74: =SUM(H61:H73) -> 3347.7
B75: Encargos Sociais | E75: % | F75: =ANEXO_IIIe_ENCARGOS_SOCIAIS!D45*100 -> 71.46 | G75: =H74 -> 3347.7 | H75: =TRUNC(G75*F75/100,2) -> 2392.26
B76: Salário total | H76: =TRUNC(H74+H75,2) -> 5739.96
B77: Complementares
B78: Vale transporte | E78: mês/func. | F78: 1 | G78: =H81 -> 0 | H78: =TRUNC(G78*F78,2) -> 0
B79: Vale Transporte | E79: R$ | F79: 1
B80: Dias Trabalhados por mês | E80: dia | F80: =$H$6 -> 25.25
B81: =CONCATENATE("Vale Transporte - ",B60) -> Vale Transporte - Motorista | E81: vale | F81: =F80*2*1 -> 50.5 | G81: =IF(TRUNC(IFERROR(((G79)-((G61*0.06)/(F80*2))),"-"),2)<=0,0,TRUNC(IFERROR(((G79)-((G61*0.06)/(F80*2))),"-"),2)) -> 0 | H81: =TRUNC(IFERROR(F81*G81,"-"),2) -> 0
B82: Alimentação | E82: mês/func. | F82: 1 | G82: =H83 -> 413.09 | H82: =G82*F82 -> 413.09
B83: Alimentação (Café da manhã/Almoço) | E83: unidade | F83: =F80 -> 25.25 | G83: 16.36 | H83: =TRUNC(F83*G83,2) -> 413.09
B84: Prêmio Cesta Básica | E84: mês/func. | F84: 1 | G84: 120 | H84: =G84*F84 -> 120
B86: EPI's Motorista
B87: Item | E87: Unidade | F87: Quantidade anual | G87: Custo unitário | H87: Custo total mensal
B88: Bloqueador solar | E88: Unid. | F88: 12 | G88: 95 | H88: =TRUNC(F88*G88/12,2) -> 95
B89: Boné de brim | E89: Unid. | F89: 8 | G89: 45 | H89: =TRUNC(F89*G89/12,2) -> 30
B90: Calçado com solado antiderrapante | E90: Par | F90: 3 | G90: 72.4 | H90: =TRUNC(F90*G90/12,2) -> 18.1
B91: Calçado com solado de borracha | E91: Par | F91: 3 | G91: 65.32 | H91: =TRUNC(F91*G91/12,2) -> 16.33
B92: Calça Brim leve | E92: Unid. | F92: 0 | G92: 120 | H92: =TRUNC(F92*G92/12,2) -> 0
B93: Calça comprida | E93: Unid. | F93: 6 | G93: 120 | H93: =TRUNC(F93*G93/12,2) -> 60
B94: Calça social | E94: Unid. | F94: 0 | G94: 68.2 | H94: =TRUNC(F94*G94/12,2) -> 0
B95: Camisa Brim | E95: Unid. | F95: 6 | G95: 90 | H95: =TRUNC(F95*G95/12,2) -> 45
B96: Camisa social manga longa | E96: Unid. | F96: 0 | G96: 46.23 | H96: =TRUNC(F96*G96/12,2) -> 0
B97: Capa de chuva | E97: Unid. | F97: 0 | G97: 22.05 | H97: =TRUNC(F97*G97/12,2) -> 0
B98: Colete refletivo | E98: Unid. | F98: 0 | G98: 22.15 | H98: =TRUNC(F98*G98/12,2) -> 0
B99: Lanterna PVC | E99: Unid. | F99: 0 | G99: 67.9 | H99: =TRUNC(F99*G99/12,2) -> 0
... B102: Protetor auricular tipo plug | E102: Par | F102: 12 | G102: 5.25 | H102: =TRUNC(F102*G102/12,2) -> 5.25
B103: Utilizou-se o truncar com duas casas decimais
B104: Custo mensal com EPI's (R$/mês) | H104: =SUM(H88:H102) -> 395.93
B106: Quantidade | H106: =E23 -> 2
B107: Custo total mensal (R$/mês) | H107: =H106*H60 -> 13337.96
B109: 1.2.1.2) Coletores
B110: Coletor de lixo | H110: =H126+H128+H132+H134+H154 -> 6000.22
B111: Salário - Coletor de lixo | E111: mês | F111: 1 | G111: =1535+320.67 -> 1855.67 | H111: =TRUNC(F111*G111,2) -> 1855.67
B112: Salário mínimo nacional | E112: mês | F112: 1 | G112: =G62 -> 1518
B113: Adicional Noturno | E113: horas trabalhadas
E114: hora contabilizada | F114: 0 | G114: =G111/220*0.2 -> 1.6869727 | H114: =TRUNC(F114*G114,2) -> 0
B115: Horas Extras (100%) | E115: hora | G115: =G111/220*2 -> 16.869727 | H115: =TRUNC(F115*G115,2) -> 0
B116: Horas Extras Noturnas (100%) | E116: horas trabalhadas
E117: hora contabilizada | F117: 0 | G117: =G111/220*2*1.2 -> 20.243673 | H117: =TRUNC(F117*G117,2) -> 0
B118: Horas Extras (50%) | E118: hora | G118: =G111/220*1.5 -> 12.652295 | H118: =TRUNC(F118*G118,2) -> 0
B119: Horas Extras Noturnas (50%) | E119: horas trabalhadas
B120: PPR | E120: mês | F120: 1 | G120: =750/12 -> 62.5 | H120: =TRUNC(F120*G120,2) -> 62.5
B121: Descanso Semanal Remunerado (DSR) - hora extra | E121: R$ | G121: =TRUNC(((52+9)/304)*(SUM(H115:H120)),2) -> 12.54 | H121: =G121 -> 12.54
...

Sheet ANEXO_IIIb_CONTEINERES
B2: ANEXO III – PLANILHAS ORÇAMENTÁRIAS E CUSTOS UNITÁRIOS COMPOSIÇÃO DE CUSTOS DO SERVIÇO DE FORNECIMENTO DE CONTÊINERES
B4: 1) FORNECIMENTO DE CONTÊINERES
B6: 1.1) Demanda de disponibilização de contêineres por localidade
B8: Nº de contêineres Distrito Indaiá do Sul | E8: unid. | F8: 6
B9: Nº de contêineres Bairro Seringal | E9: unid. | F9: 1
B12: 1.1.1) Equipe
B15: 1.1.2) Ferramentas, equipamentos e EPC's
B16: Ferramentas
B17: Item | E17: Parâmetro | H17: Quant.mês
E18: 0
B19: Utilizou-se o truncar com duas casas decimais
B21: Equipamentos
B22: Item | E22: Parâmetro | G22: Vida útil (meses) | H22: Quantidade
B23: Contêiner de Lixo de 1.200L | E23: =SUM(F8:F9) -> 7 | F23: unid./ano | G23: 24 | H23: =E23 -> 7
B24: Utilizou-se o truncar com duas casas decimais
B26: EPC's
B27: Item | E27: Parâmetro | H27: Quant.mês
E28: 0
B29: Utilizou-se o truncar com duas casas decimais
B31: N° de veículos
B32: Veículo | D32: Parâmetros | G32: Vida útil (meses) | H32: Quantidade
B34: Implementos | D34: Parâmetros | G34: Vida útil (meses) | H34: Quantidade
G35: =G33 -> 0 | H35: =H33 -> 0
B36: Utilizou-se o truncar com duas casas decimais
B38: 1.2.1) Mão-de-obra
B40: Custo mensal com mão-de-obra (R$/mês) | H40: =IFERROR(#REF!+#REF!+#REF!,0) -> 0
B42: 1.2.2) Ferramentas
B43: Item | E43: Unidade | F43: Quantidade mensal | G43: Custo unitário | H43: Custo total mensal
B44: =B18 -> 0 | E44: unid. | F44: =H18 -> 0 | H44: =TRUNC(G44*F44,2) -> 0
B45: Utilizou-se o truncar com duas casas decimais
B46: Custo mensal com ferramentas (R$/mês) | H46: =SUM(H44:H44) -> 0
B48: 1.2.3) Equipamentos
B49: ="1.2.3.1) "&B23 -> 1.2.3.1) Contêiner de Lixo de 1.200L
B50: =B23 -> Contêiner de Lixo de 1.200L | F50: 0 | G50: R$/Mês | H50: =TRUNC(H55+H59+H63,2) -> 247.11
B51: Valor de aquisição | F51: R$ | H51: 3000
B52: Vida útil | F52: anos | H52: 2
B53: Taxa de valor residual | F53: % | H53: 0
B54: Investimento médio | F54: R$ | H54: =TRUNC((H51*(1-H53/100))*(H52+1)/(H52*2)+H51*H53/100,2) -> 2250
B55: Depreciação mensal | F55: R$/Mês | H55: =TRUNC(H58,2) -> 125
B56: Taxa de valor residual | F56: % | H56: =H53/100 -> 0
B57: Valor residual | F57: R$ | H57: =H56*H51 -> 0
B58: Depreciação mensal | F58: R$/mês | H58: =((H51-H57)/((H52*12))) -> 125
B59: Remuneração mensal de capital | F59: R$/Mês | H59: =TRUNC(H62,2) -> 9.61
B60: Taxa de juros do mercado (a.a) | F60: % | H60: 0.0525
B61: Investimento médio | F61: R$ | H61: =H54 -> 2250
B62: Remuneração de capital | F62: R$/mês | H62: =((1+H60)^(1/12)-1)*(H61) -> 9.6145375
B63: Manutenção | F63: R$/Mês | H63: =TRUNC(H65,2) -> 112.5
B64: Coef. de manutenção | H64: 0.9
B65: Custo de Manutenção | F65: R$/mês | H65: =(H51*H64)/(H52*12) -> 112.5
B66: Quantidade de contêineres | H66: =H23 -> 7
B67: Custo mensal (R$/mês) | H67: =H66*H50 -> 1729.77
B69: Custo mensal com Equipamentos (R$/mês) | H69: =IFERROR(H67,0) -> 1729.77
B71: 1.2.4) EPC's
B72: Item | E72: Unidade | F72: Quantidade mensal | G72: Custo unitário | H72: Custo total mensal
B73: =B28 -> 0 | E73: unid. | F73: =H28 -> 0 | H73: =TRUNC(F73*G73,2) -> 0
B74: Utilizou-se o truncar com duas casas decimais
B75: Custo mensal com EPC's (R$/mês) | H75: =SUM(H73:H73) -> 0
B77: 1.2.5) Veículos
B79: Custo mensal com Veículos (R$/mês) | H79: =IFERROR(#REF!,0) -> 0
B81: 1.3) CUSTO TOTAL COM O SERVIÇO
B82: =B40 -> Custo mensal com mão-de-obra (R$/mês) | H82: =H40 -> 0
B83: =B46 -> Custo mensal com ferramentas (R$/mês) | H83: =H46 -> 0
B84: =B69 -> Custo mensal com Equipamentos (R$/mês) | H84: =H69 -> 1729.77
B85: =B75 -> Custo mensal com EPC's (R$/mês) | H85: =H75 -> 0
B86: Custo mensal com veículos (R$/mês) | H86: =H79 -> 0
B87: TOTAL (R$/mês) | H87: =SUM(H82:H86) -> 1729.77
B89: 1.4) PREÇO
B90: Custo unitário do serviço (R$/contêiner.mês) | F90: =TRUNC(H87/H66,2) -> 247.11
B91: Benefícios e despesas indiretas (BDI) | F91: =ANEXO_IIId_BDI!$D$16 -> 0.3234
B92: Total unitário (R$/contêiner.mês) | F92: =TRUNC(F90*(1+F91),2) -> 327.02
B94: 1.5) CUSTO DO SERVIÇO
B95: Total geral mensal (R$/mês) | F95: =F92*H66 -> 2289.14

Sheet ANEXO_IIIc_COLETA_DISTRITOS
B2: ANEXO III – PLANILHAS ORÇAMENTÁRIAS E CUSTOS UNITÁRIOS COMPOSIÇÃO DE CUSTOS DO SERVIÇO DE COLETA E TRANSPORTE DE RESÍDUOS SÓLIDOS DOMICILIARES E EQUIPARÁVEIS NOS CONTÊINERES INSTALADOS NO DISTRITO DE INDAIÁ DO SUL E NO BAIRRO SERINGAL
B4: 1) COLETA E TRANSPORTE DE RESÍDUOS DEMAIS LOCALIDADES
B6: 1.1) Demanda da coleta Demais Localidades | G6: Semanas por mês | H6: =TRUNC(52/12,2) -> 4.33
B8: Estimativa de viagens por mês | E8: unid. | F8: =H6 -> 4.33
B9: Distância percorrida por viagem | E9: km | F9: 139
B12: 1.1.1) Equipe
B13: Equipe já remunerada junto ao serviço de Coleta Convencional
B15: 1.1.2) Ferramentas, equipamentos e EPC's
B16: Ferramentas
B17: Item | E17: Parâmetro | H17: Quant.mês
E18: 0 | H18: =TRUNC($F$8*E18/12,2) -> 0
B19: Utilizou-se o truncar com duas casas decimais
B21: Equipamentos
B22: Item | E22: Parâmetro | G22: Vida útil (meses) | H22: Quantidade
H23: =E23 -> 0
B24: Utilizou-se o truncar com duas casas decimais
B26: EPC's
B27: Item | E27: Parâmetro | H27: Quant.mês
B29: Utilizou-se o truncar com duas casas decimais
B31: N° de veículos
B32: Veículo | D32: Parâmetros | G32: Vida útil (meses) | H32: Quantidade
B34: Implementos | D34: Parâmetros | G34: Vida útil (meses) | H34: Quantidade
G35: =G33 -> 0 | H35: =H33 -> 0
B36: Utilizou-se o truncar com duas casas decimais
B38: 1.2.1) Mão-de-obra
B40: Custo mensal com mão-de-obra (R$/mês) | H40: =IFERROR(#REF!+#REF!+#REF!,0) -> 0
B42: 1.2.2) Ferramentas
B43: Item | E43: Unidade | F43: Quantidade mensal | G43: Custo unitário | H43: Custo total mensal
B44: =B18 -> 0 | E44: unid. | F44: =H18 -> 0 | H44: =TRUNC(G44*F44,2) -> 0
B45: Utilizou-se o truncar com duas casas decimais
B46: Custo mensal com ferramentas (R$/mês) | H46: =SUM(H44:H44) -> 0
B48: 1.2.3) Equipamentos
B50: Custo mensal com Equipamentos (R$/mês) | H50: =IFERROR(#REF!,0) -> 0
B52: 1.2.4) EPC's
B53: Item | E53: Unidade | F53: Quantidade mensal | G53: Custo unitário | H53: Custo total mensal
B54: =B28 -> 0 | H54: =TRUNC(F54*G54,2) -> 0
B55: Utilizou-se o truncar com duas casas decimais
B56: Custo mensal com EPC's (R$/mês) | H56: =SUM(H54:H54) -> 0
B58: 1.2.5) Veículos
B59: =ANEXO_IIIa_COLETA_TRANSP_SEDE!B233 -> 1.2.5.1) Caminhão médio (toco) c/ implemento Compactador de 15 m³
B60: =ANEXO_IIIa_COLETA_TRANSP_SEDE!B234 -> Caminhão médio (toco) c/ implemento Compactador de 15 m³ | F60: 0 | G60: R$/Mês | H60: =TRUNC(H62+H64+H66+H68+H73+H85,2) -> 2006.38
B61: Valores já remunerados pelo serviço de Coleta Convencional
B62: Depreciação mensal | F62: R$/Mês | H62: =TRUNC(H63,2) -> 0
B63: Valores já remunerados pelo serviço de Coleta Convencional | F63: R$/mês
B64: Remuneração mensal de capital | F64: R$/Mês | H64: =TRUNC(H65,2) -> 0
B65: Valores já remunerados pelo serviço de Coleta Convencional | F65: R$/mês
B66: Impostos e seguros | F66: R$/Mês | H66: =TRUNC(H67,2) -> 0
B67: Valores já remunerados pelo serviço de Coleta Convencional | F67: R$/mês
B68: Custo de operação | F68: R$/Mês | H68: =TRUNC(H71+H72,2) -> 1705.45
B69: Combustível - Diesel | F69: R$ | H69: 6.44
B70: Custo com combustível por Km | F70: R$/Km | G70: 2.5 | H70: =H69/G70 -> 2.576
B71: Custo com combustível por mês | F71: R$/Mês | G71: =H6*F9 -> 601.87 | H71: =H70*G71 -> 1550.4171
B72: Custo com óleos, filtros e lubrificantes | F72: R$/Mês | G72: 0.1 | H72: =H71*G72 -> 155.04171
B73: Pneus e recauchutagem | F73: R$/Mês | H73: =TRUNC(H83*H84,2) -> 300.93
B74: Pneu | F74: R$ | H74: =ANEXO_IIIa_COLETA_TRANSP_SEDE!H262 -> 1773
B75: Câmara nova | F75: R$
B76: Protetor novo | F76: R$
B77: N° total de pneus do véiculo | F77: unid | H77: 6
B78: N° total de pneus do implemento | F78: unid | H78: 0
B79: Recauchutagem | F79: R$ | H79: =ANEXO_IIIa_COLETA_TRANSP_SEDE!H267 -> 580
B80: Vida útil do pneu novo | F80: km | H80: 30000
B81: Vida útil do pneu novo c/ recauchutagem | F81: km | H81: 20000
B82: Coef. de perdas da carcaças antes da recauchutagem | F82: % | H82: 0.2
B83: Preço do pneus + recauchutagem p/ Km | F83: R$/Km | H83: 0.5
B84: Quilometragem rodada no mês | F84: Km | H84: =G71 -> 601.87
B85: Manutenção | F85: R$/Mês | H85: =TRUNC(H86,2) -> 0
B86: Valores já remunerados pelo serviço de Coleta Convencional
B87: Quantidade de veículos | H87: 1
B88: Custo mensal (R$/mês) | H88: =H87*H60 -> 2006.38
B90: Custo mensal com Veículos (R$/mês) | H90: =IFERROR(H88,0) -> 2006.38
B92: 1.3) CUSTO TOTAL COM O SERVIÇO
B93: =B40 -> Custo mensal com mão-de-obra (R$/mês) | H93: =H40 -> 0
B94: =B46 -> Custo mensal com ferramentas (R$/mês) | H94: =H46 -> 0
B95: =B50 -> Custo mensal com Equipamentos (R$/mês) | H95: =H50 -> 0
B96: =B56 -> Custo mensal com EPC's (R$/mês) | H96: =H56 -> 0
B97: Custo mensal com veículos (R$/mês) | H97: =H90 -> 2006.38
B98: TOTAL (R$/mês) | H98: =SUM(H93:H97) -> 2006.38
B100: 1.4) PREÇO
B101: Custo unitário do serviço (R$/viagem.mês) | F101: =TRUNC(H98/F8,2) -> 463.36
B102: Benefícios e despesas indiretas (BDI) | F102: =ANEXO_IIId_BDI!$D$16 -> 0.3234
B103: Total unitário (R$/viagem.mês) | F103: =TRUNC(F101*(1+F102),2) -> 613.21
B105: 1.5) CUSTO DO SERVIÇO
B106: Total geral mensal (R$/mês) | F106: =TRUNC(F103*F8,2) -> 2655.19

Sheet ANEXO_IIId_BDI
B2: ANEXO III – PLANILHAS ORÇAMENTÁRIAS E CUSTOS UNITÁRIOS COMPOSIÇÃO DO BDI
B4: Composição do BDI - Benefícios e Despesas Indiretas
E6: Referência estudo TCE
E7: 1° Quartil | F7: Médio | G7: 3° Quartil
B8: Administração Central | C8: AC | D8: 0.0125 | E8: 0.0297 | F8: 0.0508 | G8: 0.0627
B9: Seguros/Riscos/Garantias | C9: SRG | D9: 0.0086 | E9: =0.3%+0.56% -> 0.0086 | F9: =0.48%+0.85% -> 0.0133 | G9: =0.82%+0.89% -> 0.0171
B10: Lucro | C10: L | D10: 0.0778 | E10: 0.0778 | F10: 0.1085 | G10: 0.1355
B11: Despesas Financeiras | C11: DF | D11: =(1+F11)^(F12/252)-1 -> 0.0061100534 | E11: i | F11: 0.0525
B12: Tributos - ISS* | C12: T | D12: 0.05 | E12: DU | F12: 30
B13: Tributos - PIS/COFINS/CSLL/IRPJ (Lucro Presumido) | D13: 0.1133
B14: Fórmula para o cálculo do BDI:
B15: {[(1+AC+SRG) x (1+L) x (1+DF)] / (1-T)} -1
B16: Resultado do cálculo do BDI: | D16: =ROUND((((1+D8+D9)*(1+D10)*(1+D11))/(1-(D12+D13))-1),4) -> 0.3234 | E16: 0.2143 | F16: 0.2717 | G16: 0.3362

Sheet ANEXO_IIIe_ENCARGOS_SOCIAIS
B3: ANEXO III – PLANILHAS ORÇAMENTÁRIAS E CUSTOS UNITÁRIOS COMPOSIÇÃO DOS ENCARGOS SOCIAIS
B5: Composição dos Encargos Sociais - Mensalistas
B7: GRUPO A
B8: A1 | C8: INSS | D8: 0.2
B9: A2 | C9: SESI | D9: 0.015
B10: A3 | C10: SENAI | D10: 0.01
B11: A4 | C11: INCRA | D11: 0.002
B12: A5 | C12: SEBRAE | D12: 0.006
B13: A6 | C13: Salário Educação | D13: 0.025
B14: A7 | C14: Seguro Contra Acidentes de Trabalho | D14: 0.03
B15: A8 | C15: FGTS | D15: 0.08
B16: A9 | C16: SECONCI | D16: 0.01
C17: SUBTOTAL | D17: =SUM(D8:D16) -> 0.378
B19: GRUPO B
B20: B1 | C20: Repouso Semanal Remunerado | D20: 0
B21: B2 | C21: Feriados | D21: 0
B22: B3 | C22: Auxílio Enfermidade | D22: 0.0064
B23: B4 | C23: 13º Salário | D23: 0.0833
B24: B5 | C24: Licença Paternidade | D24: 0.0004
B25: B6 | C25: Faltas Justificadas | D25: 0.0056
B26: B7 | C26: Dias de Chuvas | D26: 0
B27: B8 | C27: Auxílio Acidente de Trabalho | D27: 0.0008
B28: B9 | C28: Férias Gozadas | D28: 0.0885
B29: B10 | C29: Salário Maternidade | D29: 0.0003
C30: SUBTOTAL | D30: =SUM(D20:D29) -> 0.1853
B32: GRUPO C
B33: C1 | C33: Aviso Prévio Indenizado | D33: 0.0364
B34: C2 | C34: Aviso Prévio Trabalhado | D34: 0.0009
B35: C3 | C35: Férias Indenizadas + 1/3 | D35: 0.0176
B36: C4 | C36: Depósito por despedida injusta | D36: 0.02
B37: C5 | C37: Indenização Adicional | D37: 0.0031
C38: SUBTOTAL | D38: =SUM(D33:D37) -> 0.078
B40: GRUPO D
B41: D1 | C41: Reincidência de A sobre B | D41: 0.07
B42: D2 | C42: Reincidência de A sobre Aviso Prévio Trabalhado + Reincidência FGTS sobre Aviso Prévio Indenizado | D42: 0.0033
C43: SUBTOTAL | D43: =SUM(D41:D42) -> 0.0733
C45: TOTAL | D45: =D43+D38+D30+D17 -> 0.7146
B46: Fonte: SINAPI (junho 2024)

Sheet 6.ADM
B1: 6) ADMINISTRAÇÃO LOCAL
B3: 6.1) Demanda da coleta de resíduos | G3: Dias úteis p/ mês | H3: 25.33
B5: N° de veículos para deslocamento das equipes (ônibus) | G5: =ROUND(P6*E55,0) -> 1 | L5: SOMA DO NÚMERO DE FISCAIS (ENCARREGADOS DE SERVIÇOS) | P5: ='1.VARRICAO_MAN'!D45+'2.ROC_MEC_CAP_RASP'!E28+'2.ROC_MEC_CAP_RASP'!E225+'2.ROC_MEC_CAP_RASP'!E461+'3.PINTURA_MEIO-FIO'!E20+'4.LIMP_EVENTOS'!E23 -> 8
B6: N° de veículos para deslocamento das equipes (Vans) | G6: 1 | L6: Total de colaboradores nos serviços | P6: ='1.VARRICAO_MAN'!D47+'2.ROC_MEC_CAP_RASP'!E30+'2.ROC_MEC_CAP_RASP'!E227+'2.ROC_MEC_CAP_RASP'!E463+'3.PINTURA_MEIO-FIO'!E23+'4.LIMP_EVENTOS'!E25+ANEXO_IIIa_COLETA_TRANSP_SEDE!E27 -> 103
B7: N° de veículos para deslocamento dos Supervisores gerais (moto) | G7: =D17 -> 1 | L7: NR4, quadro II, Grau 3 de risco, mais de 101 funcionários
B10: 6.1.1) Equipe
B12: Reserva técnica | D12: 0
B14: N° de Motorista | D14: =SUM(G5:G6) -> 2
B15: N° de Gerente operacional | D15: 1
B16: N° de Secretários | D16: =D15*2 -> 2
B17: Nº de Supervisores | D17: =ROUND(P5/7,0) -> 1
B18: Nº de Técnico em Segurança do Trabalho | D18: 1
B19: N° de Porteiro | D19: 1
B20: Reserva Técnica | D20: =D12 -> 0
B21: N° total de funcionários | D21: =SUM(D14:D20) -> 8
B23: 6.1.2) Ferramentas, equipamentos e EPI's
B25: Ferramentas
B26: Item | E26: Parâmetro | H26: Quant.mês
B28: Utilizou-se o truncar com duas casas decimais
B30: Equipamentos
B31: Item | E31: Parâmetro | G31: Vida útil (meses) | H31: Quantidade
B33: Utilizou-se o truncar com duas casas decimais
B35: EPI's
B36: Item | E36: Parâmetro | H36: Quant.mês
B37: Jaqueta com reflexivo | E37: 1 | F37: unid./funcionário.ano | H37: =TRUNC(E37*$D$21/12,2) -> 0.66 | L37: *Fonte: NBR 15.292
B38: Calça de Brim | E38: 3 | F38: unid./funcionário.ano | H38: =TRUNC(E38*$D$21/12,2) -> 2 | L38: *Fonte: IBRAOP - PROC - IBR -RSU 012/2018
B39: Camiseta manga longa com faixa reflexiva | E39: 3 | F39: unid./funcionário.ano | H39: =TRUNC(E39*$D$21/12,2) -> 2 | L39: *Fonte: IBRAOP - PROC - IBR -RSU 012/2018
B40: Boné de Brim | E40: 2 | F40: unid./funcionário.ano | H40: =TRUNC(E40*$D$21/12,2) -> 1.33 | L40: *Fonte: IBRAOP - PROC - IBR -RSU 012/2018
B41: Botina De Segurança C/ Ponta E Biqueira Com Sola Antiderrapante | E41: 3 | F41: par./funcionário.ano | H41: =TRUNC(E41*$D$21/12,2) -> 2 | L41: *Fonte: IBRAOP - PROC - IBR -RSU 012/2018
B42: Capa de chuva amarela com reflexivo | E42: 2 | F42: unid./funcionário.ano | H42: =TRUNC(E42*$D$21/12,2) -> 1.33 | L42: *Fonte: IBRAOP - PROC - IBR -RSU 012/2018
B43: Colete reflexivo | E43: 2 | F43: unid./funcionário.ano | H43: =TRUNC(E43*$D$21/12,2) -> 1.33 | L43: *Fonte:
B44: Luva Tricotada com revestimento Nitrílico | E44: 8 | F44: par./funcionário.ano | H44: =TRUNC(E44*$D$21/12,2) -> 5.33 | L44: *Fonte: IBRAOP - PROC - IBR -RSU 012/2018
B45: Protetor solar FPS 30 | E45: 12 | F45: unid./funcionário.ano | H45: =TRUNC(E45*$D$21/12,2) -> 8
B46: Utilizou-se o truncar com duas casas decimais
B48: EPC's
B49: Item | E49: Parâmetro | H49: Quant.mês
B50: Cone de sinalização | E50: 2 | F50: unid./veículo.ano | H50: =$G$5*E50/12 -> 0.16666667 | L50: *Fonte:
B51: Utilizou-se o truncar com duas casas decimais
B53: N° de veículos
B54: Item | E54: Parâmetro | G54: Vida útil (meses) | H54: Quantidade
B55: Ônibus | E55: =1/80 -> 0.0125 | F55: unid./colaboradores | G55: =7*12 -> 84 | H55: =G5 -> 1 | L55: *Fonte:
B56: Vans | E56: 1 | F56: unid./administrativo | G56: =6*12 -> 72 | H56: =G6 -> 1 | L56: *Fonte:
B57: Motos | E57: 1 | F57: unid./encarregado | G57: 36 | H57: =G7 -> 1 | L57: *Fonte:
B58: Utilizou-se o truncar com duas casas decimais
B60: 6.2) CUSTO UNITÁRIO
B61: 6.2.1) Mão-de-obra
B62: 6.2.1.1) Motorista
B63: Motorista | H63: =H79+H81+H85+H87 -> 3945.52
B64: =CONCATENATE("Salário - ",B63) -> Salário - Motorista | E64: mês | F64: 1 | G64: =VLOOKUP(B64,Tabela3[[#All],[descrição]:[fonte]],4,FALSE) -> 1742.04 | H64: =TRUNC(F64*G64,2) -> 1742.04
B65: Salário mínimo nacional | E65: mês | F65: 1 | G65: =VLOOKUP(B65,Tabela3[[#All],[descrição]:[fonte]],4,FALSE) -> 1045
B66: Adicional Noturno | E66: horas trabalhadas
E67: hora contabilizada | F67: =F66*8/7 -> 0 | G67: =G64/220*0.2 -> 1.5836727 | H67: =TRUNC(F67*G67,2) -> 0
B68: Horas Extras (100%) | E68: hora | G68: =G64/220*2 -> 15.836727 | H68: =TRUNC(F68*G68,2) -> 0
B69: Horas Extras Noturnas (100%) | E69: horas trabalhadas
E70: hora contabilizada | F70: =F69*8/7 -> 0 | G70: =G64/220*2*1.2 -> 19.004073 | H70: =TRUNC(F70*G70,2) -> 0
B71: Horas Extras (50%) | E71: hora | G71: =G64/220*1.5 -> 11.877545 | H71: =TRUNC(F71*G71,2) -> 0
B72: Horas Extras Noturnas (50%) | E72: horas trabalhadas
E73: hora contabilizada | F73: =F72*8/7 -> 0 | G73: =G64/220*1.5*1.2 -> 14.253055 | H73: =TRUNC(F73*G73,2) -> 0
B74: Descanso Semanal Remunerado (DSR) - hora extra | E74: R$ | G74: =TRUNC(((52+9)/304)*(SUM(H68:H73)),2) -> 0 | H74: =G74 -> 0
B75: Base de cálculo da Insalubridade | F75: 1
B76: Adicional de Insalubridade | E76: % | F76: =VLOOKUP(B64,Tabela3[[#All],[descrição]:[fonte]],3,FALSE) -> 20 | G76: =IF(F75=2,SUM(H64:H74),IF(F75=1,SUM(H64:H74)*G65/G64,0)) -> 1045 | H76: =TRUNC(F76*G76/100,2) -> 209
B77: Soma | H77: =SUM(H64:H76) -> 1951.04
B78: Encargos Sociais | E78: % | F78: =VLOOKUP(B78,Tabela3[[#All],[descrição]:[fonte]],4,FALSE) -> 70.49 | G78: =H77 -> 1951.04 | H78: =TRUNC(G78*F78/100,2) -> 1375.28
B79: Salário total | H79: =TRUNC(H77+H78,2) -> 3326.32
B80: Complementares
B81: Vale transporte | E81: mês/func. | F81: 1 | G81: =H84 -> 95.24 | H81: =TRUNC(G81*F81,2) -> 95.24
B82: Vale Transporte | E82: R$ | F82: 1 | G82: =VLOOKUP(B82,Tabela3[[#All],[descrição]:[fonte]],4,FALSE) -> 3.95
B83: Dias Trabalhados por mês | E83: dia | F83: =$H$3 -> 25.33
B84: =CONCATENATE("Vale Transporte - ",B63) -> Vale Transporte - Motorista | E84: vale | F84: =F83*2*1 -> 50.66 | G84: =IF(TRUNC(IFERROR(((G82)-((G64*0.06)/(F83*2))),"-"),2)<=0,0,TRUNC(IFERROR(((G82)-((G64*0.06)/(F83*2))),"-"),2)) -> 1.88 | H84: =TRUNC(IFERROR(F84*G84,"-"),2) -> 95.24
B85: Alimentação | E85: mês/func. | F85: 1 | G85: =H86 -> 303.96 | H85: =G85*F85 -> 303.96
B86: Alimentação (Café da manhã/Almoço) | E86: unidade | F86: =F83 -> 25.33 | G86: =VLOOKUP(B86,Tabela3[[#All],[descrição]:[fonte]],4,FALSE) -> 12 | H86: =TRUNC(F86*G86,2) -> 303.96
B87: Auxilio Alimentação | E87: mês/func. | F87: 1 | G87: =VLOOKUP(B87,Tabela3[[#All],[descrição]:[fonte]],4,FALSE) -> 220 | H87: =G87*F87 -> 220
B88: Quantidade | H88: =D14 -> 2
B89: Custo total mensal (R$/mês) | H89: =H88*H63 -> 7891.04
B91: 6.2.1.2) Gerente operacional
B92: Gerente operacional | H92: =H108+H110+H114+H116 -> 15135.19
B93: =CONCATENATE("Salário - ",B92) -> Salário - Gerente operacional | E93: mês | F93: 1 | G93: =VLOOKUP(B93,Tabela3[[#All],[descrição]:[fonte]],4,FALSE) -> 8570.14 | H93: =TRUNC(F93*G93,2) -> 8570.14
B94: Salário mínimo nacional | E94: mês | F94: 1 | G94: =VLOOKUP(B94,Tabela3[[#All],[descrição]:[fonte]],4,FALSE) -> 1045
B95: Adicional Noturno | E95: horas trabalhadas
E96: hora contabilizada | F96: =F95*8/7 -> 0 | G96: =G93/220*0.2 -> 7.7910364 | H96: =TRUNC(F96*G96,2) -> 0
B97: Horas Extras (100%) | E97: hora | G97: =G93/220*2 -> 77.910364 | H97: =TRUNC(F97*G97,2) -> 0
B98: Horas Extras Noturnas (100%) | E98: horas trabalhadas
E99: hora contabilizada | F99: =F98*8/7 -> 0 | G99: =G93/220*2*1.2 -> 93.492436 | H99: =TRUNC(F99*G99,2) -> 0
B100: Horas Extras (50%) | E100: hora | G100: =G93/220*1.5 -> 58.432773 | H100: =TRUNC(F100*G100,2) -> 0
B101: Horas Extras Noturnas (50%) | E101: horas trabalhadas
E102: hora contabilizada | F102: =F101*8/7 -> 0 | G102: =G93/220*1.5*1.2 -> 70.119327 | H102: =TRUNC(F102*G102,2) -> 0
B103: Descanso Semanal Remunerado (DSR) - hora extra | E103: R$ | G103: =TRUNC(((52+9)/304)*(SUM(H97:H102)),2) -> 0 | H103: =G103 -> 0
B104: Base de cálculo da Insalubridade | F104: 1
B105: Adicional de Insalubridade | E105: % | F105: =VLOOKUP(B93,Tabela3[[#All],[descrição]:[fonte]],3,FALSE) -> 0 | G105: =IF(F104=2,SUM(H93:H103),IF(F104=1,SUM(H93:H103)*G94/G93,0)) -> 1045 | H105: =TRUNC(F105*G105/100,2) -> 0
B106: Soma | H106: =SUM(H93:H105) -> 8570.14
B107: Encargos Sociais | E107: % | F107: =VLOOKUP(B107,Tabela3[[#All],[descrição]:[fonte]],4,FALSE) -> 70.49 | G107: =H106 -> 8570.14 | H107: =TRUNC(G107*F107/100,2) -> 6041.09
B108: Salário total | H108: =TRUNC(H106+H107,2) -> 14611.23
B109: Complementares
B110: Vale transporte | E110: mês/func. | F110: 1 | G110: =H113 -> 0 | H110: =TRUNC(G110*F110,2) -> 0
B111: Vale Transporte | E111: R$ | F111: 1 | G111: =VLOOKUP(B111,Tabela3[[#All],[descrição]:[fonte]],4,FALSE) -> 3.95
B112: Dias Trabalhados por mês | E112: dia | F112: =$H$3 -> 25.33
B113: =CONCATENATE("Vale Transporte - ",B92) -> Vale Transporte - Gerente operacional | E113: vale | F113: =F112*2*1 -> 50.66 | G113: =IF(TRUNC(IFERROR(((G111)-((G93*0.06)/(F112*2))),"-"),2)<=0,0,TRUNC(IFERROR(((G111)-((G93*0.06)/(F112*2))),"-"),2)) -> 0 | H113: =TRUNC(IFERROR(F113*G113,"-"),2) -> 0
B114: Alimentação | E114: mês/func. | F114: 1 | G114: =H115 -> 303.96 | H114: =G114*F114 -> 303.96
B115: Alimentação (Café da manhã/Almoço) | E115: unidade | F115: =F112 -> 25.33 | G115: =VLOOKUP(B115,Tabela3[[#All],[descrição]:[fonte]],4,FALSE) -> 12 | H115: =TRUNC(F115*G115,2) -> 303.96
B116: Auxilio Alimentação | E116: mês/func. | F116: 1 | G116: =VLOOKUP(B116,Tabela3[[#All],[descrição]:[fonte]],4,FALSE) -> 220 | H116: =G116*F116 -> 220
...

Sheet QuadroII-NR4
A1: Nº de empregados no estabelecimento | B1: 50 | C1: 101 | D1: 251 | E1: 501 | F1: 1001 | G1: 2001 | H1: 3501 | I1: Acima de 5.000 para cada grupo de 4.000 ou fração acima de 2.000**
B2: a | C2: a | D2: a | E2: a | F2: a | G2: a | H2: a
B3: 100 | C3: 250 | D3: 500 | E3: 1000 | F3: 2000 | G3: 3500 | H3: 5000
A4: Técnicos
A5: Técnico Seg. Trabalho | B5: - | C5: - | D5: - | E5: 1 | F5: 1 | G5: 1 | H5: 2 | I5: 1
A6: Engenheiro Seg. Trabalho | B6: - | C6: - | D6: - | E6: - | F6: - | G6: 1* | H6: 1 | I6: 1*
A7: Aux. Enfermagem Trabalho | B7: - | C7: - | D7: - | E7: - | F7: - | G7: 1 | H7: 1 | I7: 1
A8: Enfermeiro do Trabalho | B8: - | C8: - | D8: - | E8: - | F8: - | G8: - | H8: 1* | I8: -
A9: Médico do Trabalho | B9: - | C9: - | D9: - | E9: - | F9: 1* | G9: 1* | H9: 1 | I9: 1*
A10: Técnico Seg. Trabalho | B10: - | C10: - | D10: - | E10: 1 | F10: 1 | G10: 2 | H10: 5 | I10: 1
A11: Engenheiro Seg. Trabalho | B11: - | C11: - | D11: - | E11: - | F11: 1* | G11: 1 | H11: 1 | I11: 1*
A12: Aux. Enfermagem Trabalho | B12: - | C12: - | D12: - | E12: - | F12: 1 | G12: 1 | H12: 1 | I12: 1
A13: Enfermeiro do Trabalho | B13: - | C13: - | D13: - | E13: - | F13: - | G13: - | H13: 1 | I13: -
A14: Médico do Trabalho | B14: - | C14: - | D14: - | E14: - | F14: 1* | G14: 1 | H14: 1 | I14: 1
A15: Técnico Seg. Trabalho | B15: - | C15: 1 | D15: 2 | E15: 3 | F15: 4 | G15: 6 | H15: 8 | I15: 3
A16: Engenheiro Seg. Trabalho | B16: - | C16: - | D16: - | E16: 1* | F16: 1 | G16: 1 | H16: 2 | I16: 1
A17: Aux. Enfermagem Trabalho | B17: - | C17: - | D17: - | E17: - | F17: 1 | G17: 2 | H17: 1 | I17: 1
A18: Enfermeiro do Trabalho | B18: - | C18: - | D18: - | E18: - | F18: - | G18: - | H18: 1 | I18: -
A19: Médico do Trabalho | B19: - | C19: - | D19: - | E19: 1* | F19: 1 | G19: 1 | H19: 2 | I19: 1
A20: Técnico Seg. Trabalho | B20: 1 | C20: 2 | D20: 3 | E20: 4 | F20: 5 | G20: 8 | H20: 10 | I20: 3
A21: Engenheiro Seg. Trabalho | B21: - | C21: 1* | D21: 1* | E21: 1 | F21: 1 | G21: 2 | H21: 3 | I21: 1
A22: Aux. Enfermagem Trabalho | B22: - | C22: - | D22: - | E22: 1 | F22: 1 | G22: 2 | H22: 1 | I22: 1
A23: Enfermeiro do Trabalho | B23: - | C23: - | D23: - | E23: - | F23: - | G23: - | H23: 1 | I23: -
A24: Médico do Trabalho | C24: 1* | D24: 1* | E24: 1 | F24: 1 | G24: 2 | H24: 3 | I24: 1

Sheet VARRICAO
A1: id | B1: Nome | C1: COMPRIMENT | D1: FREQUENCIA | E1: Setor | F1: UUID | G1: OBS | H1: ADOTADO | I1: LOCAL | J1: FREQUENC_1 | K1: SETOR_2 | L1: LENGTH | M1: COUNT | T1: Setor | U1: Frequência/Semana | V1: Comprimento (KM) | W1: Número de ruas | X1: Comprimento (m) | Y1: FreqXCompr
B2: Rua Sete de Setembro | C2: 489.9108 | D2: Esporádico | E2: Setor Centro | F2: {de63e911-2b65-4d3c-9d48-7a3a63d7daec} | G2: Ja executado | I2: Ponta Pora | J2: 4 Vezes na semana | K2: 7 | L2: 22003.444 | M2: 23 | P2: 1 | Q2: =SUMIF($K$2:$K$178,P2,$C$2:$C$178) -> 1751.597 | T2: 1 | U2: 1 | V2: =X2/1000 -> 1.751597 | W2: 3 | X2: =Q2 -> 1751.597 | Y2: =(U2*V2) -> 1.751597
B3: Rua Tiradentes | C3: 1498.601 | D3: Esporádico | E3: Setor Centro | F3: {43f52742-9183-4eb5-a4e3-01c7e06f903b} | G3: Ja executado | I3: Ponta Pora | J3: 4 Vezes na semana | K3: 7 | L3: 22003.444 | M3: 23 | P3: 2 | Q3: =SUMIF($K$2:$K$178,P3,$C$2:$C$178) -> 6335.8067 | T3: 2 | U3: 2 | V3: =X3/1000 -> 6.3358067 | W3: 6 | X3: =Q3 -> 6335.8067 | Y3: =(U3*V3) -> 12.671613
B4: Rua Tiradentes | C4: 2614.9273 | D4: Esporádico | E4: Setor Centro | F4: {43f52742-9183-4eb5-a4e3-01c7e06f903b} | G4: Ja executado | I4: Ponta Pora | J4: 2 Vezes na semana | K4: 8 | L4: 16471.624 | M4: 22 | P4: 3 | Q4: =SUMIF($K$2:$K$178,P4,$C$2:$C$178) -> 13189.644 | T4: 3 | U4: 3 | V4: =X4/1000 -> 13.189644 | W4: 15 | X4: =Q4 -> 13189.644 | Y4: =(U4*V4) -> 39.568931
B5: Rua Tiradentes | C5: 107.39657 | D5: Esporádico | E5: Setor Centro | F5: {43f52742-9183-4eb5-a4e3-01c7e06f903b} | G5: Ja executado | I5: Ponta Pora | J5: 2 Vezes na semana | K5: 9 | L5: 13203.929 | M5: 17 | P5: 4 | Q5: =SUMIF($K$2:$K$178,P5,$C$2:$C$178) -> 8958.7878 | T5: 4 | U5: 2 | V5: =X5/1000 -> 8.9587878 | W5: 12 | X5: =Q5 -> 8958.7878 | Y5: =(U5*V5) -> 17.917576
B6: Rua Duque de Caxias | C6: 1192.9503 | E6: Setor Centro | F6: {d3a5ce3b-2387-4255-8f6e-c7c73bdd222a} | G6: Seguiu proposta pintura meio-fio | I6: Ponta Pora | J6: 4 Vezes na semana | K6: 7 | L6: 22003.444 | M6: 23 | P6: 5 | Q6: =SUMIF($K$2:$K$178,P6,$C$2:$C$178) -> 13142.653 | T6: 5 | U6: 2 | V6: =X6/1000 -> 13.142653 | W6: 30 | X6: =Q6 -> 13142.653 | Y6: =(U6*V6) -> 26.285306
B7: Rua Calógeras | C7: 403.58419 | E7: Setor Centro | F7: {351ff5e1-a0d5-4434-81b0-95cfe49d10ce} | G7: Seguiu proposta pintura meio-fio | I7: Ponta Pora | J7: 2 Vezes na semana | K7: 8 | L7: 16471.624 | M7: 22 | P7: 6 | Q7: =SUMIF($K$2:$K$178,P7,$C$2:$C$178) -> 8868.7875 | T7: 6 | U7: 2 | V7: =X7/1000 -> 8.8687875 | W7: 11 | X7: =Q7 -> 8868.7875 | Y7: =(U7*V7) -> 17.737575
B8: Rua Baltazar Saldanha | C8: 1249.3655 | D8: Esporádico | E8: Setor Centro | F8: {891e82ee-1586-4bb9-b2d8-cc469e74f2c0} | G8: Ja executado | I8: Ponta Pora | J8: 4 Vezes na semana | K8: 7 | L8: 22003.444 | M8: 23 | P8: 7 | Q8: =SUMIF($K$2:$K$178,P8,$C$2:$C$178) -> 22003.444 | S8: SETOR CENTRO | T8: 7 | U8: 4 | V8: =X8/1000 -> 22.003444 | W8: 23 | X8: =Q8 -> 22003.444 | Y8: =(U8*V8) -> 88.013778
B9: Rua Baltazar Saldanha | C9: 2531.5543 | D9: Esporádico | E9: Setor Centro | F9: {891e82ee-1586-4bb9-b2d8-cc469e74f2c0} | G9: Ja executado | I9: Ponta Pora | J9: 2 Vezes na semana | K9: 8 | L9: 16471.624 | M9: 22 | P9: 8 | Q9: =SUMIF($K$2:$K$178,P9,$C$2:$C$178) -> 16471.624 | S9: SETOR CENTRO | T9: 8 | U9: 2 | V9: =X9/1000 -> 16.471624 | W9: 22 | X9: =Q9 -> 16471.624 | Y9: =(U9*V9) -> 32.943248
B10: Rua Dep. Aral Moreira | C10: 807.73625 | E10: Setor Centro | F10: {ec61cc11-d2b6-4b81-92c5-96d5f6c2e7dd} | G10: Seguiu proposta pintura meio-fio | I10: Ponta Pora | J10: 4 Vezes na semana | K10: 7 | L10: 22003.444 | M10: 23 | P10: 9 | Q10: =SUMIF($K$2:$K$178,P10,$C$2:$C$178) -> 13203.929 | T10: 9 | U10: 2 | V10: =X10/1000 -> 13.203929 | W10: 17 | X10: =Q10 -> 13203.929 | Y10: =(U10*V10) -> 26.407859
B11: Rua Dep. Aral Moreira | C11: 194.68567 | E11: Setor Centro | F11: {ec61cc11-d2b6-4b81-92c5-96d5f6c2e7dd} | G11: Seguiu proposta pintura meio-fio | I11: Ponta Pora | J11: 2 Vezes na semana | K11: 8 | L11: 16471.624 | M11: 22 | P11: 10 | Q11: =SUMIF($K$2:$K$178,P11,$C$2:$C$178) -> 7596.0664 | T11: 10 | U11: 2 | V11: =X11/1000 -> 7.5960664 | W11: 9 | X11: =Q11 -> 7596.0664 | Y11: =(U11*V11) -> 15.192133
B12: Rua Joaquim Pereira Teixeira | C12: 865.8082 | D12: Esporádico | E12: Setor Centro | F12: {1f6f9940-a061-4387-8dbc-0641687ad4d4} | G12: Ja executado | I12: Ponta Pora | J12: 4 Vezes na semana | K12: 7 | L12: 22003.444 | M12: 23 | P12: 11 | Q12: =SUMIF($K$2:$K$178,P12,$C$2:$C$178) -> 7002.5138 | T12: 11 | U12: 2 | V12: =X12/1000 -> 7.0025138 | W12: 20 | X12: =Q12 -> 7002.5138 | Y12: =(U12*V12) -> 14.005028
B13: Rua Joaquim Pereira Teixeira | C13: 191.56902 | D13: Esporádico | E13: Setor Centro | F13: {1f6f9940-a061-4387-8dbc-0641687ad4d4} | G13: Ja executado | I13: Ponta Pora | J13: 2 Vezes na semana | K13: 8 | L13: 16471.624 | M13: 22 | P13: 12 | Q13: =SUMIF($K$2:$K$178,P13,$C$2:$C$178) -> 6551.905 | T13: 12 | U13: 1 | V13: =X13/1000 -> 6.551905 | W13: 6 | X13: =Q13 -> 6551.905 | Y13: =(U13*V13) -> 6.551905
B14: Rua 7 de Setembro | C14: 1002.5422 | D14: Esporádico | E14: Setor Centro | F14: {2e388fe5-ce38-45ce-be31-6a2add647d9d} | G14: Ja executado | I14: Ponta Pora | J14: 4 Vezes na semana | K14: 7 | L14: 22003.444 | M14: 23 | P14: 13 | Q14: =SUMIF($K$2:$K$178,P14,$C$2:$C$178) -> 4026.3057 | T14: 13 | U14: 1 | V14: =X14/1000 -> 4.0263057 | W14: 5 | X14: =Q14 -> 4026.3057 | Y14: =(U14*V14) -> 4.0263057
B15: Rua 7 de Setembro | C15: 2571.4257 | D15: Esporádico | E15: Setor Centro | F15: {2e388fe5-ce38-45ce-be31-6a2add647d9d} | G15: Ja executado | I15: Ponta Pora | J15: 2 Vezes na semana | K15: 8 | L15: 16471.624 | M15: 22 | P15: 14 | Q15: =SUMIF($K$2:$K$178,P15,$C$2:$C$178) -> 2801.7818 | T15: 14 | U15: 1 | V15: =X15/1000 -> 2.8017818 | W15: 6 | X15: =Q15 -> 2801.7818 | Y15: =(U15*V15) -> 2.8017818
B16: Rua General Osório | C16: 20.737728 | D16: Esporádico | E16: Setor Ipê | F16: {3e2928c0-d916-4a1e-a78b-e0e36104c36c} | G16: Ja executado | I16: Ponta Pora | J16: 4 Vezes na semana | K16: 7 | L16: 22003.444 | M16: 23 | T16: 14 | U16: =SUM(U2:U15) -> 27 | V16: =SUM(V2:V15) -> 131.90485 | W16: =SUM(W2:W15) -> 185 | X16: =SUM(X2:X15) -> 131904.85 | Y16: =SUM(Y2:Y15) -> 305.87463
B17: Rua General Osório | C17: 188.64744 | D17: Esporádico | E17: Setor Ipê | F17: {3e2928c0-d916-4a1e-a78b-e0e36104c36c} | G17: Ja executado | I17: Ponta Pora | J17: 2 Vezes na semana | K17: 6 | L17: 8868.7875 | M17: 11
B18: Rua Jorge Roberto Salomão | C18: 759.67763 | D18: Esporádico | E18: Setor Centro | F18: {b49bab9b-dbcb-42f8-b9ab-2ec275a87052} | G18: Ja executado | I18: Ponta Pora | J18: 2 Vezes na semana | K18: 6 | L18: 8868.7875 | M18: 11 | T18: Setores | U18: Segunda | V18: Terça | W18: Quarta | X18: Quinta | Y18: Sexta | Z18: Sábado
B19: Rua Baltazar Saldanha | C19: 0.13410679 | D19: Esporádico | E19: Setor Ipê | F19: {d0330cff-77aa-46be-8490-c280bbd004e4} | G19: Ja executado | I19: Ponta Pora | J19: 4 Vezes na semana | K19: 7 | L19: 22003.444 | M19: 23 | T19: 1 | Z19: x
B20: Rua Baltazar Saldanha | C20: 61.9109 | D20: Esporádico | E20: Setor Ipê | F20: {d0330cff-77aa-46be-8490-c280bbd004e4} | G20: Ja executado | I20: Ponta Pora | J20: 2 Vezes na semana | K20: 8 | L20: 16471.624 | M20: 22 | T20: 2 | V20: x | Y20: x
B21: Rua Baltazar Saldanha | C21: 671.90124 | D21: Esporádico | E21: Setor Ipê | F21: {d0330cff-77aa-46be-8490-c280bbd004e4} | G21: Ja executado | I21: Ponta Pora | J21: 2 Vezes na semana | K21: 9 | L21: 13203.929 | M21: 17 | T21: 3 | V21: x | X21: x | Z21: x
B22: Rua General Osório | C22: 1514.9428 | D22: Esporádico | E22: Setor Centro | F22: {5f7b7591-adcd-443b-8258-928f87886de1} | G22: Ja executado | I22: Ponta Pora | J22: 4 Vezes na semana | K22: 7 | L22: 22003.444 | M22: 23 | T22: 4 | V22: x | Y22: x
B23: Rua General Osório | C23: 3.7318438 | D23: Esporádico | E23: Setor Centro | F23: {5f7b7591-adcd-443b-8258-928f87886de1} | G23: Ja executado | I23: Ponta Pora | J23: 2 Vezes na semana | K23: 8 | L23: 16471.624 | M23: 22 | T23: 5 | V23: x | Y23: x
B24: Avenida Brasil | C24: 3089.3817 | D24: 1 vez por semana | E24: Setor Centro | F24: {0d828f5e-2fb4-41c4-af21-ae899775250d} | G24: Ja executado | H24: Diario | I24: Ponta Pora | J24: 4 Vezes na semana | K24: 7 | L24: 22003.444 | M24: 23 | T24: 6 | V24: x | X24: x
B25: Avenida Brasil | C25: 3173.8824 | D25: 1 vez por semana | E25: Setor Centro | F25: {0d828f5e-2fb4-41c4-af21-ae899775250d} | G25: Ja executado | H25: Diario | I25: Ponta Pora | J25: 2 Vezes na semana | K25: 6 | L25: 8868.7875 | M25: 11 | T25: 7 | U25: x | W25: x | Y25: x | Z25: x
B26: Avenida Brasil | C26: 4828.7835 | D26: 1 vez por semana | E26: Setor Centro | F26: {0d828f5e-2fb4-41c4-af21-ae899775250d} | G26: Ja executado | H26: Diario | I26: Ponta Pora | J26: 3 Vezes na semana | K26: 3 | L26: 13189.644 | M26: 15 | T26: 8 | U26: x | X26: x
B27: Rua General Osório | C27: 1.3073181 | D27: Esporádico | E27: Setor Aeroporto | F27: {a52000d6-9451-4f2d-b778-6154dd908ab4} | G27: Ja executado | I27: Ponta Pora | J27: 4 Vezes na semana | K27: 7 | L27: 22003.444 | M27: 23 | T27: 9 | U27: x | X27: x
B28: Rua General Ângelo da Cunha | C28: 196.04889 | E28: Setor Centro | F28: {5ba544e5-ef71-4de5-803d-74a6587a2776} | G28: Seguiu proposta pintura meio-fio | I28: Ponta Pora | J28: 4 Vezes na semana | K28: 7 | L28: 22003.444 | M28: 23 | T28: 10 | W28: x | Z28: x
B29: Sem nome | C29: 235.62176 | E29: Setor Centro | F29: {5a9beaa4-bc2c-4d54-a15c-0ea1b0a4b2a7} | G29: Seguiu proposta pintura meio-fio | I29: Ponta Pora | J29: 4 Vezes na semana | K29: 7 | L29: 22003.444 | M29: 23 | T29: 11 | W29: x | Z29: x
B30: Rua Guia Lopes | C30: 1545.4438 | D30: Esporádico | E30: Setor Centro | F30: {4b9b4d06-42a5-47a5-8e4e-3f0cd82f1765} | G30: Ja executado | I30: Ponta Pora | J30: 4 Vezes na semana | K30: 7 | L30: 22003.444 | M30: 23 | T30: 12 | W30: x
B31: Rua Guia Lopes | C31: 2145.3462 | D31: Esporádico | E31: Setor Centro | F31: {4b9b4d06-42a5-47a5-8e4e-3f0cd82f1765} | G31: Ja executado | I31: Ponta Pora | J31: 2 Vezes na semana | K31: 8 | L31: 16471.624 | M31: 22 | T31: 13 | W31: x
B32: Avenida Presidente Vargas | C32: 1376.574 | D32: Esporádico | E32: Setor Centro | F32: {6d427e88-71c4-4e38-bf3b-ed1c1e2ee976} | G32: Ja executado | I32: Ponta Pora | J32: 4 Vezes na semana | K32: 7 | L32: 22003.444 | M32: 23 | T32: 14 | W32: x
B33: Avenida Presidente Vargas | C33: 2536.4105 | D33: Esporádico | E33: Setor Centro | F33: {6d427e88-71c4-4e38-bf3b-ed1c1e2ee976} | G33: Ja executado | I33: Ponta Pora | J33: 2 Vezes na semana | K33: 8 | L33: 16471.624 | M33: 22
B34: Rua Paraguai | C34: 649.17257 | D34: Esporádico | E34: Setor Centro | F34: {3efc0e81-1e97-4795-856a-c7945c1f0281} | G34: Ja executado | I34: Ponta Pora | J34: 4 Vezes na semana | K34: 7 | L34: 22003.444 | M34: 23 | T34: Setores | U34: Segunda | V34: Terça | W34: Quarta | X34: Quinta | Y34: Sexta | Z34: Sábado
B35: Rua Antonio João | C35: 0.69246473 | D35: Esporádico | E35: Setor Aeroporto | F35: {4e825dbb-307e-432e-b747-2e0aaa570375} | G35: Ja executado | I35: Ponta Pora | J35: 4 Vezes na semana | K35: 7 | L35: 22003.444 | M35: 23 | T35: 1 | U35: =IF(U19="x",VLOOKUP($T35,$T$2:$V$15,3,0),0) -> 0 | V35: =IF(V19="x",VLOOKUP($T35,$T$2:$V$15,3,0),0) -> 0 | W35: =IF(W19="x",VLOOKUP($T35,$T$2:$V$15,3,0),0) -> 0 | X35: =IF(X19="x",VLOOKUP($T35,$T$2:$V$15,3,0),0) -> 0 | Y35: =IF(Y19="x",VLOOKUP($T35,$T$2:$V$15,3,0),0) -> 0 | Z35: =IF(Z19="x",VLOOKUP($T35,$T$2:$V$15,3,0),0) -> 1.751597
B36: Rua Calógeras | C36: 993.57996 | D36: Esporádico | E36: Setor Centro | F36: {47b763ec-6bbb-4abd-811d-61bff6af05ac} | G36: Ja executado | I36: Ponta Pora | J36: 2 Vezes na semana | K36: 8 | L36: 16471.624 | M36: 22 | T36: 2 | U36: =IF(U20="x",VLOOKUP($T36,$T$2:$V$15,3,0),0) -> 0 | V36: =IF(V20="x",VLOOKUP($T36,$T$2:$V$15,3,0),0) -> 6.3358067 | W36: =IF(W20="x",VLOOKUP($T36,$T$2:$V$15,3,0),0) -> 0 | X36: =IF(X20="x",VLOOKUP($T36,$T$2:$V$15,3,0),0) -> 0 | Y36: =IF(Y20="x",VLOOKUP($T36,$T$2:$V$15,3,0),0) -> 6.3358067 | Z36: =IF(Z20="x",VLOOKUP($T36,$T$2:$V$15,3,0),0) -> 0
B37: Rua Ilizio C. Cabral | C37: 199.16273 | E37: Setor Centro | F37: {f0cab51f-2132-4be9-a9fe-51367fdf21ea} | G37: Seguiu proposta pintura meio-fio | I37: Ponta Pora | J37: 4 Vezes na semana | K37: 7 | L37: 22003.444 | M37: 23 | T37: 3 | U37: =IF(U21="x",VLOOKUP($T37,$T$2:$V$15,3,0),0) -> 0 | V37: =IF(V21="x",VLOOKUP($T37,$T$2:$V$15,3,0),0) -> 13.189644 | W37: =IF(W21="x",VLOOKUP($T37,$T$2:$V$15,3,0),0) -> 0 | X37: =IF(X21="x",VLOOKUP($T37,$T$2:$V$15,3,0),0) -> 13.189644 | Y37: =IF(Y21="x",VLOOKUP($T37,$T$2:$V$15,3,0),0) -> 0 | Z37: =IF(Z21="x",VLOOKUP($T37,$T$2:$V$15,3,0),0) -> 13.189644
B38: Rua Treze de Setembro | C38: 67.22933 | D38: Esporádico | E38: Setor Centro | F38: {33997835-230b-45d8-876a-2e82005af798} | G38: Ja executado | I38: Ponta Pora | J38: 4 Vezes na semana | K38: 7 | L38: 22003.444 | M38: 23 | T38: 4 | U38: =IF(U22="x",VLOOKUP($T38,$T$2:$V$15,3,0),0) -> 0 | V38: =IF(V22="x",VLOOKUP($T38,$T$2:$V$15,3,0),0) -> 8.9587878 | W38: =IF(W22="x",VLOOKUP($T38,$T$2:$V$15,3,0),0) -> 0 | X38: =IF(X22="x",VLOOKUP($T38,$T$2:$V$15,3,0),0) -> 0 | Y38: =IF(Y22="x",VLOOKUP($T38,$T$2:$V$15,3,0),0) -> 8.9587878 | Z38: =IF(Z22="x",VLOOKUP($T38,$T$2:$V$15,3,0),0) -> 0
B39: Rua Treze de Setembro | C39: 1012.9222 | D39: Esporádico | E39: Setor Centro | F39: {33997835-230b-45d8-876a-2e82005af798} | G39: Ja executado | I39: Ponta Pora | J39: 3 Vezes na semana | K39: 3 | L39: 13189.644 | M39: 15 | T39: 5 | U39: =IF(U23="x",VLOOKUP($T39,$T$2:$V$15,3,0),0) -> 0 | V39: =IF(V23="x",VLOOKUP($T39,$T$2:$V$15,3,0),0) -> 13.142653 | W39: =IF(W23="x",VLOOKUP($T39,$T$2:$V$15,3,0),0) -> 0 | X39: =IF(X23="x",VLOOKUP($T39,$T$2:$V$15,3,0),0) -> 0 | Y39: =IF(Y23="x",VLOOKUP($T39,$T$2:$V$15,3,0),0) -> 13.142653 | Z39: =IF(Z23="x",VLOOKUP($T39,$T$2:$V$15,3,0),0) -> 0
B40: Rua Antonio João | C40: 3008.9531 | D40: Esporádico | E40: Setor Centro | F40: {a3935cb1-6223-407b-9200-c816b0560295} | G40: Ja executado | I40: Ponta Pora | J40: 4 Vezes na semana | K40: 7 | L40: 22003.444 | M40: 23 | T40: 6 | U40: =IF(U24="x",VLOOKUP($T40,$T$2:$V$15,3,0),0) -> 0 | V40: =IF(V24="x",VLOOKUP($T40,$T$2:$V$15,3,0),0) -> 8.8687875 | W40: =IF(W24="x",VLOOKUP($T40,$T$2:$V$15,3,0),0) -> 0 | X40: =IF(X24="x",VLOOKUP($T40,$T$2:$V$15,3,0),0) -> 8.8687875 | Y40: =IF(Y24="x",VLOOKUP($T40,$T$2:$V$15,3,0),0) -> 0 | Z40: =IF(Z24="x",VLOOKUP($T40,$T$2:$V$15,3,0),0) -> 0
B41: Rua Antonio João | C41: 2775.2064 | D41: Esporádico | E41: Setor Centro | F41: {a3935cb1-6223-407b-9200-c816b0560295} | G41: Ja executado | I41: Ponta Pora | J41: 2 Vezes na semana | K41: 6 | L41: 8868.7875 | M41: 11 | T41: 7 | U41: =IF(U25="x",VLOOKUP($T41,$T$2:$V$15,3,0),0) -> 22.003444 | V41: =IF(V25="x",VLOOKUP($T41,$T$2:$V$15,3,0),0) -> 0 | W41: =IF(W25="x",VLOOKUP($T41,$T$2:$V$15,3,0),0) -> 22.003444 | X41: =IF(X25="x",VLOOKUP($T41,$T$2:$V$15,3,0),0) -> 0 | Y41: =IF(Y25="x",VLOOKUP($T41,$T$2:$V$15,3,0),0) -> 22.003444 | Z41: =IF(Z25="x",VLOOKUP($T41,$T$2:$V$15,3,0),0) -> 22.003444
B42: Rua Salvador F de Deus | C42: 8.3730635 | E42: Setor Centro | F42: {de7d2ebd-c4fc-4951-86e0-4114ff3cbd31} | G42: Seguiu proposta pintura meio-fio | I42: Ponta Pora | J42: 4 Vezes na semana | K42: 7 | L42: 22003.444 | M42: 23 | T42: 8 | U42: =IF(U26="x",VLOOKUP($T42,$T$2:$V$15,3,0),0) -> 16.471624 | V42: =IF(V26="x",VLOOKUP($T42,$T$2:$V$15,3,0),0) -> 0 | W42: =IF(W26="x",VLOOKUP($T42,$T$2:$V$15,3,0),0) -> 0 | X42: =IF(X26="x",VLOOKUP($T42,$T$2:$V$15,3,0),0) -> 16.471624 | Y42: =IF(Y26="x",VLOOKUP($T42,$T$2:$V$15,3,0),0) -> 0 | Z42: =IF(Z26="x",VLOOKUP($T42,$T$2:$V$15,3,0),0) -> 0
B43: Rua Salvador F de Deus | C43: 209.26787 | E43: Setor Centro | F43: {de7d2ebd-c4fc-4951-86e0-4114ff3cbd31} | G43: Seguiu proposta pintura meio-fio | I43: Ponta Pora | J43: 2 Vezes na semana | K43: 8 | L43: 16471.624 | M43: 22 | T43: 9 | U43: =IF(U27="x",VLOOKUP($T43,$T$2:$V$15,3,0),0) -> 13.203929 | V43: =IF(V27="x",VLOOKUP($T43,$T$2:$V$15,3,0),0) -> 0 | W43: =IF(W27="x",VLOOKUP($T43,$T$2:$V$15,3,0),0) -> 0 | X43: =IF(X27="x",VLOOKUP($T43,$T$2:$V$15,3,0),0) -> 13.203929 | Y43: =IF(Y27="x",VLOOKUP($T43,$T$2:$V$15,3,0),0) -> 0 | Z43: =IF(Z27="x",VLOOKUP($T43,$T$2:$V$15,3,0),0) -> 0
B44: Rua Marechal Floriano | C44: 2982.7546 | D44: Esporádico | E44: Setor Centro | F44: {6ee58f68-e296-4966-8a56-10f3c122cbdc} | G44: Ja executado | I44: Ponta Pora | J44: 4 Vezes na semana | K44: 7 | L44: 22003.444 | M44: 23 | T44: 10 | U44: =IF(U28="x",VLOOKUP($T44,$T$2:$V$15,3,0),0) -> 0 | V44: =IF(V28="x",VLOOKUP($T44,$T$2:$V$15,3,0),0) -> 0 | W44: =IF(W28="x",VLOOKUP($T44,$T$2:$V$15,3,0),0) -> 7.5960664 | X44: =IF(X28="x",VLOOKUP($T44,$T$2:$V$15,3,0),0) -> 0 | Y44: =IF(Y28="x",VLOOKUP($T44,$T$2:$V$15,3,0),0) -> 0 | Z44: =IF(Z28="x",VLOOKUP($T44,$T$2:$V$15,3,0),0) -> 7.5960664
B45: Rua Marechal Floriano | C45: 601.09816 | D45: Esporádico | E45: Setor Centro | F45: {6ee58f68-e296-4966-8a56-10f3c122cbdc} | G45: Ja executado | I45: Ponta Pora | J45: 2 Vezes na semana | K45: 6 | L45: 8868.7875 | M45: 11 | T45: 11 | U45: =IF(U29="x",VLOOKUP($T45,$T$2:$V$15,3,0),0) -> 0 | V45: =IF(V29="x",VLOOKUP($T45,$T$2:$V$15,3,0),0) -> 0 | W45: =IF(W29="x",VLOOKUP($T45,$T$2:$V$15,3,0),0) -> 7.0025138 | X45: =IF(X29="x",VLOOKUP($T45,$T$2:$V$15,3,0),0) -> 0 | Y45: =IF(Y29="x",VLOOKUP($T45,$T$2:$V$15,3,0),0) -> 0 | Z45: =IF(Z29="x",VLOOKUP($T45,$T$2:$V$15,3,0),0) -> 7.0025138
B46: Rua Marechal Floriano | C46: 2886.1416 | D46: Esporádico | E46: Setor Centro | F46: {6ee58f68-e296-4966-8a56-10f3c122cbdc} | G46: Ja executado | I46: Ponta Pora | J46: 3 Vezes na semana | K46: 3 | L46: 13189.644 | M46: 15 | T46: 12 | U46: =IF(U30="x",VLOOKUP($T46,$T$2:$V$15,3,0),0) -> 0 | V46: =IF(V30="x",VLOOKUP($T46,$T$2:$V$15,3,0),0) -> 0 | W46: =IF(W30="x",VLOOKUP($T46,$T$2:$V$15,3,0),0) -> 6.551905 | X46: =IF(X30="x",VLOOKUP($T46,$T$2:$V$15,3,0),0) -> 0 | Y46: =IF(Y30="x",VLOOKUP($T46,$T$2:$V$15,3,0),0) -> 0 | Z46: =IF(Z30="x",VLOOKUP($T46,$T$2:$V$15,3,0),0) -> 0
B47: Avenida Jorge Roberto Salomão | C47: 406.03899 | D47: Esporádico | E47: Setor Centro | F47: {d2aa0fe5-2b85-42f8-b6c9-a8226e527239} | G47: Ja executado | I47: Ponta Pora | J47: 2 Vezes na semana | K47: 6 | L47: 8868.7875 | M47: 11 | T47: 13 | U47: =IF(U31="x",VLOOKUP($T47,$T$2:$V$15,3,0),0) -> 0 | V47: =IF(V31="x",VLOOKUP($T47,$T$2:$V$15,3,0),0) -> 0 | W47: =IF(W31="x",VLOOKUP($T47,$T$2:$V$15,3,0),0) -> 4.0263057 | X47: =IF(X31="x",VLOOKUP($T47,$T$2:$V$15,3,0),0) -> 0 | Y47: =IF(Y31="x",VLOOKUP($T47,$T$2:$V$15,3,0),0) -> 0 | Z47: =IF(Z31="x",VLOOKUP($T47,$T$2:$V$15,3,0),0) -> 0
B48: Rua General Osório | C48: 209.19008 | E48: Setor Centro | F48: {63f4940e-1a5b-4cda-93e9-1be9543d6ef5} | G48: Seguiu proposta pintura meio-fio | I48: Ponta Pora | J48: 2 Vezes na semana | K48: 6 | L48: 8868.7875 | M48: 11 | T48: 14 | U48: =IF(U32="x",VLOOKUP($T48,$T$2:$V$15,3,0),0) -> 0 | V48: =IF(V32="x",VLOOKUP($T48,$T$2:$V$15,3,0),0) -> 0 | W48: =IF(W32="x",VLOOKUP($T48,$T$2:$V$15,3,0),0) -> 2.8017818 | X48: =IF(X32="x",VLOOKUP($T48,$T$2:$V$15,3,0),0) -> 0 | Y48: =IF(Y32="x",VLOOKUP($T48,$T$2:$V$15,3,0),0) -> 0 | Z48: =IF(Z32="x",VLOOKUP($T48,$T$2:$V$15,3,0),0) -> 0
B49: Rua Pedro Angelo da Rosa | C49: 3.8541926 | E49: Setor Ipê | F49: {9cc6a7f8-be55-4fed-9f76-84216dce6430} | G49: Seguiu proposta pintura meio-fio | I49: Ponta Pora | J49: Semanal | K49: 12 | L49: 6551.905 | M49: 10 | T49: TOTAL | U49: =SUM(U35:U48) -> 51.678998 | V49: =SUM(V35:V48) -> 50.495678 | W49: =SUM(W35:W48) -> 49.982017 | X49: =SUM(X35:X48) -> 51.733984 | Y49: =SUM(Y35:Y48) -> 50.440692 | Z49: =SUM(Z35:Z48) -> 51.543265
B50: Rua Pedro Angelo da Rosa | C50: 823.52332 | E50: Setor Ipê | F50: {9cc6a7f8-be55-4fed-9f76-84216dce6430} | G50: Seguiu proposta pintura meio-fio | I50: Ponta Pora | J50: 2 Vezes na semana | K50: 10 | L50: 7596.0664 | M50: 9
B51: Rua Pedro Angelo da Rosa | C51: 696.84484 | E51: Setor Ipê | F51: {9cc6a7f8-be55-4fed-9f76-84216dce6430} | G51: Seguiu proposta pintura meio-fio | I51: Ponta Pora | J51: 2 Vezes na semana | K51: 11 | L51: 7002.5138 | M51: 17
B52: Avenida Jorge Roberto Salomão | C52: 61.802441 | D52: Esporádico | E52: Setor Ipê | F52: {0f06b706-72dc-4092-953c-c76a85c2b6d5} | G52: Ja executado | I52: Ponta Pora | J52: 2 Vezes na semana | K52: 6 | L52: 8868.7875 | M52: 11
B53: Avenida Jorge Roberto Salomão | C53: 2613.9035 | D53: Esporádico | E53: Setor Ipê | F53: {0f06b706-72dc-4092-953c-c76a85c2b6d5} | G53: Ja executado | I53: Ponta Pora | J53: 2 Vezes na semana | K53: 10 | L53: 7596.0664 | M53: 9
B54: Avenida Jorge Roberto Salomão | C54: 605.45223 | D54: Esporádico | E54: Setor Ipê | F54: {0f06b706-72dc-4092-953c-c76a85c2b6d5} | G54: Ja executado | I54: Ponta Pora | J54: 2 Vezes na semana | K54: 9 | L54: 13203.929 | M54: 17
B55: Rua Coronel Santana | C55: 289.9499 | E55: Setor Ipê | F55: {7a607ffa-b603-4a63-b18a-7ceab404fedb} | G55: Seguiu proposta pintura meio-fio | I55: Ponta Pora | J55: 2 Vezes na semana | K55: 6 | L55: 8868.7875 | M55: 11
B56: Rua José Bonifácio | C56: 403.294 | E56: Setor Centro | F56: {63f4940e-1a5b-4cda-93e9-1be9543d6ef5} | G56: Seguiu proposta pintura meio-fio | I56: Ponta Pora | J56: 2 Vezes na semana | K56: 6 | L56: 8868.7875 | M56: 11
B57: Rua 12 de Outubro | C57: 1691.7255 | D57: Esporádico | E57: Setor Ipê | F57: {a492ca1d-69b2-4d7c-ad02-a928142a1448} | G57: Ja executado | I57: Ponta Pora | J57: 2 Vezes na semana | K57: 10 | L57: 7596.0664 | M57: 9
B58: Rua João Manoel Cardinal | C58: 1410.4656 | D58: Esporádico | E58: Setor Marambaia | F58: {4ffd8366-62e8-4a98-ae2e-899d4edb2e14} | G58: Ja executado | I58: Ponta Pora | J58: 2 Vezes na semana | K58: 4 | L58: 8958.7878 | M58: 15
B59: Rua Dr. Hélio Brandão | C59: 747.75715 | E59: Setor Marambaia | F59: {f38fbd79-15d2-4b92-be07-dcff92531dd9} | G59: Seguiu proposta pintura meio-fio | I59: Ponta Pora | J59: 2 Vezes na semana | K59: 4 | L59: 8958.7878 | M59: 15
B60: Rua Vicente Azambuja | C60: 1515.5851 | D60: Esporádico | E60: Setor Marambaia | F60: {9ef1020b-ce6f-47b4-97fb-d19c50d23145} | G60: Ja executado | I60: Ponta Pora | J60: 2 Vezes na semana | K60: 4 | L60: 8958.7878 | M60: 15
B61: Rua Dr. Miguel Marcondes Armando | C61: 77.950673 | E61: Setor Marambaia | F61: {f38fbd79-15d2-4b92-be07-dcff92531dd9} | G61: Seguiu proposta pintura meio-fio | I61: Ponta Pora | J61: 2 Vezes na semana | K61: 4 | L61: 8958.7878 | M61: 15
B62: Rua Coronel Orlando Sapucáia | C62: 1029.2044 | E62: Setor Marambaia | F62: {220210df-3f9e-45df-8fdf-be723e79c6db} | G62: Seguiu proposta pintura meio-fio | I62: Ponta Pora | J62: 2 Vezes na semana | K62: 4 | L62: 8958.7878 | M62: 15
B63: Rua Weimar Tôrres | C63: 171.71697 | E63: Setor Marambaia | F63: {f38fbd79-15d2-4b92-be07-dcff92531dd9} | G63: Seguiu proposta pintura meio-fio | I63: Ponta Pora | J63: 2 Vezes na semana | K63: 4 | L63: 8958.7878 | M63: 15
B64: Avenida Internacional | C64: 0.16762652 | D64: Esporádico | E64: Setor Marambaia | F64: {2a311c21-b5fe-47cf-b528-836df1b469e1} | G64: Ja executado | I64: Ponta Pora | J64: 3 Vezes na semana | K64: 3 | L64: 13189.644 | M64: 15
B65: Rua Zeferindo Dávila Monteiro | C65: 899.30018 | E65: Setor Marambaia | G65: Expansao 2 | I65: Ponta Pora | J65: 2 Vezes na semana | K65: 4 | L65: 8958.7878 | M65: 15
B66: Rua Eloan Vieira da Silva | C66: 887.36866 | E66: Setor Marambaia | G66: Expansao 2 | I66: Ponta Pora | J66: 2 Vezes na semana | K66: 4 | L66: 8958.7878 | M66: 15
B67: Rua Areia Branca | C67: 695.49092 | E67: Setor Marambaia | G67: Expansao 2 | I67: Ponta Pora | J67: 2 Vezes na semana | K67: 4 | L67: 8958.7878 | M67: 15
B68: Avenida Internacional | C68: 2748.2633 | D68: Esporádico | E68: Setor Aeroporto | F68: {6c2cd4e4-28d4-448e-93d7-97e1dc252278} | G68: Ja executado | I68: Ponta Pora | J68: 3 Vezes na semana | K68: 3 | L68: 13189.644 | M68: 15
B69: BR463 | C69: 3031.6838 | G69: Expansao 2 | I69: Ponta Pora | J69: 2 Vezes na semana | K69: 2 | L69: 6335.8067 | M69: 3
B70: BR463 | C70: 16.268603 | G70: Expansao 2 | I70: Ponta Pora | J70: 3 Vezes na semana | K70: 3 | L70: 13189.644 | M70: 15
B71: BR463 | C71: 3026.8043 | G71: Expansao 2 | I71: Ponta Pora | J71: 2 Vezes na semana | K71: 2 | L71: 6335.8067 | M71: 3
B72: BR463 | C72: 18.611603 | G72: Expansao 2 | I72: Ponta Pora | J72: 3 Vezes na semana | K72: 3 | L72: 13189.644 | M72: 15
B73: Rua Itiberê Viêira | C73: 277.31866 | G73: Expansao 2 | I73: Ponta Pora | J73: 2 Vezes na semana | K73: 2 | L73: 6335.8067 | M73: 3
B74: Parque de Exposições | C74: 2193.1834 | D74: 1 vez ao mês | E74: Setor Aeroporto | F74: {f4af3f25-c446-4267-a523-ea4722662f49} | G74: Ja executado | I74: Ponta Pora | J74: 2 Vezes na semana | K74: 5 | L74: 13142.653 | M74: 32
B75: Avenida Vinícius Soares do Nascimento | C75: 1506.2821 | E75: Setor Marambaia | F75: {e065161a-a615-4946-b6e8-52dd6c12ffeb} | G75: Seguiu proposta pintura meio-fio | I75: Ponta Pora | J75: 2 Vezes na semana | K75: 4 | L75: 8958.7878 | M75: 15
B76: Rua Afrânio Gonçalves | C76: 2.8970338 | E76: Setor Aeroporto | F76: {c14dc2aa-309c-4e34-be1f-227a73de6417} | G76: Seguiu proposta pintura meio-fio | I76: Ponta Pora | J76: 3 Vezes na semana | K76: 3 | L76: 13189.644 | M76: 15
B77: Rua Afrânio Gonçalves | C77: 395.92977 | E77: Setor Aeroporto | F77: {c14dc2aa-309c-4e34-be1f-227a73de6417} | G77: Seguiu proposta pintura meio-fio | I77: Ponta Pora | J77: 2 Vezes na semana | K77: 5 | L77: 13142.653 | M77: 32
B78: Rua Geovane | C78: 1571.5883 | D78: Esporádico | E78: Setor Aeroporto | F78: {66c7155e-fba1-4fd3-b8a0-031eaf3d4f93} | G78: Ja executado | I78: Ponta Pora | J78: 2 Vezes na semana | K78: 5 | L78: 13142.653 | M78: 32
B79: Rua Geovane | C79: 14.695596 | D79: Esporádico | E79: Setor Aeroporto | F79: {66c7155e-fba1-4fd3-b8a0-031eaf3d4f93} | G79: Ja executado | I79: Ponta Pora | J79: 2 Vezes na semana | K79: 4 | L79: 8958.7878 | M79: 15
B80: Rua Washington Luís | C80: 2.1944479 | E80: Setor Aeroporto | F80: {0dbb2e78-2534-4e3f-8d51-290647f00a67} | G80: Seguiu proposta pintura meio-fio | I80: Ponta Pora | J80: 3 Vezes na semana | K80: 3 | L80: 13189.644 | M80: 15
B81: Rua Washington Luís | C81: 212.14485 | E81: Setor Aeroporto | F81: {0dbb2e78-2534-4e3f-8d51-290647f00a67} | G81: Seguiu proposta pintura meio-fio | I81: Ponta Pora | J81: 2 Vezes na semana | K81: 5 | L81: 13142.653 | M81: 32
B82: Rodoviária | C82: 986.20253 | D82: 1 vez ao mês | E82: Setor Aeroporto | F82: {1bf3c1a1-69b2-40d4-8071-b2e38462fe29} | G82: Ja executado | I82: Ponta Pora | J82: 2 Vezes na semana | K82: 5 | L82: 13142.653 | M82: 32
B83: Aeroporto Ponta Porã | C83: 180.60188 | E83: Setor Aeroporto | F83: {a71994a5-4b0e-418d-af6e-4776e31f2773} | G83: Seguiu proposta pintura meio-fio | I83: Ponta Pora | J83: 2 Vezes na semana | K83: 5 | L83: 13142.653 | M83: 32
B84: Rua Coronel Ponce | C84: 736.82918 | D84: Esporádico | E84: Setor Aeroporto | F84: {ad8ecdb3-0c9a-476b-a6e5-0450f9ea9812} | G84: Ja executado | I84: Ponta Pora | J84: 2 Vezes na semana | K84: 5 | L84: 13142.653 | M84: 32
B85: Rua dos Laçadores | C85: 6.9282684 | E85: Setor Aeroporto | F85: {67488ffc-45f7-438a-9497-87e22c2d4a11} | G85: Seguiu proposta pintura meio-fio | I85: Ponta Pora | J85: 3 Vezes na semana | K85: 3 | L85: 13189.644 | M85: 15
B86: Rua dos Laçadores | C86: 467.52043 | E86: Setor Aeroporto | F86: {67488ffc-45f7-438a-9497-87e22c2d4a11} | G86: Seguiu proposta pintura meio-fio | I86: Ponta Pora | J86: 2 Vezes na semana | K86: 5 | L86: 13142.653 | M86: 32
B87: Rua Primeira | C87: 444.09889 | E87: Setor Aeroporto | F87: {fee223ff-8337-4cee-b2d0-5aa11dfb5791} | G87: Seguiu proposta pintura meio-fio | I87: Ponta Pora | J87: 2 Vezes na semana | K87: 5 | L87: 13142.653 | M87: 32
B88: Rua Digno Torres | C88: 2.1148043 | D88: Esporádico | E88: Setor Aeroporto | F88: {4ecdab34-f4ec-4abf-9bb9-ca566b04024c} | G88: Ja executado | I88: Ponta Pora | J88: 3 Vezes na semana | K88: 3 | L88: 13189.644 | M88: 15
B89: Rua Digno Torres | C89: 1054.2813 | D89: Esporádico | E89: Setor Aeroporto | F89: {4ecdab34-f4ec-4abf-9bb9-ca566b04024c} | G89: Ja executado | I89: Ponta Pora | J89: 2 Vezes na semana | K89: 5 | L89: 13142.653 | M89: 32
B90: Avenida Internacional | C90: 1660.9245 | D90: Esporádico | E90: Setor Centro | F90: {0b92d0c2-4f88-42f0-86eb-0f7a9c30fd07} | G90: Ja executado | I90: Ponta Pora | J90: 3 Vezes na semana | K90: 3 | L90: 13189.644 | M90: 15
B91: Rua Batista de Azevedo | C91: 3.4260006 | E91: Setor Aeroporto | F91: {15c081e8-741c-4589-9149-da4610011448} | G91: Seguiu proposta pintura meio-fio | I91: Ponta Pora | J91: 3 Vezes na semana | K91: 3 | L91: 13189.644 | M91: 15
B92: Rua Batista de Azevedo | C92: 1118.3189 | E92: Setor Aeroporto | F92: {15c081e8-741c-4589-9149-da4610011448} | G92: Seguiu proposta pintura meio-fio | I92: Ponta Pora | J92: 2 Vezes na semana | K92: 5 | L92: 13142.653 | M92: 32
B93: Av. Comandante Cardoso | C93: 690.74828 | G93: Expansao 2 | I93: Ponta Pora | J93: 2 Vezes na semana | K93: 5 | L93: 13142.653 | M93: 32
B94: Rua Corumbá | C94: 285.07499 | G94: Expansao 2 | I94: Ponta Pora | J94: 2 Vezes na semana | K94: 5 | L94: 13142.653 | M94: 32
B95: Rua Dourados | C95: 129.52287 | G95: Expansao 2 | I95: Ponta Pora | J95: 2 Vezes na semana | K95: 5 | L95: 13142.653 | M95: 32
B96: Rua Barra Mansa | C96: 287.56092 | G96: Expansao 2 | I96: Ponta Pora | J96: 2 Vezes na semana | K96: 5 | L96: 13142.653 | M96: 32
B97: Rua Amancio dos Santos Moura | C97: 168.79566 | E97: Setor Aeroporto | G97: Expansao 2 | I97: Ponta Pora | J97: 2 Vezes na semana | K97: 5 | L97: 13142.653 | M97: 32
B98: Rua Livorno | C98: 152.75806 | E98: Setor Aeroporto | G98: Expansao 2 | I98: Ponta Pora | J98: 2 Vezes na semana | K98: 5 | L98: 13142.653 | M98: 32
B99: Av. Corredor Público Atual São João | C99: 597.53264 | E99: Setor Aeroporto | G99: Expansao 2 | I99: Ponta Pora | J99: 2 Vezes na semana | K99: 5 | L99: 13142.653 | M99: 32
B100: Rua Bertoldo Carvalho | C100: 99.332245 | E100: Setor Aeroporto | G100: Expansao 2 | I100: Ponta Pora | J100: 2 Vezes na semana | K100: 5 | L100: 13142.653 | M100: 32
...

Sheet TRATOR
A1: Nome | B1: Frequênci | C1: Freq Anual | D1: Região | E1: Tipo | F1: Bairro | G1: AREA_2 | H1: PERIMETRO | I1: Id | J1: Bairro_2 | K1: Setor
A2: UPA Parque de Exposições | B2: 1 Vez a cada 3 Meses | C2: 4 Vezes ao Ano | D2: Ponta Porã | E2: Imóvel | F2: C | G2: 0.51439388 | H2: 615.667 | I2: 0 | J2: C | K2: Setor Aeroporto | L2: =LEFT(C2,2)*1 -> 4 | M2: =G2*L2 -> 2.0575755
A3: Associação de Moradores do Bairro da Mocca e Dep Aral Moreira | B3: 1 Vez a cada 3 Meses | C3: 4 Vezes ao Ano | D3: Ponta Porã | E3: Imóvel | F3: C | G3: 0.27512405 | H3: 211.469 | I3: 0 | J3: C | K3: Setor Aeroporto | L3: =LEFT(C3,2)*1 -> 4 | M3: =G3*L3 -> 1.1004962
A4: Centro de Convenções | B4: 1 vez na semana | C4: 12 Vezes ao Ano | D4: Ponta Porã | E4: Imóvel | F4: F | G4: 2.8793005 | H4: 736.894 | I4: 0 | J4: F | K4: Setor Centro | L4: =LEFT(C4,2)*1 -> 12 | M4: =G4*L4 -> 34.551607
A5: Horto Florestal | B5: 1 vez ao mês | C5: 12 Vezes ao Ano | D5: Ponta Porã | E5: Imóvel | F5: F | G5: 1.1983827 | H5: 451.928 | I5: 0 | J5: F | K5: Setor Centro | L5: =LEFT(C5,2)*1 -> 12 | M5: =G5*L5 -> 14.380592
A6: Estabelecimento Penal Masculino de Ponta Porã | B6: 1 Vez a cada 3 Meses | C6: 4 Vezes ao Ano | D6: Ponta Porã | E6: Imóvel | F6: F | G6: 1.0364707 | H6: 424.682 | I6: 0 | J6: F | K6: Setor Centro | L6: =LEFT(C6,2)*1 -> 4 | M6: =G6*L6 -> 4.1458829
A7: Estação de Tratamento de Esgoto Jardim Estoril | B7: 1 Vez a cada 3 Meses | C7: 4 Vezes ao Ano | D7: Ponta Porã | E7: Imóvel | F7: H | G7: 1.4504569 | H7: 515.151 | I7: 0 | J7: H | K7: Setor Ipê | L7: =LEFT(C7,2)*1 -> 4 | M7: =G7*L7 -> 5.8018278
A8: Estação de Tratamento de Esgoto São Thomaz | B8: 1 Vez a cada 3 Meses | C8: 4 Vezes ao Ano | D8: Ponta Porã | E8: Imóvel | F8: C | G8: 1.0075622 | H8: 416.756 | I8: 0 | J8: C | K8: Setor Aeroporto | L8: =LEFT(C8,2)*1 -> 4 | M8: =G8*L8 -> 4.0302488
A9: Escola Municipal Manoel Martins | B9: 1 Vez a cada 3 Meses | C9: 4 Vezes ao Ano | D9: Ponta Porã | E9: Imóvel | F9: C | G9: 1.3771871 | H9: 535.833 | I9: 0 | J9: C | K9: Setor Aeroporto | L9: =LEFT(C9,2)*1 -> 4 | M9: =G9*L9 -> 5.5087483
A10: Campo de Futebol do Bairro Granja | B10: 1 Vez a cada 3 meses | C10: 4 Vezes ao Ano | D10: Ponta Porã | E10: Imóvel | F10: C | G10: 0.34116358 | H10: 239.201 | I10: 0 | J10: C | K10: Setor Aeroporto | L10: =LEFT(C10,2)*1 -> 4 | M10: =G10*L10 -> 1.3646543
A11: Campo de Futebol do Vicente | B11: 1 vez a cada 2 meses | C11: 6 Vezes ao Ano | D11: Ponta Porã | E11: Imóvel | F11: H | G11: 0.74892233 | H11: 352.885 | I11: 0 | J11: H | K11: Setor Ipê | L11: =LEFT(C11,2)*1 -> 6 | M11: =G11*L11 -> 4.493534
A12: Centro de Educação Infantil Professora Zaira Portela | B12: 1 vez a cada 2 meses | C12: 6 Vezes ao Ano | D12: Ponta Porã | E12: Imóvel | F12: M | G12: 0.88905217 | H12: 745.969 | I12: 0 | J12: M | K12: Setor Vilela | L12: =LEFT(C12,2)*1 -> 6 | M12: =G12*L12 -> 5.334313
A13: Rua Agudos | B13: 1 Vez a cada 3 meses | C13: 4 Vezes ao Ano | D13: Ponta Porã | E13: Canteiro | F13: H | G13: 0.030866125 | H13: 80.11 | I13: 0 | J13: H | K13: Setor Ipê | L13: =LEFT(C13,2)*1 -> 4 | M13: =G13*L13 -> 0.1234645
... A44: Rua Vicente Azambuja | B44: 1 Vez a cada 3 meses | C44: 4 Vezes ao Ano | D44: Ponta Porã | E44: Canteiro | F44: A | G44: 0.0094495359 | H44: 57.719 | I44: 0 | J44: A | K44: Setor Marambaia | L44: =LEFT(C44,2)*1 -> 4 | M44: =G44*L44 -> 0.037798144
A45: Clube do Laço Lino Cardinal | B45: 1 Vez a cada 3 meses | C45: 4 Vezes ao Ano | D45: Ponta Porã | E45: Imóvel | G45: 1.1122795 | H45: 675.623 | I45: 0 | J45: A | K45: Setor Marambaia | L45: =LEFT(C45,2)*1 -> 4 | M45: =G45*L45 -> 4.4491181
A46: Clube do Laço Lino Cardinal | B46: 1 Vez a cada 3 meses | C46: 4 Vezes ao Ano | D46: Ponta Porã | E46: Imóvel | G46: 0.4285627 | H46: 277.726 | I46: 0 | J46: A | K46: Setor Marambaia | L46: =LEFT(C46,2)*1 -> 4 | M46: =G46*L46 -> 1.7142508
A47: Clube do Laço Lino Cardinal | B47: 1 Vez a cada 3 meses | C47: 4 Vezes ao Ano | D47: Ponta Porã | E47: Imóvel | G47: 0.6546341 | H47: 450.033 | I47: 0 | J47: A | K47: Setor Marambaia | L47: =LEFT(C47,2)*1 -> 4 | M47: =G47*L47 -> 2.6185364
A48: Clube do Laço Lino Cardinal | B48: 1 Vez a cada 3 meses | C48: 4 Vezes ao Ano | D48: Ponta Porã | E48: Imóvel | G48: 1.0461517 | H48: 501.606 | I48: 0 | J48: A | K48: Setor Marambaia | L48: =LEFT(C48,2)*1 -> 4 | M48: =G48*L48 -> 4.1846067
A49: Avenida Internacional | B49: 1 Vez a cada 3 meses | C49: 4 Vezes ao Ano | D49: Ponta Porã | E49: Canteiro | F49: C | G49: 0.148927 | H49: 409.001 | I49: 0 | J49: C | K49: Setor Aeroporto | L49: =LEFT(C49,2)*1 -> 4 | M49: =G49*L49 -> 0.595708
A50: Avenida Internacional | B50: 1 Vez a cada 3 meses | C50: 4 Vezes ao Ano | D50: Ponta Porã | E50: Canteiro | F50: C | G50: 1.3351157 | H50: 1206.605 | I50: 0 | J50: C | K50: Setor Aeroporto | L50: =LEFT(C50,2)*1 -> 4 | M50: =G50*L50 -> 5.3404629
A51: 4° Batalhão Da Polícia Militar do Estado de Mato Grosso do Sul | B51: 1 Vez a cada 3 Meses | C51: 4 Vezes ao Ano | D51: Ponta Porã | E51: Imóvel | F51: F | G51: 3.1957963 | H51: 728.759 | I51: 0 | J51: F | K51: Setor Centro | L51: =LEFT(C51,2)*1 -> 4 | M51: =G51*L51 -> 12.783185
L52: TOTAL | M52: =SUM(M2:M51) -> 219.43039
M53: =M52/12 -> 18.285866

Sheet COSTAL
A1: Nome | B1: Frequênci | C1: AREA | D1: Freq Anual | E1: PERIMETRO | F1: Região | G1: Tipo | H1: Bairro | I1: Id | J1: Bairro_2 | K1: Setor | L1: COF | N1: ROÇADA | O1: CAPINA
A2: Rua Antonio João | B2: 1 Vez a cada 3 Meses | C2: 0.050385608 | D2: 4 Vezes ao Ano | E2: 212.89322 | F2: Ponta Porã | G2: Canteiro | H2: F | I2: 0 | J2: F | K2: Setor Centro | L2: Verdadeiro | M2: =LEFT(D2,2)*1 -> 4 | N2: =M2*C2 -> 0.20154243 | O2: =M2*E2*0.8/10000 -> 0.068125832 | S2: Setor | T2: Frequência/Semana | U2: ÁREA | V2: Número de ruas | W2: Comprimento (m) | X2: FreqXCompr
A3: Rua Antonio João | B3: 1 Vez a cada 3 Meses | C3: 0.055721071 | D3: 4 Vezes ao Ano | E3: 255.15921 | F3: Ponta Porã | G3: Canteiro | H3: F | I3: 0 | J3: F | K3: Setor Centro | L3: Verdadeiro | M3: =LEFT(D3,2)*1 -> 4 | N3: =M3*C3 -> 0.22288428 | O3: =M3*E3*0.8/10000 -> 0.081650946 | Q3: =SUMIF($K$2:$K$482,"Setor Centro",$N$2:$N$482) -> 70.299299 | R3: =SUMIF($K$2:$K$482,"Setor Centro",$O$2:$O$482) -> 11.603209 | S3: 1
A4: Rua Antonio João | B4: 1 Vez a cada 3 Meses | C4: 0.087165283 | D4: 4 Vezes ao Ano | E4: 385.36136 | F4: Ponta Porã | G4: Canteiro | H4: F | I4: 0 | J4: F | K4: Setor Centro | L4: Verdadeiro | M4: =LEFT(D4,2)*1 -> 4 | N4: =M4*C4 -> 0.34866113 | O4: =M4*E4*0.8/10000 -> 0.12331563 | Q4: =SUMIF($K$2:$K$482,"Setor Ipê",$N$2:$N$482) -> 67.323097 | R4: =SUMIF($K$2:$K$482,"Setor Ipê",$O$2:$O$482) -> 9.9920313 | S4: 2
A5: Rua Antonio João | B5: 1 Vez a cada 3 Meses | C5: 0.032855214 | D5: 4 Vezes ao Ano | E5: 151.93013 | F5: Ponta Porã | G5: Canteiro | H5: F | I5: 0 | J5: F | K5: Setor Centro | L5: Verdadeiro | M5: =LEFT(D5,2)*1 -> 4 | N5: =M5*C5 -> 0.13142085 | O5: =M5*E5*0.8/10000 -> 0.048617643 | Q5: =SUMIF($K$2:$K$482,"Setor Aeroporto",$N$2:$N$482) -> 203.3549 | R5: =SUMIF($K$2:$K$482,"Setor Aeroporto",$O$2:$O$482) -> 6.6728223 | S5: 3
A6: Rua Antonio João | B6: 1 Vez a cada 3 Meses | C6: 0.010770493 | D6: 4 Vezes ao Ano | E6: 77.990682 | F6: Ponta Porã | G6: Canteiro | H6: F | I6: 0 | J6: F | K6: Setor Centro | L6: Verdadeiro | M6: =LEFT(D6,2)*1 -> 4 | N6: =M6*C6 -> 0.043081973 | O6: =M6*E6*0.8/10000 -> 0.024957018 | Q6: =SUMIF($K$2:$K$482,"Setor Vilela",$N$2:$N$482) -> 13.495778 | R6: =SUMIF($K$2:$K$482,"Setor Vilela",$O$2:$O$482) -> 2.3629698 | S6: 4
A7: Rua Antonio João | B7: 1 Vez a cada 3 Meses | C7: 0.073857016 | D7: 4 Vezes ao Ano | E7: 313.86058 | F7: Ponta Porã | G7: Canteiro | H7: F | I7: 0 | J7: F | K7: Setor Centro | L7: Verdadeiro | M7: =LEFT(D7,2)*1 -> 4 | N7: =M7*C7 -> 0.29542807 | O7: =M7*E7*0.8/10000 -> 0.10043539 | Q7: =SUMIF($K$2:$K$482,"Setor Marambaia",$N$2:$N$482) -> 17.448538 | R7: =SUMIF($K$2:$K$482,"Setor Marambaia",$O$2:$O$482) -> 2.6317641 | S7: 5
A8: Rua Antonio João | B8: 1 Vez a cada 3 Meses | C8: 0.0099647177 | D8: 4 Vezes ao Ano | E8: 35.386785 | F8: Ponta Porã | G8: Canteiro | H8: F | I8: 0 | J8: F | K8: Setor Centro | L8: Verdadeiro | M8: =LEFT(D8,2)*1 -> 4 | N8: =M8*C8 -> 0.039858871 | O8: =M8*E8*0.8/10000 -> 0.011323771 | Q8: =SUMIF($K$2:$K$482,"DISTRITO SANGA PUITA",$N$2:$N$482) -> 9.9596864 | R8: =SUMIF($K$2:$K$482,"DISTRITO SANGA PUITA",$O$2:$O$482) -> 0.67413818 | S8: 6
A9: Rua Antonio João | B9: 1 Vez a cada 3 Meses | C9: 0.025112651 | D9: 4 Vezes ao Ano | E9: 119.32456 | F9: Ponta Porã | G9: Canteiro | H9: F | I9: 0 | J9: F | K9: Setor Centro | L9: Verdadeiro | M9: =LEFT(D9,2)*1 -> 4 | N9: =M9*C9 -> 0.1004506 | O9: =M9*E9*0.8/10000 -> 0.03818386 | S9: 7
A10: Rua Antonio João | B10: 1 Vez a cada 3 Meses | C10: 0.062652557 | D10: 4 Vezes ao Ano | E10: 247.79908 | F10: Ponta Porã | G10: Canteiro | H10: F | I10: 0 | J10: F | K10: Setor Centro | L10: Verdadeiro | M10: =LEFT(D10,2)*1 -> 4 | N10: =M10*C10 -> 0.25061023 | O10: =M10*E10*0.8/10000 -> 0.079295707 | S10: 8
A11: Rua Antonio João | B11: 1 Vez a cada 3 Meses | C11: 0.079244551 | D11: 4 Vezes ao Ano | E11: 329.0261 | F11: Ponta Porã | G11: Canteiro | H11: F | I11: 0 | J11: F | K11: Setor Centro | L11: Verdadeiro | M11: =LEFT(D11,2)*1 -> 4 | N11: =M11*C11 -> 0.3169782 | O11: =M11*E11*0.8/10000 -> 0.10528835 | S11: 9
A12: Rua Antonio João | B12: 1 Vez a cada 3 Meses | C12: 0.098559367 | D12: 4 Vezes ao Ano | E12: 389.35929 | F12: Ponta Porã | G12: Canteiro | H12: F | I12: 0 | J12: F | K12: Setor Centro | L12: Verdadeiro | M12: =LEFT(D12,2)*1 -> 4 | N12: =M12*C12 -> 0.39423747 | O12: =M12*E12*0.8/10000 -> 0.12459497 | S12: 10
A13: Rua Antonio João | B13: 1 Vez a cada 3 Meses | C13: 0.041217077 | D13: 4 Vezes ao Ano | E13: 180.37886 | F13: Ponta Porã | G13: Canteiro | H13: F | I13: 0 | J13: F | K13: Setor Centro | L13: Verdadeiro | M13: =LEFT(D13,2)*1 -> 4 | N13: =M13*C13 -> 0.16486831 | O13: =M13*E13*0.8/10000 -> 0.057721234 | S13: 11
A14: Rua Tiradentes | B14: 1 Vez a cada 3 Meses | C14: 0.099287105 | D14: 4 Vezes ao Ano | E14: 376.73129 | F14: Ponta Porã | G14: Canteiro | H14: F | I14: 0 | J14: F | K14: Setor Centro | L14: Verdadeiro | M14: =LEFT(D14,2)*1 -> 4 | N14: =M14*C14 -> 0.39714842 | O14: =M14*E14*0.8/10000 -> 0.12055401 | S14: 12
A15: Rua Tiradentes | B15: 1 Vez a cada 3 Meses | C15: 0.0085463654 | D15: 4 Vezes ao Ano | E15: 33.411761 | F15: Ponta Porã | G15: Canteiro | H15: F | I15: 0 | J15: F | K15: Setor Centro | L15: Verdadeiro | M15: =LEFT(D15,2)*1 -> 4 | N15: =M15*C15 -> 0.034185462 | O15: =M15*E15*0.8/10000 -> 0.010691764 | S15: 13
A16: Rua Tiradentes | B16: 1 Vez a cada 3 Meses | C16: 0.051093289 | D16: 4 Vezes ao Ano | E16: 201.38161 | F16: Ponta Porã | G16: Canteiro | H16: F | I16: 0 | J16: F | K16: Setor Centro | L16: Verdadeiro | M16: =LEFT(D16,2)*1 -> 4 | N16: =M16*C16 -> 0.20437316 | O16: =M16*E16*0.8/10000 -> 0.064442114 | S16: 14
A17: Rua Tiradentes | B17: 1 Vez a cada 3 Meses | C17: 0.044044642 | D17: 4 Vezes ao Ano | E17: 170.05668 | F17: Ponta Porã | G17: Canteiro | H17: F | I17: 0 | J17: F | K17: Setor Centro | L17: Verdadeiro | M17: =LEFT(D17,2)*1 -> 4 | N17: =M17*C17 -> 0.17617857 | O17: =M17*E17*0.8/10000 -> 0.054418136 | S17: 14
A18: Rua Tiradentes | B18: 1 Vez a cada 3 Meses | C18: 0.049426063 | D18: 4 Vezes ao Ano | E18: 190.51925 | F18: Ponta Porã | G18: Canteiro | H18: F | I18: 0 | J18: F | K18: Setor Centro | L18: Verdadeiro | M18: =LEFT(D18,2)*1 -> 4 | N18: =M18*C18 -> 0.19770425 | O18: =M18*E18*0.8/10000 -> 0.060966159
A19: Rua Tiradentes | B19: 1 Vez a cada 3 Meses | C19: 0.042212039 | D19: 4 Vezes ao Ano | E19: 173.91834 | F19: Ponta Porã | G19: Canteiro | H19: F | I19: 0 | J19: F | K19: Setor Centro | L19: Verdadeiro | M19: =LEFT(D19,2)*1 -> 4 | N19: =M19*C19 -> 0.16884816 | O19: =M19*E19*0.8/10000 -> 0.055653868 | S19: Setores | T19: Segunda | U19: Terça | V19: Quarta | W19: Quinta | X19: Sexta | Y19: Sábado
A20: Rua Tiradentes | B20: 1 Vez a cada 3 Meses | C20: 0.0063879767 | D20: 4 Vezes ao Ano | E20: 29.34186 | F20: Ponta Porã | G20: Canteiro | H20: F | I20: 0 | J20: F | K20: Setor Centro | L20: Verdadeiro | M20: =LEFT(D20,2)*1 -> 4 | N20: =M20*C20 -> 0.025551907 | O20: =M20*E20*0.8/10000 -> 0.0093893952 | S20: 1
A21: Rua Tiradentes | B21: 1 Vez a cada 3 Meses | C21: 0.090013589 | D21: 4 Vezes ao Ano | E21: 386.02246 | F21: Ponta Porã | G21: Canteiro | H21: F | I21: 0 | J21: F | K21: Setor Centro | L21: Verdadeiro | M21: =LEFT(D21,2)*1 -> 4 | N21: =M21*C21 -> 0.36005435 | O21: =M21*E21*0.8/10000 -> 0.12352719 | S21: 2
A22: Rua Tiradentes | B22: 1 Vez a cada 3 Meses | C22: 0.037844788 | D22: 4 Vezes ao Ano | E22: 175.2609 | F22: Ponta Porã | G22: Canteiro | H22: F | I22: 0 | J22: F | K22: Setor Centro | L22: Verdadeiro | M22: =LEFT(D22,2)*1 -> 4 | N22: =M22*C22 -> 0.15137915 | O22: =M22*E22*0.8/10000 -> 0.056083488 | S22: 3
A23: Rua Tiradentes | B23: 1 Vez a cada 3 Meses | C23: 0.046216701 | D23: 4 Vezes ao Ano | E23: 185.87471 | F23: Ponta Porã | G23: Canteiro | H23: F | I23: 0 | J23: F | K23: Setor Centro | L23: Verdadeiro | M23: =LEFT(D23,2)*1 -> 4 | N23: =M23*C23 -> 0.1848668 | O23: =M23*E23*0.8/10000 -> 0.059479908 | S23: 4
A24: Rua Tiradentes | B24: 1 Vez a cada 3 Meses | C24: 0.034466387 | D24: 4 Vezes ao Ano | E24: 127.30019 | F24: Ponta Porã | G24: Canteiro | H24: H | I24: 0 | J24: H | K24: Setor Ipê | L24: Verdadeiro | M24: =LEFT(D24,2)*1 -> 4 | N24: =M24*C24 -> 0.13786555 | O24: =M24*E24*0.8/10000 -> 0.040736062 | S24: 5
A25: Rua Tiradentes | B25: 1 Vez a cada 3 Meses | C25: 0.034574483 | D25: 4 Vezes ao Ano | E25: 172.12034 | F25: Ponta Porã | G25: Canteiro | H25: H | I25: 0 | J25: H | K25: Setor Ipê | L25: Verdadeiro | M25: =LEFT(D25,2)*1 -> 4 | N25: =M25*C25 -> 0.13829793 | O25: =M25*E25*0.8/10000 -> 0.055078509 | S25: 6
A26: Rua Tiradentes | B26: 1 Vez a cada 3 Meses | C26: 0.033461428 | D26: 4 Vezes ao Ano | E26: 178.63846 | F26: Ponta Porã | G26: Canteiro | H26: H | I26: 0 | J26: H | K26: Setor Ipê | L26: Verdadeiro | M26: =LEFT(D26,2)*1 -> 4 | N26: =M26*C26 -> 0.13384571 | O26: =M26*E26*0.8/10000 -> 0.057164306 | S26: 7
A27: Rua Tiradentes | B27: 1 Vez a cada 3 Meses | C27: 0.030772239 | D27: 4 Vezes ao Ano | E27: 168.46272 | F27: Ponta Porã | G27: Canteiro | H27: H | I27: 0 | J27: H | K27: Setor Ipê | L27: Verdadeiro | M27: =LEFT(D27,2)*1 -> 4 | N27: =M27*C27 -> 0.12308896 | O27: =M27*E27*0.8/10000 -> 0.05390807 | S27: 8
A28: Rua Tiradentes | B28: 1 Vez a cada 3 Meses | C28: 0.036110372 | D28: 4 Vezes ao Ano | E28: 164.62712 | F28: Ponta Porã | G28: Canteiro | H28: H | I28: 0 | J28: H | K28: Setor Ipê | L28: Verdadeiro | M28: =LEFT(D28,2)*1 -> 4 | N28: =M28*C28 -> 0.14444149 | O28: =M28*E28*0.8/10000 -> 0.052680678 | S28: 9
A29: Rua Tiradentes | B29: 1 Vez a cada 3 Meses | C29: 0.035812412 | D29: 4 Vezes ao Ano | E29: 154.80929 | F29: Ponta Porã | G29: Canteiro | H29: H | I29: 0 | J29: H | K29: Setor Ipê | L29: Verdadeiro | M29: =LEFT(D29,2)*1 -> 4 | N29: =M29*C29 -> 0.14324965 | O29: =M29*E29*0.8/10000 -> 0.049538973 | S29: 10
A30: Rua Tiradentes | B30: 1 Vez a cada 3 Meses | C30: 0.028039243 | D30: 4 Vezes ao Ano | E30: 156.33594 | F30: Ponta Porã | G30: Canteiro | H30: F | I30: 0 | J30: F | K30: Setor Centro | L30: Verdadeiro | M30: =LEFT(D30,2)*1 -> 4 | N30: =M30*C30 -> 0.11215697 | O30: =M30*E30*0.8/10000 -> 0.050027502 | S30: 11
A31: Rua Tiradentes | B31: 1 Vez a cada 3 Meses | C31: 0.033962999 | D31: 4 Vezes ao Ano | E31: 181.6743 | F31: Ponta Porã | G31: Canteiro | H31: F | I31: 0 | J31: F | K31: Setor Centro | L31: Verdadeiro | M31: =LEFT(D31,2)*1 -> 4 | N31: =M31*C31 -> 0.135852 | O31: =M31*E31*0.8/10000 -> 0.058135777 | S31: 12
... A33: Rua Tiradentes | B33: 1 Vez a cada 3 Meses | C33: 0.032039073 | D33: 4 Vezes ao Ano | E33: 174.58856 | F33: Ponta Porã | G33: Canteiro | H33: F | I33: 0 | J33: F | K33: Setor Centro | L33: Verdadeiro | M33: =LEFT(D33,2)*1 -> 4 | N33: =M33*C33 -> 0.12815629 | O33: =M33*E33*0.8/10000 -> 0.055868338 | S33: 14
A34: Rua Tiradentes | B34: 1 Vez a cada 3 Meses | C34: 0.027868072 | D34: 4 Vezes ao Ano | E34: 175.14437 | F34: Ponta Porã | G34: Canteiro | H34: F | I34: 0 | J34: F | K34: Setor Centro | L34: Verdadeiro | M34: =LEFT(D34,2)*1 -> 4 | N34: =M34*C34 -> 0.11147229 | O34: =M34*E34*0.8/10000 -> 0.0560462
A35: Rua Rosa Azul | B35: 1 Vez a cada 3 Meses | C35: 0.092407892 | D35: 4 Vezes ao Ano | E35: 523.93051 | F35: Ponta Porã | G35: Canteiro | H35: C | I35: 0 | J35: C | K35: Setor Aeroporto | L35: Verdadeiro | M35: =LEFT(D35,2)*1 -> 4 | N35: =M35*C35 -> 0.36963157 | O35: =M35*E35*0.8/10000 -> 0.16765776 | S35: Setores | T35: Segunda | U35: Terça | V35: Quarta | W35: Quinta | X35: Sexta | Y35: Sábado
A36: CREAS | B36: 1 Vez a cada 3 Meses | C36: 0.17211686 | D36: 4 Vezes ao Ano | E36: 199.34491 | F36: Ponta Porã | G36: Imóvel | H36: F | I36: 0 | J36: F | K36: Setor Centro | L36: Verdadeiro | M36: =LEFT(D36,2)*1 -> 4 | N36: =M36*C36 -> 0.68846745 | O36: =M36*E36*0.8/10000 -> 0.06379037 | S36: 1
A37: CREAS | B37: 1 Vez a cada 3 Meses | C37: 0.16912783 | D37: 4 Vezes ao Ano | E37: 197.97365 | F37: Ponta Porã | G37: Imóvel | H37: F | I37: 0 | J37: F | K37: Setor Centro | L37: Verdadeiro | M37: =LEFT(D37,2)*1 -> 4 | N37: =M37*C37 -> 0.67651132 | O37: =M37*E37*0.8/10000 -> 0.06335157 | S37: 2
A38: CREAS | B38: 1 Vez a cada 3 Meses | C38: 0.15165686 | D38: 4 Vezes ao Ano | E38: 190.20112 | F38: Ponta Porã | G38: Imóvel | H38: F | I38: 0 | J38: F | K38: Setor Centro | L38: Verdadeiro | M38: =LEFT(D38,2)*1 -> 4 | N38: =M38*C38 -> 0.60662742 | O38: =M38*E38*0.8/10000 -> 0.060864359 | S38: 3
A39: Rua Luiz Quintana | B39: 1 Vez a cada 3 Meses | C39: 0.043095822 | D39: 4 Vezes ao Ano | E39: 160.42072 | F39: Ponta Porã | G39: Canteiro | H39: C | I39: 0 | J39: C | K39: Setor Aeroporto | L39: Verdadeiro | M39: =LEFT(D39,2)*1 -> 4 | N39: =M39*C39 -> 0.17238329 | O39: =M39*E39*0.8/10000 -> 0.051334632 | S39: 4
A40: Rua Luiz Quintana | B40: 1 Vez a cada 3 Meses | C40: 0.064479629 | D40: 4 Vezes ao Ano | E40: 184.22038 | F40: Ponta Porã | G40: Canteiro | H40: C | I40: 0 | J40: C | K40: Setor Aeroporto | L40: Verdadeiro | M40: =LEFT(D40,2)*1 -> 4 | N40: =M40*C40 -> 0.25791852 | O40: =M40*E40*0.8/10000 -> 0.058950522 | S40: 5
A41: Rua Luiz Quintana | B41: 1 Vez a cada 3 Meses | C41: 0.32788435 | D41: 4 Vezes ao Ano | E41: 577.94785 | F41: Ponta Porã | G41: Canteiro | H41: C | I41: 0 | J41: C | K41: Setor Aeroporto | L41: Verdadeiro | M41: =LEFT(D41,2)*1 -> 4 | N41: =M41*C41 -> 1.3115374 | O41: =M41*E41*0.8/10000 -> 0.18494331 | S41: 6
A42: Rua Luiz Quintana | B42: 1 Vez a cada 3 Meses | C42: 0.026635125 | D42: 4 Vezes ao Ano | E42: 96.734171 | F42: Ponta Porã | G42: Canteiro | H42: C | I42: 0 | J42: C | K42: Setor Aeroporto | L42: Verdadeiro | M42: =LEFT(D42,2)*1 -> 4 | N42: =M42*C42 -> 0.1065405 | O42: =M42*E42*0.8/10000 -> 0.030954935 | S42: 7
A43: Rua Luiz Quintana | B43: 1 Vez a cada 3 Meses | C43: 0.01527794 | D43: 4 Vezes ao Ano | E43: 73.336437 | F43: Ponta Porã | G43: Canteiro | H43: C | I43: 0 | J43: C | K43: Setor Aeroporto | L43: Verdadeiro | M43: =LEFT(D43,2)*1 -> 4 | N43: =M43*C43 -> 0.061111761 | O43: =M43*E43*0.8/10000 -> 0.02346766 | S43: 8
A44: Rua Luiz Quintana | B44: 1 Vez a cada 3 Meses | C44: 0.031465532 | D44: 4 Vezes ao Ano | E44: 111.24879 | F44: Ponta Porã | G44: Canteiro | H44: C | I44: 0 | J44: C | K44: Setor Aeroporto | L44: Verdadeiro | M44: =LEFT(D44,2)*1 -> 4 | N44: =M44*C44 -> 0.12586213 | O44: =M44*E44*0.8/10000 -> 0.035599614 | S44: 9
A45: Rua Luiz Quintana | B45: 1 Vez a cada 3 Meses | C45: 0.034498328 | D45: 4 Vezes ao Ano | E45: 178.90716 | F45: Ponta Porã | G45: Canteiro | H45: C | I45: 0 | J45: C | K45: Setor Aeroporto | L45: Verdadeiro | M45: =LEFT(D45,2)*1 -> 4 | N45: =M45*C45 -> 0.13799331 | O45: =M45*E45*0.8/10000 -> 0.057250292 | S45: 10
A46: Rua Luiz Quintana | B46: 1 Vez a cada 3 Meses | C46: 0.029475142 | D46: 4 Vezes ao Ano | E46: 150.04924 | F46: Ponta Porã | G46: Canteiro | H46: C | I46: 0 | J46: C | K46: Setor Aeroporto | L46: Verdadeiro | M46: =LEFT(D46,2)*1 -> 4 | N46: =M46*C46 -> 0.11790057 | O46: =M46*E46*0.8/10000 -> 0.048015756 | S46: 11
A47: Rua Luiz Quintana | B47: 1 Vez a cada 3 Meses | C47: 0.11957367 | D47: 4 Vezes ao Ano | E47: 383.85157 | F47: Ponta Porã | G47: Canteiro | H47: C | I47: 0 | J47: C | K47: Setor Aeroporto | L47: Verdadeiro | M47: =LEFT(D47,2)*1 -> 4 | N47: =M47*C47 -> 0.47829468 | O47: =M47*E47*0.8/10000 -> 0.1228325 | S47: 12
... A49: Rua Luiz Quintana | B49: 1 Vez a cada 3 Meses | C49: 0.011826015 | D49: 4 Vezes ao Ano | E49: 56.175178 | F49: Ponta Porã | G49: Canteiro | H49: C | I49: 0 | J49: C | K49: Setor Aeroporto | L49: Verdadeiro | M49: =LEFT(D49,2)*1 -> 4 | N49: =M49*C49 -> 0.047304059 | O49: =M49*E49*0.8/10000 -> 0.017976057 | S49: 14
A50: Rua Luiz Quintana | B50: 1 Vez a cada 3 Meses | C50: 0.0057015179 | D50: 4 Vezes ao Ano | E50: 38.156287 | F50: Ponta Porã | G50: Canteiro | H50: C | I50: 0 | J50: C | K50: Setor Aeroporto | L50: Verdadeiro | M50: =LEFT(D50,2)*1 -> 4 | N50: =M50*C50 -> 0.022806072 | O50: =M50*E50*0.8/10000 -> 0.012210012 | S50: TOTAL | T50: =SUM(T36:T49) -> 0 | U50: =SUM(U36:U49) -> 0 | V50: =SUM(V36:V49) -> 0 | W50: =SUM(W36:W49) -> 0 | X50: =SUM(X36:X49) -> 0 | Y50: =SUM(Y36:Y49) -> 0
A51: Rua Luiz Quintana | B51: 1 Vez a cada 3 Meses | C51: 0.030619946 | D51: 4 Vezes ao Ano | E51: 114.59115 | F51: Ponta Porã | G51: Canteiro | H51: C | I51: 0 | J51: C | K51: Setor Aeroporto | L51: Verdadeiro | M51: =LEFT(D51,2)*1 -> 4 | N51: =M51*C51 -> 0.12247979 | O51: =M51*E51*0.8/10000 -> 0.036669167
A52: Rua Luiz Quintana | B52: 1 Vez a cada 3 Meses | C52: 0.054646004 | D52: 4 Vezes ao Ano | E52: 191.67966 | F52: Ponta Porã | G52: Canteiro | H52: C | I52: 0 | J52: C | K52: Setor Aeroporto | L52: Verdadeiro | M52: =LEFT(D52,2)*1 -> 4 | N52: =M52*C52 -> 0.21858402 | O52: =M52*E52*0.8/10000 -> 0.061337491
A53: Rua Guia Lopes | B53: 1 Vez a cada 3 Meses | C53: 0.027589794 | D53: 4 Vezes ao Ano | E53: 119.51717 | F53: Ponta Porã | G53: Canteiro | H53: F | I53: 0 | J53: F | K53: Setor Centro | L53: Verdadeiro | M53: =LEFT(D53,2)*1 -> 4 | N53: =M53*C53 -> 0.11035917 | O53: =M53*E53*0.8/10000 -> 0.038245493
A54: Rua Guia Lopes | B54: 1 Vez a cada 3 Meses | C54: 0.0027361322 | D54: 4 Vezes ao Ano | E54: 20.515615 | F54: Ponta Porã | G54: Canteiro | H54: F | I54: 0 | J54: F | K54: Setor Centro | L54: Verdadeiro | M54: =LEFT(D54,2)*1 -> 4 | N54: =M54*C54 -> 0.010944529 | O54: =M54*E54*0.8/10000 -> 0.0065649967
A55: Rua Guia Lopes | B55: 1 Vez a cada 3 Meses | C55: 0.0098768458 | D55: 4 Vezes ao Ano | E55: 56.707619 | F55: Ponta Porã | G55: Canteiro | H55: F | I55: 0 | J55: F | K55: Setor Centro | L55: Verdadeiro | M55: =LEFT(D55,2)*1 -> 4 | N55: =M55*C55 -> 0.039507383 | O55: =M55*E55*0.8/10000 -> 0.018146438
A56: Rua Guia Lopes | B56: 1 Vez a cada 3 Meses | C56: 0.01136203 | D56: 4 Vezes ao Ano | E56: 60.135121 | F56: Ponta Porã | G56: Canteiro | H56: F | I56: 0 | J56: F | K56: Setor Centro | L56: Verdadeiro | M56: =LEFT(D56,2)*1 -> 4 | N56: =M56*C56 -> 0.045448121 | O56: =M56*E56*0.8/10000 -> 0.019243239
A57: Rua Guia Lopes | B57: 1 Vez a cada 3 Meses | C57: 0.042847162 | D57: 4 Vezes ao Ano | E57: 212.98432 | F57: Ponta Porã | G57: Canteiro | H57: F | I57: 0 | J57: F | K57: Setor Centro | L57: Verdadeiro | M57: =LEFT(D57,2)*1 -> 4 | N57: =M57*C57 -> 0.17138865 | O57: =M57*E57*0.8/10000 -> 0.068154982
A58: Rua Guia Lopes | B58: 1 Vez a cada 3 Meses | C58: 0.045189126 | D58: 4 Vezes ao Ano | E58: 182.292 | F58: Ponta Porã | G58: Canteiro | H58: F | I58: 0 | J58: F | K58: Setor Centro | L58: Verdadeiro | M58: =LEFT(D58,2)*1 -> 4 | N58: =M58*C58 -> 0.1807565 | O58: =M58*E58*0.8/10000 -> 0.058333439
A59: Rua Guia Lopes | B59: 1 Vez a cada 3 Meses | C59: 0.037271801 | D59: 4 Vezes ao Ano | E59: 171.82822 | F59: Ponta Porã | G59: Canteiro | H59: F | I59: 0 | J59: F | K59: Setor Centro | L59: Verdadeiro | M59: =LEFT(D59,2)*1 -> 4 | N59: =M59*C59 -> 0.1490872 | O59: =M59*E59*0.8/10000 -> 0.054985029
A60: Rua Guia Lopes | B60: 1 Vez a cada 3 Meses | C60: 0.085103159 | D60: 4 Vezes ao Ano | E60: 383.23098 | F60: Ponta Porã | G60: Canteiro | H60: F | I60: 0 | J60: F | K60: Setor Centro | L60: Verdadeiro | M60: =LEFT(D60,2)*1 -> 4 | N60: =M60*C60 -> 0.34041264 | O60: =M60*E60*0.8/10000 -> 0.12263391
A61: Rua Guia Lopes | B61: 1 Vez a cada 3 Meses | C61: 0.03131224 | D61: 4 Vezes ao Ano | E61: 147.40338 | F61: Ponta Porã | G61: Canteiro | H61: F | I61: 0 | J61: F | K61: Setor Centro | L61: Verdadeiro | M61: =LEFT(D61,2)*1 -> 4 | N61: =M61*C61 -> 0.12524896 | O61: =M61*E61*0.8/10000 -> 0.04716908
A62: Rua Guia Lopes | B62: 1 Vez a cada 3 Meses | C62: 0.049022317 | D62: 4 Vezes ao Ano | E62: 221.79502 | F62: Ponta Porã | G62: Canteiro | H62: F | I62: 0 | J62: F | K62: Setor Centro | L62: Verdadeiro | M62: =LEFT(D62,2)*1 -> 4 | N62: =M62*C62 -> 0.19608927 | O62: =M62*E62*0.8/10000 -> 0.070974405
... A431: Rodoviária de Ponta Porã | B431: 1 vez ao mês | C431: 0.034464608 | D431: 12 Vezes ao Ano | E431: 139.10081 | F431: Ponta Porã | G431: Imóvel | H431: C | I431: 0 | J431: C | K431: Setor Aeroporto | L431: Verdadeiro | M431: =LEFT(D431,2)*1 -> 12 | N431: =M431*C431 -> 0.4135753 | O431: =M431*E431*0.8/10000 -> 0.13353677
A432: Parque de Exposições | B432: 1 Vez ao mês | C432: 13.39026 | D432: 12 Vezes ao Ano | E432: 1566.4212 | F432: Ponta Porã | G432: Imóvel | I432: 0 | J432: C | K432: Setor Aeroporto | M432: =LEFT(D432,2)*1 -> 12 | N432: =M432*C432 -> 160.68312 | O432: =M432*E432*0.8/10000 -> 1.5037644
A433: Avenida São João | B433: 1 Vez a cada 3 meses | C433: 0.070484837 | D433: 4 Vezes ao Ano | E433: 159.7325 | F433: Ponta Porã | G433: Canteiro | H433: H | I433: 0 | J433: H | K433: Setor Ipê | L433: Verdadeiro | M433: =LEFT(D433,2)*1 -> 4 | N433: =M433*C433 -> 0.28193935 | O433: =M433*E433*0.8/10000 -> 0.051114402
A434: Avenida São João | B434: 1 Vez a cada 3 meses | C434: 0.021779306 | D434: 4 Vezes ao Ano | E434: 79.823452 | F434: Ponta Porã | G434: Canteiro | H434: H | I434: 0 | J434: H | K434: Setor Ipê | L434: Verdadeiro | M434: =LEFT(D434,2)*1 -> 4 | N434: =M434*C434 -> 0.087117226 | O434: =M434*E434*0.8/10000 -> 0.025543505
A435: Avenida São João | B435: 1 Vez a cada 3 meses | C435: 0.037275077 | D435: 4 Vezes ao Ano | E435: 174.38087 | F435: Ponta Porã | G435: Canteiro | H435: H | I435: 0 | J435: H | K435: Setor Ipê | L435: Verdadeiro | M435: =LEFT(D435,2)*1 -> 4 | N435: =M435*C435 -> 0.14910031 | O435: =M435*E435*0.8/10000 -> 0.055801878
A436: Fundação de Cultura e Esporte de Ponta Porã FUNCESPP | B436: 1 Vez a cada 3 meses | C436: 0.10133103 | D436: 4 Vezes ao Ano | E436: 152.71048 | F436: Ponta Porã | G436: Imóvel | H436: H | I436: 0 | J436: H | K436: Setor Ipê | L436: Verdadeiro | M436: =LEFT(D436,2)*1 -> 4 | N436: =M436*C436 -> 0.40532413 | O436: =M436*E436*0.8/10000 -> 0.048867353
A437: Vila Ferroviária II | B437: 1 Vez a cada 3 meses | C437: 0.2062294 | D437: 4 Vezes ao Ano | E437: 394.47577 | F437: Ponta Porã | G437: Imóvel | H437: H | I437: 0 | J437: H | K437: Setor Ipê | L437: Verdadeiro | M437: =LEFT(D437,2)*1 -> 4 | N437: =M437*C437 -> 0.82491761 | O437: =M437*E437*0.8/10000 -> 0.12623225
A438: Pista de Bicicross de Ponta Porã | B438: 1 vez a cada 2 meses | C438: 0.69950983 | D438: 6 Vezes ao Ano | E438: 334.80641 | F438: Ponta Porã | G438: Imóvel | H438: F | I438: 0 | J438: F | K438: Setor Centro | L438: Verdadeiro | M438: =LEFT(D438,2)*1 -> 6 | N438: =M438*C438 -> 4.197059 | O438: =M438*E438*0.8/10000 -> 0.16070707
A439: Fundação de Cultura e Esporte de Ponta Porã FUNCESPP | B439: 1 Vez a cada 3 meses | C439: 0.10220029 | D439: 4 Vezes ao Ano | E439: 144.83434 | F439: Ponta Porã | G439: Imóvel | H439: H | I439: 0 | J439: H | K439: Setor Ipê | L439: Verdadeiro | M439: =LEFT(D439,2)*1 -> 4 | N439: =M439*C439 -> 0.40880115 | O439: =M439*E439*0.8/10000 -> 0.04634699
A440: Rua Vital Brasil | B440: 1 Vez a cada 3 Meses | C440: 0.070490309 | D440: 4 Vezes ao Ano | E440: 224.65974 | F440: Ponta Porã | G440: Canteiro | H440: H | I440: 0 | J440: H | K440: Setor Ipê | L440: Verdadeiro | M440: =LEFT(D440,2)*1 -> 4 | N440: =M440*C440 -> 0.28196124 | O440: =M440*E440*0.8/10000 -> 0.071891116
A441: Escola Municipal Cooporã | B441: 1 Vez a cada 3 meses | C441: 0.11780074 | D441: 4 Vezes ao Ano | E441: 132.93362 | F441: Ponta Porã | G441: Imóvel | H441: M | I441: 0 | J441: M | K441: Setor Vilela | L441: Verdadeiro | M441: =LEFT(D441,2)*1 -> 4 | N441: =M441*C441 -> 0.47120296 | O441: =M441*E441*0.8/10000 -> 0.042538758
A442: Avenida Internacional | B442: 1 Vez a cada 3 meses | C442: 0.148927 | D442: 4 Vezes ao Ano | E442: 409.00117 | F442: Ponta Porã | G442: Canteiro | H442: C | I442: 0 | J442: C | K442: Setor Aeroporto | L442: Verdadeiro | M442: =LEFT(D442,2)*1 -> 4 | N442: =M442*C442 -> 0.595708 | O442: =M442*E442*0.8/10000 -> 0.13088037
A443: Avenida Internacional | B443: 1 Vez a cada 3 meses | C443: 1.3351157 | D443: 4 Vezes ao Ano | E443: 1206.605 | F443: Ponta Porã | G443: Canteiro | H443: C | I443: 0 | J443: C | K443: Setor Aeroporto | L443: Verdadeiro | M443: =LEFT(D443,2)*1 -> 4 | N443: =M443*C443 -> 5.3404629 | O443: =M443*E443*0.8/10000 -> 0.3861136
A444: Galpão do Jardim Universitário | B444: 1 Vez a cada 3 meses | C444: 0.12083286 | D444: 4 Vezes ao Ano | E444: 139.99312 | F444: Ponta Porã | G444: Imóvel | H444: A | I444: 0 | J444: A | K444: Setor Marambaia | L444: Verdadeiro | M444: =LEFT(D444,2)*1 -> 4 | N444: =M444*C444 -> 0.48333146 | O444: =M444*E444*0.8/10000 -> 0.0447978
... A452: Avenida Brasil | B452: 1 Vez a cada 3 Meses | C452: 0.032437333 | D452: 4 Vezes ao Ano | E452: 72.593488 | F452: Ponta Porã | G452: Canteiro | H452: F | I452: 0 | J452: F | K452: Setor Centro | L452: Verdadeiro | M452: =LEFT(D452,2)*1 -> 4 | N452: =M452*C452 -> 0.12974933 | O452: =M452*E452*0.8/10000 -> 0.023229916
A453: Avenida Comandante Cardoso | B453: 1 Vez a cada 3 Meses | C453: 0.32638075 | D453: 4 Vezes ao Ano | E453: 421.47117 | F453: Ponta Porã | G453: Canteiro | I453: 0 | J453: C | K453: Setor Aeroporto | M453: =LEFT(D453,2)*1 -> 4 | N453: =M453*C453 -> 1.305523 | O453: =M453*E453*0.8/10000 -> 0.13487077
A454: Avenida Brasil | B454: 1 Vez a cada 3 Meses | C454: 0.12192829 | D454: 4 Vezes ao Ano | E454: 298.36233 | F454: Ponta Porã | G454: Canteiro | H454: F | I454: 0 | J454: F | K454: Setor Aeroporto | L454: Verdadeiro | M454: =LEFT(D454,2)*1 -> 4 | N454: =M454*C454 -> 0.48771314 | O454: =M454*E454*0.8/10000 -> 0.095475945
A455: Rua Guia Lopes | B455: 1 Vez a cada 3 Meses | C455: 0.038492891 | D455: 4 Vezes ao Ano | E455: 151.32451 | F455: Ponta Porã | G455: Canteiro | H455: F | I455: 0 | J455: F | K455: Setor Centro | L455: Verdadeiro | M455: =LEFT(D455,2)*1 -> 4 | N455: =M455*C455 -> 0.15397156 | O455: =M455*E455*0.8/10000 -> 0.048423843
A456: Rua Felisberto Marques | B456: 1 Vez a cada 3 Meses | C456: 0.081394596 | D456: 4 Vezes ao Ano | E456: 216.94161 | F456: Ponta Porã | G456: Canteiro | H456: F | I456: 0 | J456: F | K456: Setor Centro | L456: Verdadeiro | M456: =LEFT(D456,2)*1 -> 4 | N456: =M456*C456 -> 0.32557838 | O456: =M456*E456*0.8/10000 -> 0.069421316
A457: Avenida Brasil | B457: 1 Vez a cada 3 Meses | C457: 0.022742791 | D457: 4 Vezes ao Ano | E457: 63.591141 | F457: Ponta Porã | G457: Canteiro | H457: C | I457: 0 | J457: C | K457: Setor Aeroporto | L457: Verdadeiro | M457: =LEFT(D457,2)*1 -> 4 | N457: =M457*C457 -> 0.090971163 | O457: =M457*E457*0.8/10000 -> 0.020349165
A458: Avenida Brasil | B458: 1 Vez a cada 3 Meses | C458: 0.21868275 | D458: 4 Vezes ao Ano | E458: 371.96318 | F458: Ponta Porã | G458: Canteiro | I458: 0 | J458: F | K458: Setor Centro | M458: =LEFT(D458,2)*1 -> 4 | N458: =M458*C458 -> 0.87473102 | O458: =M458*E458*0.8/10000 -> 0.11902822
A459: Avenida Brasil | B459: 1 Vez a cada 3 Meses | C459: 0.15647761 | D459: 4 Vezes ao Ano | E459: 370.71497 | F459: Ponta Porã | G459: Canteiro | H459: F | I459: 0 | J459: C | K459: Setor Aeroporto | M459: =LEFT(D459,2)*1 -> 4 | N459: =M459*C459 -> 0.62591043 | O459: =M459*E459*0.8/10000 -> 0.11862879
A460: Avenida Brasil | B460: 1 Vez a cada 3 Meses | C460: 0.24060829 | D460: 4 Vezes ao Ano | E460: 364.7955 | F460: Ponta Porã | G460: Canteiro | H460: C | I460: 0 | J460: C | K460: Setor Aeroporto | L460: Verdadeiro | M460: =LEFT(D460,2)*1 -> 4 | N460: =M460*C460 -> 0.96243314 | O460: =M460*E460*0.8/10000 -> 0.11673456
A461: Avenida Brasil | B461: 1 Vez a cada 3 Meses | C461: 0.24580712 | D461: 4 Vezes ao Ano | E461: 313.34519 | F461: Ponta Porã | G461: Canteiro | I461: 0 | J461: C | K461: Setor Aeroporto | M461: =LEFT(D461,2)*1 -> 4 | N461: =M461*C461 -> 0.98322847 | O461: =M461*E461*0.8/10000 -> 0.10027046
A462: Avenida Brasil | B462: 1 Vez a cada 3 Meses | C462: 0.01665271 | D462: 4 Vezes ao Ano | E462: 45.745783 | F462: Ponta Porã | G462: Canteiro | I462: 0 | J462: C | K462: Setor Aeroporto | M462: =LEFT(D462,2)*1 -> 4 | N462: =M462*C462 -> 0.066610841 | O462: =M462*E462*0.8/10000 -> 0.014638651
A463: Avenida Brasil | B463: 1 Vez a cada 3 Meses | C463: 0.1069319 | D463: 4 Vezes ao Ano | E463: 194.8002 | F463: Ponta Porã | G463: Canteiro | I463: 0 | J463: C | K463: Setor Aeroporto | M463: =LEFT(D463,2)*1 -> 4 | N463: =M463*C463 -> 0.42772762 | O463: =M463*E463*0.8/10000 -> 0.062336063
A464: Rua Adjalma Saldanha | B464: 1 Vez a cada 3 Meses | C464: 0.019884189 | D464: 4 Vezes ao Ano | E464: 75.582148 | F464: Ponta Porã | G464: Canteiro | H464: H | I464: 0 | J464: H | K464: Setor Ipê | L464: Verdadeiro | M464: =LEFT(D464,2)*1 -> 4 | N464: =M464*C464 -> 0.079536756 | O464: =M464*E464*0.8/10000 -> 0.024186287
A465: Avenida Marechal Floriano | B465: 1 Vez a cada 3 Meses | C465: 0.034373807 | D465: 4 Vezes ao Ano | E465: 34.594793 | F465: Ponta Porã | G465: Canteiro | H465: F | I465: 0 | J465: F | K465: Setor Centro | L465: Verdadeiro | M465: =LEFT(D465,2)*1 -> 4 | N465: =M465*C465 -> 0.13749523 | O465: =M465*E465*0.8/10000 -> 0.011070334
A466: Avenida da Flora | B466: 1 Vez a cada 3 Meses | C466: 0.19906845 | D466: 4 Vezes ao Ano | E466: 158.16479 | F466: Ponta Porã | G466: Canteiro | H466: H | I466: 0 | J466: F | K466: Setor Centro | M466: =LEFT(D466,2)*1 -> 4 | N466: =M466*C466 -> 0.79627379 | O466: =M466*E466*0.8/10000 -> 0.050612734
A467: Avenida da Flora | B467: 1 Vez a cada 3 Meses | C467: 0.014832048 | D467: 4 Vezes ao Ano | E467: 59.679104 | F467: Ponta Porã | G467: Canteiro | H467: H | I467: 0 | J467: F | K467: Setor Centro | M467: =LEFT(D467,2)*1 -> 4 | N467: =M467*C467 -> 0.059328193 | O467: =M467*E467*0.8/10000 -> 0.019097313
A468: Rua Coronel Santana | B468: 1 Vez a cada 3 Meses | C468: 0.34678681 | D468: 4 Vezes ao Ano | E468: 506.83901 | F468: Ponta Porã | G468: Canteiro | H468: H | I468: 0 | J468: F | K468: Setor Centro | M468: =LEFT(D468,2)*1 -> 4 | N468: =M468*C468 -> 1.3871473 | O468: =M468*E468*0.8/10000 -> 0.16218848
A469: Rua Baltazar Saldanha | B469: 1 Vez a cada 3 Meses | C469: 0.007442591 | D469: 4 Vezes ao Ano | E469: 30.582338 | F469: Ponta Porã | G469: Canteiro | H469: F | I469: 0 | J469: H | K469: Setor Ipê | M469: =LEFT(D469,2)*1 -> 4 | N469: =M469*C469 -> 0.029770364 | O469: =M469*E469*0.8/10000 -> 0.0097863481
A470: Rua Baltazar Saldanha | B470: 1 Vez a cada 3 Meses | C470: 0.10407996 | D470: 4 Vezes ao Ano | E470: 383.17252 | F470: Ponta Porã | G470: Canteiro | H470: F | I470: 0 | J470: H | K470: Setor Ipê | M470: =LEFT(D470,2)*1 -> 4 | N470: =M470*C470 -> 0.41631985 | O470: =M470*E470*0.8/10000 -> 0.12261521
A471: Rua Baltazar Saldanha | B471: 1 Vez a cada 3 Meses | C471: 0.043492304 | D471: 4 Vezes ao Ano | E471: 177.42909 | F471: Ponta Porã | G471: Canteiro | H471: F | I471: 0 | J471: H | K471: Setor Ipê | M471: =LEFT(D471,2)*1 -> 4 | N471: =M471*C471 -> 0.17396922 | O471: =M471*E471*0.8/10000 -> 0.056777307
A472: Rua Baltazar Saldanha | B472: 1 Vez a cada 3 Meses | C472: 0.038468142 | D472: 4 Vezes ao Ano | E472: 168.04537 | F472: Ponta Porã | G472: Canteiro | H472: F | I472: 0 | J472: F | K472: Setor Ipê | L472: Verdadeiro | M472: =LEFT(D472,2)*1 -> 4 | N472: =M472*C472 -> 0.15387257 | O472: =M472*E472*0.8/10000 -> 0.053774518
A473: Programa de Saúde e Família do Jardim Marambaia | B473: 1 Vez a cada 3 Meses | C473: 0.10554944 | D473: 4 Vezes ao Ano | E473: 58.791849 | F473: Ponta Porã | G473: Imóvel | H473: A | I473: 0 | J473: A | K473: Setor Marambaia | L473: Verdadeiro | M473: =LEFT(D473,2)*1 -> 4 | N473: =M473*C473 -> 0.42219776 | O473: =M473*E473*0.8/10000 -> 0.018813392
A474: Escola Municipal de 1º Grau Maria Ligia B. Garcia | B474: 1 Vez a cada 3 Meses | C474: 0.62720922 | D474: 4 Vezes ao Ano | E474: 314.78082 | F474: Ponta Porã | G474: Imóvel | H474: A | I474: 0 | J474: A | K474: Setor Marambaia | L474: Verdadeiro | M474: =LEFT(D474,2)*1 -> 4 | N474: =M474*C474 -> 2.5088369 | O474: =M474*E474*0.8/10000 -> 0.10072986
A475: Escola Estadual Geni Marques Magalhães | B475: 1 Vez a cada 3 Meses | C475: 0.12096715 | D475: 4 Vezes ao Ano | E475: 149.67878 | F475: Ponta Porã | G475: Imóvel | H475: C | I475: 0 | J475: C | K475: Setor Aeroporto | L475: Verdadeiro | M475: =LEFT(D475,2)*1 -> 4 | N475: =M475*C475 -> 0.48386861 | O475: =M475*E475*0.8/10000 -> 0.047897208
A476: Avenida São João | B476: 1 Vez a cada 3 Meses | C476: 0.1226413 | D476: 4 Vezes ao Ano | E476: 298.10705 | F476: Ponta Porã | G476: Canteiro | H476: C | I476: 0 | J476: H | K476: Setor Ipê | M476: =LEFT(D476,2)*1 -> 4 | N476: =M476*C476 -> 0.4905652 | O476: =M476*E476*0.8/10000 -> 0.095394255
A477: Rua Itacaiúnas | B477: 1 Vez a cada 3 Meses | C477: 0.040821071 | D477: 4 Vezes ao Ano | E477: 160.02061 | F477: Ponta Porã | G477: Canteiro | H477: C | I477: 0 | J477: H | K477: Setor Ipê | M477: =LEFT(D477,2)*1 -> 4 | N477: =M477*C477 -> 0.16328429 | O477: =M477*E477*0.8/10000 -> 0.051206594
...

Sheet RH
B2: COMPOSIÇÃO DE CUSTO UNITÁRIOS - RECURSOS HUMANOS | H2: Dias Úteis | I2: =365-52-I3 -> 304
H3: Feriado | I3: 9
H4: Salário Mínimo | I4: 998
I5: Ano 2019
B7: Porteiro | H7: =H23+H25+H29+H31 -> 2876.13
B8: =CONCATENATE("Salário - ",B7) -> Salário - Porteiro | E8: mês | F8: 1 | G8: =VLOOKUP(B8,Tabela3[[#All],[descrição]:[fonte]],4,FALSE) -> 1223.28 | H8: =TRUNC(F8*G8,2) -> 1223.28
B9: Salário mínimo nacional | E9: mês | F9: 1 | G9: =VLOOKUP(B9,Tabela3[[#All],[descrição]:[fonte]],4,FALSE) -> 1045
B10: Adicional Noturno | E10: horas trabalhadas
E11: hora contabilizada | F11: =F10*8/7 -> 0 | G11: =G8/220*0.2 -> 1.1120727 | H11: =TRUNC(F11*G11,2) -> 0
B12: Horas Extras (100%) | E12: hora | F12: =9/12*7.33 -> 5.4975 | G12: =G8/220*2 -> 11.120727 | H12: =TRUNC(F12*G12,2) -> 61.13
B13: Horas Extras Noturnas (100%) | E13: horas trabalhadas
E14: hora contabilizada | F14: =F13*8/7 -> 0 | G14: =G8/220*2*1.2 -> 13.344873 | H14: =TRUNC(F14*G14,2) -> 0
B15: Horas Extras (50%) | E15: hora | G15: =G8/220*1.5 -> 8.3405455 | H15: =TRUNC(F15*G15,2) -> 0
B16: Horas Extras Noturnas (50%) | E16: horas trabalhadas
E17: hora contabilizada | F17: =F16*8/7 -> 0 | G17: =G8/220*1.5*1.2 -> 10.008655 | H17: =TRUNC(F17*G17,2) -> 0
B18: Descanso Semanal Remunerado (DSR) - hora extra | E18: R$ | G18: =TRUNC(((52+9)/304)*(SUM(H12:H17)),2) -> 12.26 | H18: =G18 -> 12.26
B19: Base de cálculo da Insalubridade | F19: 1
B20: Adicional de Insalubridade | E20: % | F20: =VLOOKUP(B8,Tabela3[[descrição]:[Insalubridade]],3,FALSE) -> 0 | G20: =IF(F19=2,SUM(H8:H18),IF(F19=1,SUM(H8:H18)*G9/G8,0)) -> 1107.6942 | H20: =TRUNC(F20*G20/100,2) -> 0
B21: Soma | H21: =SUM(H8:H20) -> 1296.67
B22: Encargos Sociais | E22: % | F22: =VLOOKUP(B22,Tabela3[[#All],[descrição]:[fonte]],4,FALSE) -> 70.49 | G22: =H21 -> 1296.67 | H22: =TRUNC(G22*(F22/100),2) -> 914.02
B23: Salário total | H23: =TRUNC(H21+H22,2) -> 2210.69
B24: Complementares
B25: Vale transporte | E25: mês/func. | F25: 1 | G25: =H28 -> 132.48 | H25: =TRUNC(G25*F25,2) -> 132.48
B26: Vale Transporte | E26: R$ | F26: 1 | G26: =VLOOKUP(B26,Tabela3[[#All],[descrição]:[fonte]],4,FALSE) -> 3.95
B27: Dias Trabalhados por mês | E27: dia | F27: =ROUND((9+304)/12,2) -> 26.08
B28: =CONCATENATE("Vale Transporte - ",B7) -> Vale Transporte - Porteiro | E28: vale | F28: =F27*2*1 -> 52.16 | G28: =IF(TRUNC(IFERROR(((G26)-((G8*0.06)/(F27*2))),"-"),2)<=0,0,TRUNC(IFERROR(((G26)-((G8*0.06)/(F27*2))),"-"),2)) -> 2.54 | H28: =TRUNC(IFERROR(F28*G28,"-"),2) -> 132.48
B29: Alimentação | E29: mês/func. | F29: 1 | G29: =H30 -> 312.96 | H29: =G29*F29 -> 312.96
B30: Alimentação (Café da manhã/Almoço) | E30: unidade | F30: =F27 -> 26.08 | G30: =VLOOKUP(B30,Tabela3[[#All],[descrição]:[fonte]],4,FALSE) -> 12 | H30: =TRUNC(F30*G30,2) -> 312.96
B31: Auxilio Alimentação | E31: mês/func. | F31: 1 | G31: =VLOOKUP(B31,Tabela3[[#All],[descrição]:[fonte]],4,FALSE) -> 220 | H31: =G31*F31 -> 220
B32: Quantidade
B33: Custo total mensal (R$/mês) | H33: =H32*H7 -> 0
B35: Porteiro | D35: NOTURNO | H35: =H51+H53+H57+H59+F60 -> 3144.8
B36: Salário - Porteiro | E36: mês | F36: 1 | G36: =VLOOKUP(B36,Tabela3[[descrição]:[fonte]],4,FALSE) -> 1223.28 | H36: =TRUNC(F36*G36,2) -> 1223.28
B37: Salário mínimo nacional | E37: mês | F37: 1 | G37: =VLOOKUP(B37,Tabela3[[descrição]:[valor]],4,FALSE) -> 1045
B38: Adicional Noturno | E38: horas trabalhadas | F38: =5*52.5/60*($I$2/12) -> 110.83333
E39: hora contabilizada | F39: =F38*8/7 -> 126.66667 | G39: =G36/220*0.2 -> 1.1120727 | H39: =TRUNC(F39*G39,2) -> 140.86
B40: Horas Extras (100%) | E40: hora | F40: =$I$3/12*3 -> 2.25 | G40: =G36/220*2 -> 11.120727 | H40: =TRUNC(F40*G40,2) -> 25.02
B41: Horas Extras Noturnas (100%) | E41: horas trabalhadas | F41: =5*52.5/60*$I$3/12 -> 3.28125
E42: hora contabilizada | F42: =F41*8/7 -> 3.75 | G42: =G36/220*2*1.2 -> 13.344873 | H42: =TRUNC(F42*G42,2) -> 50.04
B43: Horas Extras (50%) | E43: hora | G43: =G36/220*1.5 -> 8.3405455 | H43: =TRUNC(F43*G43,2) -> 0
B44: Horas Extras Noturnas (50%) | E44: horas trabalhadas
E45: hora contabilizada | F45: =F44*8/7 -> 0 | G45: =G36/220*1.5*1.2 -> 10.008655 | H45: =TRUNC(F45*G45,2) -> 0
B46: Descanso Semanal Remunerado (DSR) - hora extra | E46: R$ | G46: =TRUNC(((52+$I$3)/$I$2)*(SUM(H40:H45)),2) -> 15.06 | H46: =G46 -> 15.06
B47: Base de cálculo da Insalubridade | F47: 1
B48: Adicional de Insalubridade | E48: % | F48: =VLOOKUP(B36,Tabela3[[descrição]:[Insalubridade]],3,FALSE) -> 0 | G48: =IF(F47=2,SUM(H36:H46),IF(F47=1,SUM(H36:H46)*G37/G36,0)) -> 1242.3171 | H48: =TRUNC(F48*G48/100,2) -> 0
B49: Soma | H49: =SUM(H36:H48) -> 1454.26
B50: Encargos Sociais | E50: % | F50: =VLOOKUP(B50,Tabela3[[descrição]:[valor]],4,FALSE) -> 70.49 | G50: =H49 -> 1454.26 | H50: =TRUNC(G50*F50/100,2) -> 1025.1
B51: Salário total | H51: =TRUNC(H49+H50,2) -> 2479.36
B52: Complementares
B53: Vale transporte | E53: mês/func. | F53: 1 | G53: =H56 -> 132.48 | H53: =TRUNC(G53*F53,2) -> 132.48
B54: Vale Transporte | E54: R$ | F54: 1 | G54: =VLOOKUP(B54,Tabela3[[descrição]:[valor]],4,FALSE) -> 3.95
B55: Dias Trabalhados por mês | E55: dia | F55: =ROUND(($I$2+$I$3)/12,2) -> 26.08
B56: =CONCATENATE("Vale Transporte - ",B35) -> Vale Transporte - Porteiro | E56: vale | F56: =F55*2*1 -> 52.16 | G56: =IF(TRUNC(IFERROR(((G54)-((G36*0.06)/(F55*2))),"-"),2)<=0,0,TRUNC(IFERROR(((G54)-((G36*0.06)/(F55*2))),"-"),2)) -> 2.54 | H56: =TRUNC(IFERROR(F56*G56,"-"),2) -> 132.48
B57: Alimentação | E57: mês/func. | F57: 1 | G57: =H58 -> 312.96 | H57: =G57*F57 -> 312.96
B58: Alimentação (Café da manhã/Almoço) | E58: unidade | F58: =F55 -> 26.08 | G58: =VLOOKUP(B58,Tabela3[[descrição]:[valor]],4,FALSE) -> 12 | H58: =TRUNC(F58*G58,2) -> 312.96
B59: Auxilio Alimentação | E59: mês/func. | F59: 1 | G59: =VLOOKUP(B59,FUNCIONÁRIOS!C3:F53,4,FALSE) -> 220 | H59: =G59*F59 -> 220
B60: Quantidade
B61: Custo total mensal (R$/mês) | H61: =H60*H35 -> 0
J366: adiconal de periculosidade | K366: =H355*K367 -> 0
J367: vigia (diurno) | K367: 0.3
J410: adiconal de periculosidade | K410: =(H399+I402)*K411 -> 0
J411: vigia (noturno) | K411: 0.3

Sheet RM
B1: COMPOSIÇÃO DE CUSTO UNITÁRIOS - VEÍCULOS, MÁQUINAS E EQUIPAMENTOS
B3: Caminhão toco | F3: =VLOOKUP(B3,Tabela13[[#All],[Descrição]:[FONTE]],2,FALSE) -> 0 | G3: R$/Mês | H3: =TRUNC(H11+H22+H26+H30+H37+H42+H54+(H4/12),2) -> #N/A | J3: item | M3: unidade | P3: custo total
B4: Valor de aquisição | F4: R$ | H4: =VLOOKUP(B3,Tabela13[[#All],[Descrição]:[FONTE]],3,FALSE) -> 226487 | J4: motosserra | M4: R$/mês | P4: =TRUNC(P8+P11+P14,2) -> #N/A
B5: Vida útil | F5: anos | H5: =VLOOKUP(B3,Tabela13[[#All],[Descrição]:[FONTE]],4,FALSE) -> 6 | J5: Valor de Inicial do Bem | M5: unid. | P5: =VLOOKUP(J4,Tabela1[#All],11,FALSE) -> #N/A
B6: Idade de utilização | F6: anos | H6: =VLOOKUP(B3,Tabela13[[#All],[Descrição]:[FONTE]],5,FALSE) -> 0 | J6: vida util | M6: anos | P6: 0
B7: HTA (Horas Trabalhadas por Ano) | F7: h/ano | H7: =VLOOKUP(B3,Tabela13[[#All],[Descrição]:[FONTE]],8,FALSE) -> 2000 | J7: idade de utilização | M7: anos | P7: 0
B8: Quilometragem por mês | F8: Km/mês | H8: =VLOOKUP(B3,Tabela13[[#All],[Descrição]:[FONTE]],9,FALSE) -> 3000 | J8: depreciação mensal | M8: R$/mês | P8: =TRUNC((P5-P10)/P6/12,2) -> #N/A
B9: Consumo de combustivél médio | F9: L/Km | H9: =VLOOKUP(B3,Tabela13[[#All],[Descrição]:[FONTE]],11,FALSE) -> 0.6 | J9: taxa de valor residual | M9: % | P9: 0.3
B10: Potência | F10: kW | H10: =VLOOKUP(B3,Tabela13[[#All],[Descrição]:[FONTE]],7,FALSE) -> 190 | J10: valor residual | M10: R$ | P10: =P9*P5 -> #N/A
B11: Implemento | F11: R$/Mês | H11: =IFERROR(TRUNC(H19+H21+(H13/12),2),0) -> 0 | J11: remuneração de capital | M11: R$/mês | P11: =TRUNC(((1+P12)^(1/12)-1)*P13,2) -> #N/A
J12: taxa de juros do mercado (a.a) | M12: % | P12: =VLOOKUP(J12,Tabela1[#All],11,FALSE) -> #N/A
B13: Valor de aquisição | F13: R$ | H13: =IFERROR(VLOOKUP(B12,Tabela13[[#All],[Descrição]:[FONTE]],3,FALSE),0) -> 0 | J13: investimento médio | M13: R$ | P13: =P10+((((P6-P7)+1)*(P5-P10))/(2*(P6-P7))) -> #N/A
B14: Vida útil | F14: anos | H14: =IFERROR(VLOOKUP(B12,Tabela13[[#All],[Descrição]:[FONTE]],4,FALSE),0) -> 0 | J14: manutenção | M14: R$/mês | N14: k= | O14: 0.5 | P14: =TRUNC(P5*O14/(P6*12),2) -> #N/A
B15: Idade de utilização | F15: anos | H15: =IFERROR(VLOOKUP(B12,Tabela13[[#All],[Descrição]:[FONTE]],5,FALSE),0) -> 0 | J15: Quantidade | P15: =#REF! -> #REF!
B16: Taxa de valor residual | F16: % | H16: =IFERROR(VLOOKUP(B12,Tabela13[[#All],[Descrição]:[FONTE]],6,FALSE),"") | J16: Total | M16: R$/mês | P16: =TRUNC(P15*P4,2) -> #REF!
B17: Valor residual | F17: R$ | H17: =IFERROR(H16*H13,0) -> 0
B18: Depreciação | F18: R$ | H18: =IFERROR((H13-H17)/H14,0) -> 0
B19: Depreciação Mensal (Implemento) | F19: R$/Mês | H19: =IFERROR(H18/12,0) -> 0
B20: Investimento médio | F20: R$ | H20: =IFERROR((((H13-H17)*(H14-H15))/(2*(H14-H15)))+H17,0) -> 0
B21: Remuneração de Capital (Implemento) | F21: R$/Mês | H21: =IFERROR(H20*(((1+H27)^(1/12))-1),0) -> 0
B22: Depreciação mensal | F22: R$/Mês | H22: =TRUNC(H25,2) -> 2201.95
B23: Taxa de valor residual | F23: % | H23: =VLOOKUP(B3,Tabela13[[#All],[Descrição]:[FONTE]],6,FALSE) -> 0.3
B24: Valor residual | F24: R$ | H24: =H23*H4 -> 67946.1
B25: Depreciação mensal | F25: R$/mês | H25: =((H4-H24)/((H5*12))) -> 2201.9569
B26: Remuneração mensal de capital | F26: R$/Mês | H26: =TRUNC(H29,2) -> #N/A
B27: Taxa de juros do mercado (a.a) | F27: % | H27: =VLOOKUP(B27,Tabela1[#All],11,FALSE) -> #N/A
B28: Investimento médio | F28: R$ | H28: =((((H5-H6)+1)*(H4-H24))/(2*(H5-H6)))+H24 -> 160428.29
B29: Remuneração de capital | F29: R$/mês | H29: =((1+H27)^(1/12)-1)*(H28) -> #N/A
B30: Impostos e seguros | F30: R$/Mês | H30: =TRUNC(H36,2) -> 777.38
B31: IPVA | F31: R$/Mês | G31: =IFERROR((H20+H28),IFERROR(H28,H20)) -> 160428.29 | H31: =(H32*G31) -> 3208.5658
B32: Alíquota IPVA - Caminhão | F32: % | H32: =VLOOKUP(B32,Tabela13[[#All],[Descrição]:[FONTE]],17,FALSE) -> 0.02
B33: Licenciamento | F33: R$ | H33: =VLOOKUP(B3,Tabela13[[#All],[Descrição]:[FONTE]],14,FALSE) -> 100
B34: Seguro obrigatório | F34: R$ | H34: =VLOOKUP(B3,Tabela13[[#All],[Descrição]:[FONTE]],15,FALSE) -> 20
B35: Seguro contra terceiros | F35: R$ | H35: =VLOOKUP(B3,Tabela13[[#All],[Descrição]:[FONTE]],16,FALSE) -> 6000
B36: Custo com Impostos e Seguros | F36: R$/mês | H36: =(H31+H33+H34+H35)/12 -> 777.38049
B37: Custo de operação | F37: R$/Mês | H37: =TRUNC(H40+H41,2) -> 7595.28
B38: Combustível - Diesel | F38: R$ | H38: =VLOOKUP(B38,Tabela13[[#All],[Descrição]:[FONTE]],17,FALSE) -> 3.836
B39: Custo com combustível por Km | F39: R$/Km | G39: =H9 -> 0.6 | H39: =G39*H38 -> 2.3016
B40: Custo com combustível por mês | F40: R$/Mês | G40: =H8 -> 3000 | H40: =H39*G40 -> 6904.8
B41: Custo com óleos, filtros e lubrificantes | F41: R$/Mês | G41: 0.1 | H41: =H40*G41 -> 690.48
B42: Pneus e recauchutagem | F42: R$/Mês | H42: =TRUNC(H52*H53,2) -> 592.27
B43: Pneu - Médio Toco | F43: R$ | H43: =VLOOKUP(B43,Tabela13[[#All],[Descrição]:[FONTE]],17,FALSE) -> 1557
B44: Câmara nova - Médio Toco | F44: R$ | H44: =VLOOKUP(B44,Tabela13[[#All],[Descrição]:[FONTE]],17,FALSE) -> 101.64
B45: Protetor novo - Médio Toco | F45: R$ | H45: =VLOOKUP(B45,Tabela13[[#All],[Descrição]:[FONTE]],17,FALSE) -> 101.64
B46: N° total de pneus do véiculo | F46: unid | H46: =VLOOKUP(B3,Tabela13[[#All],[Descrição]:[FONTE]],13,FALSE) -> 6
B47: N° total de pneus do implemento | F47: unid | H47: =IFERROR(VLOOKUP(B12,Tabela13[[#All],[Descrição]:[FONTE]],13,FALSE),0) -> 0
B48: Recauchutagem - Médio Toco | F48: R$ | H48: =VLOOKUP(B48,Tabela13[[#All],[Descrição]:[FONTE]],17,FALSE) -> 520
B49: Vida útil do pneu novo | F49: km | H49: =VLOOKUP(B43,Tabela13[[#All],[Descrição]:[FONTE]],4,FALSE) -> 30000
B50: Vida útil do pneu novo c/ recauchutagem | F50: km | H50: =VLOOKUP(B48,Tabela13[[#All],[Descrição]:[FONTE]],4,FALSE) -> 50000
B51: Coef. de perdas da carcaças antes da recauchutagem | F51: % | H51: 0.2
B52: Preço do pneus + recauchutagem p/ Km | F52: R$/Km | H52: =(((1+H51)*(H43+H44+H45)*(H46+H47))+(H48*(H46+H47)))/(H49+H50) -> 0.1974252
B53: Quilometragem rodada no mês | F53: Km | H53: =G40 -> 3000
B54: Manutenção | F54: R$/Mês | H54: =TRUNC(H56,2) -> 2831.08
B55: Coef. de manutenção | H55: =VLOOKUP(B3,Tabela13[[#All],[Descrição]:[FONTE]],12,FALSE) -> 0.9
B56: Custo de Manutenção | F56: R$/mês | H56: =(H4*H55)/(H5*12) -> 2831.0875
B57: Quantidade de veículos
B58: Custo mensal (R$/mês) | H58: =H57*H3 -> #N/A

Sheet VEÍCULOS
B3: Categoria | C3: Descrição | D3: Modelo | E3: Valor de Aquisição | F3: Vida Útil | G3: Idade de Utilização | H3: Taxa de Valor Residual (%) | I3: Potência (kWh) | J3: HTA | K3: Km/Mês | L3: Km/Ano | M3: Consumo Combustível Médio (L/KM) | N3: Coef. De Manutenção | O3: N° de Pneus | P3: Licenciamento | Q3: Seguro Obrigatório | R3: Seguro Contra Terceiros | S3: Cotação (R$) | T3: FONTE
B4: Equipamentos | C4: Geladeira | E4: 1453 | F4: 10 | H4: 0.1 | I4: 0.2 | N4: 0.05
B5: Implemento | C5: Compactador 19m³ | E5: 123200
B6: Implemento | C6: Compactador 15m³ | E6: 121000
B7: Implemento | C7: Pipa | E7: 47250
B8: Implemento | C8: Carroceria Gaiola | E8: 19500
B9: Implemento | C9: Caçamba Basculante | E9: 24000 | F9: 10 | H9: 0.4
B10: Implemento | C10: Poliguindaste Duplo | E10: 55750
B11: Implemento | C11: Carroceria Carga Seca | E11: 11200
B12: Implemento | C12: Julieta Roll on Roll Off | E12: 62500
B13: Insumo | C13: Alíquota IPVA - Caminhão | S13: 0.02 | T13: IPVA
B14: Insumo | C14: Alíquota IPVA - Motocicletas | S14: 0.02 | T14: IPVA
B15: Insumo | C15: Alíquota IPVA - Utilitário | S15: 0.035 | T15: IPVA
B16: Insumo | C16: Câmara nova - Pequeno 3/4 | S16: 150 | T16: Cotação
B17: Insumo | C17: Combustível - Diesel | S17: 3.836 | T17: ANP
B18: Insumo | C18: Combustível - Etanol | S18: 3.325 | T18: ANP
B19: Insumo | C19: Combustível - Gasolina | S19: 4.049 | T19: ANP
B20: Insumo | C20: Pneu - Pequeno 3/4 | S20: 650 | T20: Cotação
B21: Insumo | C21: Recauchutagem - Pequeno 3/4 | S21: 450 | T21: Cotação
B22: Insumo | C22: Pneu - Médio Toco | F22: 30000 | S22: =COTAÇÕES!M69 -> 1557 | T22: Cotação
B23: Insumo | C23: Pneu - Pesado Truck
B24: Insumo | C24: Protetor novo - Médio Toco | S24: =S26 -> 101.64
B25: Insumo | C25: Recauchutagem - Médio Toco | F25: 50000 | S25: 520
B26: Insumo | C26: Câmara nova - Médio Toco | S26: =COTAÇÕES!M95 -> 101.64
B27: Insumo | C27: Custo unitário do consumo de energia | S27: 0.6 | T27: Energisa
B28: Insumo | C28: Protetor novo - Pequeno 3/4 | S28: 150 | T28: Cotação
B29: Maquinário | C29: Trator de Esteira | E29: 755000
B30: Maquinário | C30: Escavaderia Hidráulica | E30: 480000
B31: Maquinário | C31: Retroescavadeira | E31: 255000
B32: Maquinário | C32: Trator Agrícola | E32: 115000
B33: Veículo | C33: Caminhão Pequeno 3/4 | E33: 150000
B34: Veículo | C34: Utilitário
B35: Veículo | C35: Picape
B36: Veículo | C36: Caminhão Médio Toco | D36: VW Worker 17190 | E36: 226487 | F36: 6 | H36: 0.4 | I36: 190 | J36: 2000 | K36: 3000 | L36: 36000 | M36: 0.6 | N36: 0.9 | O36: 7 | P36: 100 | Q36: 20 | R36: 5898.8
B37: Veículo | C37: Caminhão Truck | E37: 275000 | F37: 6 | H37: 0.3 | I37: 226 | J37: 2000 | K37: 3000 | L37: 36000 | M37: 0.6 | N37: 0.9 | O37: 10 | P37: 100 | Q37: 20 | R37: 8000
B38: Implemento | C38: Caçamba 5m³ | E38: 24000 | F38: 6 | H38: 0.3
